Workbook
Name _ftn1: '8'!$C$74
Name _ftnref1: '8'!#REF!
Name _GoBack: '15'!#REF!
Name _Ref479785257: '8'!#REF!
Name CURRENTYEAR: #REF!
Name CURRENTYEAR: #REF!
Name CURRENTYEAR: #REF!
Name LOOKUPMTH: #REF!
Name LOOKUPMTH: #REF!
Name LOOKUPMTH: #REF!
Name Month: #REF!
Name Month: #REF!
Name Month: #REF!
Name UnitFactor: [1]Cover!$Q$121

Sheet Texter och koder
A1: Språk:
A2: Svenska | B2: Klicka på plus-minustecknet ovan för att visa och dölja prognosår
A3: English | B3: Click the +/- sign above to show or hide forecast years

Sheet Innehåll_Content
A1: Energiindikatorer i siffror 2025 | B1: Energy indicators in figures 2025 | C1: =IF($E$2="Svenska",A1,B1) -> Energiindikatorer i siffror 2025 | E1: Välj språk/Choose language
A2: Innehållsförteckning | B2: Table of contents | C2: =IF($E$2="Svenska",A2,B2) -> Innehållsförteckning | E2: Svenska
A4: Indikatorer | B4: Indicators | C4: =IF($E$2="Svenska",A4,B4) -> Indikatorer
A6: Andelen fossilfri elproduktion | B6: Share of fossil free production of electricity | C6: 1 | D6: =IF($E$2="Svenska",A6,B6) -> Andelen fossilfri elproduktion
A7: Andelen energi från förnybara energikällor | B7: Share of energy from renewable sources | C7: 2 | D7: =IF($E$2="Svenska",A7,B7) -> Andelen energi från förnybara energikällor
A8: Utsläppsintensitet och förnybar andel för elproduktion per elområde | B8: Emission intensity of electricity in bidding zones | C8: 3 | D8: =IF($E$2="Svenska",A8,B8) -> Utsläppsintensitet och förnybar andel för elproduktion per elområde
A9: Andelen fossil och fossilfri energi | B9: Share of fossil and fossil free energy | C9: 4 | D9: =IF($E$2="Svenska",A9,B9) -> Andelen fossil och fossilfri energi
A10: Elektrifiering | B10: Electrification | C10: 5 | D10: =IF($E$2="Svenska",A10,B10) -> Elektrifiering
A11: Energiintensitet | B11: Energy intensity | C11: 6 | D11: =IF($E$2="Svenska",A11,B11) -> Energiintensitet
A12: Andelen förnybar energi i transportsektorn | B12: Share of renewable energy in the transport sector | C12: 7 | D12: =IF($E$2="Svenska",A12,B12) -> Andelen förnybar energi i transportsektorn
A13: Vägfordon och energieffektivitet i transportsektorn | B13: Road vehicles and energy efficiency in the transport sector | C13: 8 | D13: =IF($E$2="Svenska",A13,B13) -> Vägfordon och energieffektivitet i transportsektorn
A14: Energi- och elintensitet i industrin | B14: Industrial electricity and energy use per value added | C14: 9 | D14: =IF($E$2="Svenska",A14,B14) -> Energi- och elintensitet i industrin
A15: Energianvändning i byggnader | B15: Energy use in dwellings and non-residential premises | C15: 10 | D15: =IF($E$2="Svenska",A15,B15) -> Energianvändning i byggnader
A16: Kraftvärme | B16: Combined heat and power generation | C16: 11 | D16: =IF($E$2="Svenska",A16,B16) -> Kraftvärme
A17: Effektbalans | B17: Power balance | C17: 12 | D17: =IF($E$2="Svenska",A17,B17) -> Effektbalans
... A32: Jämställdhet | B32: Equality | C32: 28 | D32: =IF($E$2="Svenska",A32,B32) -> Jämställdhet

Sheet 1
A1: Tillbaka till innehåll | B1: Back to content | C1: =IF(Innehåll_Content!$E$2="Svenska",A1,B1) -> Tillbaka till innehåll | I1: =IF(Innehåll_Content!$E$2="Svenska",'Texter och koder'!B2,'Texter och koder'!B3) -> Klicka på plus-minustecknet ovan för att visa och dölja prognosår
A2: 1. Andelen fossilfri elproduktion | B2: 1. Share of fossilfree electricity production | C2: =IF(Innehåll_Content!$E$2="Svenska",A2,B2) -> 1. Andelen fossilfri elproduktion
A5: Förnybar elproduktion i förhållande till total elproduktion, procent, 1990- | B5: Share of electricity production from renewable sources, percent, 1990- | C5: =IF(Innehåll_Content!$E$2="Svenska",A5,B5) -> Förnybar elproduktion i förhållande till total elproduktion, procent, 1990-
D6: 2028 | E6: 2027 | F6: 2026 | G6: 2025 | H6: 2024 | I6: 2023 | J6: 2022 | K6: 2021 | L6: 2020 | M6: 2019 | N6: 2018 | O6: 2017 | P6: 2016 | Q6: 2015 | R6: 2014 | S6: 2013 | T6: 2012 | U6: 2011 | V6: 2010 | W6: 2009 | X6: 2008 | Y6: 2007 | Z6: 2006 | AA6: 2005 | AB6: 2004 | AC6: 2003 | AD6: 2002 | AE6: 2001 | AF6: 2000 | AG6: 1999 | AH6: 1998 | AI6: 1997 | AJ6: 1996 | AK6: 1995 | AL6: 1994 | AM6: 1993 | AN6: 1992 | AO6: 1991 | AP6: 1990
A7: Andel förnybar elproduktion i förhållande till total elproduktion | B7: Share of renewable electricity production | C7: =IF(Innehåll_Content!$E$2="Svenska",A7,B7) -> Andel förnybar elproduktion i förhållande till total elproduktion | D7: 0.71735248 | E7: 0.71390337 | F7: 0.7080902 | G7: 0.70337531 | H7: 0.70109995 | I7: 0.69912591 | J7: 0.68800129 | K7: 0.67860093 | L7: 0.69008001 | M7: 0.59138125 | N7: 0.56350189 | O7: 0.58424738 | P7: 0.57597303 | Q7: 0.63491403 | R7: 0.56159007 | S7: 0.54203065 | T7: 0.59214204 | U7: 0.56274544 | V7: 0.55654299 | W7: 0.58165646 | X7: 0.54543982 | Y7: 0.51860005 | Z7: 0.49482203 | AA7: 0.51402236 | AB7: 0.44892015 | AC7: 0.4356043 | AD7: 0.48860806 | AE7: 0.52059825 | AF7: 0.57331382 | AG7: 0.48685115 | AH7: 0.49500331 | AI7: 0.48917033 | AJ7: 0.38734424 | AK7: 0.48094637 | AL7: 0.43310638 | AM7: 0.53333685 | AN7: 0.52907394 | AO7: 0.44732048 | AP7: 0.51513875
A8: Vattenkraft | B8: Hydro power | C8: =IF(Innehåll_Content!$E$2="Svenska",A8,B8) -> Vattenkraft | D8: 0.35833087 | E8: 0.36272482 | F8: 0.3690181 | G8: 0.37264871 | H8: 0.37935648 | I8: 0.40255454 | J8: 0.4080689 | K8: 0.43616778 | L8: 0.44735231 | M8: 0.3925352 | N8: 0.38729583 | O8: 0.40301976 | P8: 0.40484011 | Q8: 0.47038142 | R8: 0.42215933 | S8: 0.40826789 | T8: 0.48256288 | U8: 0.45129384 | V8: 0.46031459 | W8: 0.48759949 | X8: 0.47084114 | Y8: 0.45308053 | Z8: 0.436277 | AA8: 0.46536868 | AB8: 0.40360148 | AC8: 0.40070951 | AD8: 0.45947128 | AE8: 0.49719555 | AF8: 0.54841633 | AG8: 0.46940215 | AH8: 0.47714779 | AI8: 0.47026028 | AJ8: 0.37409144 | AK8: 0.46642784 | AL8: 0.42066194 | AM8: 0.52097175 | AN8: 0.51675295 | AO8: 0.43705617 | AP8: 0.50412346
A9: Solkraft | B9: Solar power | C9: =IF(Innehåll_Content!$E$2="Svenska",A9,B9) -> Solkraft | D9: 0.048152264 | E9: 0.043326862 | F9: 0.03581385 | G9: 0.031271714 | H9: 0.024406536 | I9: 0.019025967 | J9: 0.011567608 | K9: 0.0066979457 | L9: 0.0050147219 | M9: 0.0027299195 | N9: 0.0016242472 | O9: 0.00087823115 | P9: 0.00093850931 | Q9: 0.00060959649 | R9: 0.00031291634 | S9: 0.00023450409 | T9: 0.00011624726 | U9: 8.8456513e-05 | V9: 0 | W9: 0 | X9: 0 | Y9: 0 | Z9: 0 | AA9: 0 | AB9: 0 | AC9: 0 | AD9: 0 | AE9: 0 | AF9: 0 | AG9: 0 | AH9: 0 | AI9: 0 | AJ9: 0 | AK9: 0 | AL9: 0 | AM9: 0 | AN9: 0 | AO9: 0 | AP9: 0
A10: Vindkraft | B10: Wind power | C10: =IF(Innehåll_Content!$E$2="Svenska",A10,B10) -> Vindkraft | D10: 0.2530669 | E10: 0.24967104 | F10: 0.24463614 | G10: 0.23937075 | H10: 0.23758053 | I10: 0.20899896 | J10: 0.19461245 | K10: 0.1613153 | L10: 0.17153222 | M10: 0.12010301 | N10: 0.10425158 | O10: 0.10980661 | P10: 0.10155217 | Q10: 0.10263928 | R10: 0.074883288 | S10: 0.065944038 | T10: 0.044097029 | U10: 0.04139953 | V10: 0.024050389 | W10: 0.018654507 | X10: 0.013687452 | Y10: 0.0098687661 | Z10: 0.0070437186 | AA10: 0.0060795145 | AB10: 0.005709599 | AC10: 0.0047690917 | AD10: 0.0042448609 | AE10: 0.0030560363 | AF10: 0.003219431 | AG10: 0.0023714539 | AH10: 0.0019906472 | AI10: 0.0013950437 | AJ10: 0.0010545213 | AK10: 0.00068687218 | AL10: 0.00052016522 | AM10: 0.00033990273 | AN10: 0.00021864334 | AO10: 9.1268376e-05 | AP10: 4.2337818e-05
A11: Biokraft | B11: Bio power | C11: =IF(Innehåll_Content!$E$2="Svenska",A11,B11) -> Biokraft | D11: 0.057802449 | E11: 0.058180645 | F11: 0.058622115 | G11: 0.060084132 | H11: 0.059756396 | I11: 0.068546453 | J11: 0.073752329 | K11: 0.074419909 | L11: 0.066180756 | M11: 0.076013126 | N11: 0.070330242 | O11: 0.07054278 | P11: 0.068642233 | Q11: 0.061283735 | R11: 0.06423454 | S11: 0.067584213 | T11: 0.065365884 | U11: 0.069963611 | V11: 0.07217801 | W11: 0.075402471 | X11: 0.060911232 | Y11: 0.055650761 | Z11: 0.05150131 | AA11: 0.042574164 | AB11: 0.039609071 | AC11: 0.030125696 | AD11: 0.024891915 | AE11: 0.020346667 | AF11: 0.021678053 | AG11: 0.015077545 | AH11: 0.015864877 | AI11: 0.01751501 | AJ11: 0.012198286 | AK11: 0.013831664 | AL11: 0.011924274 | AM11: 0.012025199 | AN11: 0.012102352 | AO11: 0.010173044 | AP11: 0.010972951
A14: Fossilfri elproduktion i förhållande till total elproduktion, procent, 1990- | B14: Share of electricity production from fossilfree sources, percent, 1990- | C14: =IF(Innehåll_Content!$E$2="Svenska",A14,B14) -> Fossilfri elproduktion i förhållande till total elproduktion, procent, 1990-
D15: 2028 | E15: 2027 | F15: 2026 | G15: 2025 | H15: 2024 | I15: 2023 | J15: 2022 | K15: 2021 | L15: 2020 | M15: 2019 | N15: 2018 | O15: 2017 | P15: 2016 | Q15: 2015 | R15: 2014 | S15: 2013 | T15: 2012 | U15: 2011 | V15: 2010 | W15: 2009 | X15: 2008 | Y15: 2007 | Z15: 2006 | AA15: 2005 | AB15: 2004 | AC15: 2003 | AD15: 2002 | AE15: 2001 | AF15: 2000 | AG15: 1999 | AH15: 1998 | AI15: 1997 | AJ15: 1996 | AK15: 1995 | AL15: 1994 | AM15: 1993 | AN15: 1992 | AO15: 1991 | AP15: 1990
A16: Andel fossilfri elproduktion i förhållande till total elproduktion | B16: Share of fossil free electricity production | C16: =IF(Innehåll_Content!$E$2="Svenska",A16,B16) -> Andel fossilfri elproduktion i förhållande till total elproduktion | D16: 0.98954365 | E16: 0.98943221 | F16: 0.98839948 | G16: 0.98792749 | H16: 0.98781185 | I16: 0.98543475 | J16: 0.98270464 | K16: 0.98204362 | L16: 0.98460188 | M16: 0.98069904 | N16: 0.97633256 | O16: 0.9771874 | P16: 0.97315199 | Q16: 0.97664614 | R16: 0.97609313 | S16: 0.96818041 | T16: 0.96996614 | U16: 0.95589323 | V16: 0.94027612 | W16: 0.95637381 | X16: 0.96461187 | Y16: 0.96168353 | Z16: 0.95795544 | AA16: 0.96353073 | AB16: 0.9527083 | AC16: 0.93030498 | AD16: 0.94625712 | AE16: 0.95941843 | AF16: 0.95916649 | AG16: 0.9518681 | AH16: 0.95066116 | AI16: 0.94901246 | AJ16: 0.90993279 | AK16: 0.94564663 | AL16: 0.93944388 | AM16: 0.94943445 | AN16: 0.95771362 | AO16: 0.9632255 | AP16: 0.97538611
A17: Vattenkraft | B17: Hydro power | C17: =IF(Innehåll_Content!$E$2="Svenska",A17,B17) -> Vattenkraft | D17: 0.35833087 | E17: 0.36272482 | F17: 0.3690181 | G17: 0.37264871 | H17: 0.37935648 | I17: 0.40255454 | J17: 0.4080689 | K17: 0.43616778 | L17: 0.44735231 | M17: 0.3925352 | N17: 0.38729583 | O17: 0.40301976 | P17: 0.40484011 | Q17: 0.47038142 | R17: 0.42215933 | S17: 0.40826789 | T17: 0.48256288 | U17: 0.45129384 | V17: 0.46031459 | W17: 0.48759949 | X17: 0.47084114 | Y17: 0.45308053 | Z17: 0.436277 | AA17: 0.46536868 | AB17: 0.40360148 | AC17: 0.40070951 | AD17: 0.45947128 | AE17: 0.49719555 | AF17: 0.54841633 | AG17: 0.46940215 | AH17: 0.47714779 | AI17: 0.47026028 | AJ17: 0.37409144 | AK17: 0.46642784 | AL17: 0.42066194 | AM17: 0.52097175 | AN17: 0.51675295 | AO17: 0.43705617 | AP17: 0.50412346
A18: Solkraft | B18: Solar power | C18: =IF(Innehåll_Content!$E$2="Svenska",A18,B18) -> Solkraft | D18: 0.048152264 | E18: 0.043326862 | F18: 0.03581385 | G18: 0.031271714 | H18: 0.024406536 | I18: 0.019025967 | J18: 0.011567608 | K18: 0.0066979457 | L18: 0.0050147219 | M18: 0.0027299195 | N18: 0.0016242472 | O18: 0.00087823115 | P18: 0.00093850931 | Q18: 0.00060959649 | R18: 0.00031291634 | S18: 0.00023450409 | T18: 0.00011624726 | U18: 8.8456513e-05 | V18: 0 | W18: 0 | X18: 0 | Y18: 0 | Z18: 0 | AA18: 0 | AB18: 0 | AC18: 0 | AD18: 0 | AE18: 0 | AF18: 0 | AG18: 0 | AH18: 0 | AI18: 0 | AJ18: 0 | AK18: 0 | AL18: 0 | AM18: 0 | AN18: 0 | AO18: 0 | AP18: 0
A19: Vindkraft | B19: Wind power | C19: =IF(Innehåll_Content!$E$2="Svenska",A19,B19) -> Vindkraft | D19: 0.2530669 | E19: 0.24967104 | F19: 0.24463614 | G19: 0.23937075 | H19: 0.23758053 | I19: 0.20899896 | J19: 0.19461245 | K19: 0.1613153 | L19: 0.17153222 | M19: 0.12010301 | N19: 0.10425158 | O19: 0.10980661 | P19: 0.10155217 | Q19: 0.10263928 | R19: 0.074883288 | S19: 0.065944038 | T19: 0.044097029 | U19: 0.04139953 | V19: 0.024050389 | W19: 0.018654507 | X19: 0.013687452 | Y19: 0.0098687661 | Z19: 0.0070437186 | AA19: 0.0060795145 | AB19: 0.005709599 | AC19: 0.0047690917 | AD19: 0.0042448609 | AE19: 0.0030560363 | AF19: 0.003219431 | AG19: 0.0023714539 | AH19: 0.0019906472 | AI19: 0.0013950437 | AJ19: 0.0010545213 | AK19: 0.00068687218 | AL19: 0.00052016522 | AM19: 0.00033990273 | AN19: 0.00021864334 | AO19: 9.1268376e-05 | AP19: 4.2337818e-05
A20: Biokraft | B20: Bio power | C20: =IF(Innehåll_Content!$E$2="Svenska",A20,B20) -> Biokraft | D20: 0.057802449 | E20: 0.058180645 | F20: 0.058622115 | G20: 0.060084132 | H20: 0.059756396 | I20: 0.068546453 | J20: 0.073752329 | K20: 0.074419909 | L20: 0.066180756 | M20: 0.076013126 | N20: 0.070330242 | O20: 0.07054278 | P20: 0.068642233 | Q20: 0.061283735 | R20: 0.06423454 | S20: 0.067584213 | T20: 0.065365884 | U20: 0.069963611 | V20: 0.07217801 | W20: 0.075402471 | X20: 0.060911232 | Y20: 0.055650761 | Z20: 0.05150131 | AA20: 0.042574164 | AB20: 0.039609071 | AC20: 0.030125696 | AD20: 0.024891915 | AE20: 0.020346667 | AF20: 0.021678053 | AG20: 0.015077545 | AH20: 0.015864877 | AI20: 0.01751501 | AJ20: 0.012198286 | AK20: 0.013831664 | AL20: 0.011924274 | AM20: 0.012025199 | AN20: 0.012102352 | AO20: 0.010173044 | AP20: 0.010972951
A21: Kärnkraft | B21: Nuclear power | C21: =IF(Innehåll_Content!$E$2="Svenska",A21,B21) -> Kärnkraft | D21: 0.27219117 | E21: 0.27552885 | F21: 0.28030928 | G21: 0.28455217 | H21: 0.28671189 | I21: 0.28630884 | J21: 0.29470335 | K21: 0.30344269 | L21: 0.29452187 | M21: 0.38931779 | N21: 0.41283067 | O21: 0.39294002 | P21: 0.39717896 | Q21: 0.34173211 | R21: 0.41450306 | S21: 0.42614976 | T21: 0.3778241 | U21: 0.3931478 | V21: 0.38373314 | W21: 0.37471735 | X21: 0.41917205 | Y21: 0.44308347 | Z21: 0.46313341 | AA21: 0.44950837 | AB21: 0.50378815 | AC21: 0.49470068 | AD21: 0.45764906 | AE21: 0.43882018 | AF21: 0.38585268 | AG21: 0.46501695 | AH21: 0.45565785 | AI21: 0.45984212 | AJ21: 0.52258854 | AK21: 0.46470025 | AL21: 0.50633749 | AM21: 0.4160976 | AN21: 0.42863968 | AO21: 0.51590502 | AP21: 0.46024736
A23: Källa: Energimyndigheten | B23: Source: The Swedish Energy Agency | C23: =IF(Innehåll_Content!$E$2="Svenska",A23,B23) -> Källa: Energimyndigheten

Sheet 2
A1: Tillbaka till innehåll | B1: Back to content | C1: =IF(Innehåll_Content!$E$2="Svenska",A1,B1) -> Tillbaka till innehåll
A2: 2. Andelen energi från förnybara energikällor | B2: 2. Share of energy from renewable energy sources | C2: =IF(Innehåll_Content!$E$2="Svenska",A2,B2) -> 2. Andelen energi från förnybara energikällor
A4: Andel förnybar energi i Sverige 2005–, procent, enligt förnybarthetsdirektivets beräkningsmetod | B4: Share of renewable energy in Sweden, 2005–, according to the calculation method in the renewable energy directive | C4: =IF(Innehåll_Content!$E$2="Svenska",A4,B4) -> Andel förnybar energi i Sverige 2005–, procent, enligt förnybarthetsdirektivets beräkningsmetod
D5: 2023 | E5: 2022 | F5: 2021 | G5: 2020 | H5: 2019 | I5: 2018 | J5: 2017 | K5: 2016 | L5: 2015 | M5: 2014 | N5: 2013 | O5: 2012 | P5: 2011 | Q5: 2010 | R5: 2009 | S5: 2008 | T5: 2007 | U5: 2006 | V5: 2005
A6: Totalt | B6: Total | C6: =IF(Innehåll_Content!$E$2="Svenska",A6,B6) -> Totalt | D6: 0.67705483 | E6: 0.6628703 | F6: 0.62526929 | G6: 0.60124273 | H6: 0.55785393 | I6: 0.53916113 | J6: 0.53389755 | K6: 0.52597146 | L6: 0.52220432 | M6: 0.51150767 | N6: 0.50153288 | O6: 0.49402701 | P6: 0.47632076 | Q6: 0.46099388 | R6: 0.47023557 | S6: 0.43921826 | T6: 0.43224045 | U6: 0.41734171 | V6: 0.39982143
A7: Värme, kyla, industri m.m. | B7: Heating, cooling, industry etc. | C7: =IF(Innehåll_Content!$E$2="Svenska",A7,B7) -> Värme, kyla, industri m.m. | D7: 0.69853782 | E7: 0.69810254 | F7: 0.68529563 | G7: 0.6638104 | H7: 0.64393689 | I7: 0.63301129 | J7: 0.6362026 | K7: 0.63412279 | L7: 0.6323519 | M7: 0.62565797 | N7: 0.61708185 | O7: 0.60635033 | P7: 0.58519428 | Q7: 0.57070093 | R7: 0.59203439 | S7: 0.55777718 | T7: 0.54465393 | U7: 0.52495588 | V7: 0.49022076
A8: El | B8: Electricity | C8: =IF(Innehåll_Content!$E$2="Svenska",A8,B8) -> El | D8: 0.87547447 | E8: 0.83372275 | F8: 0.75759948 | G8: 0.74494629 | H8: 0.71233517 | I8: 0.66228278 | J8: 0.65908592 | K8: 0.64869281 | L8: 0.65733445 | M8: 0.63213939 | N8: 0.61737302 | O8: 0.59779114 | P8: 0.59623862 | Q8: 0.55767192 | R8: 0.58252211 | S8: 0.53686608 | T8: 0.53210287 | U8: 0.51782511 | V8: 0.50899077
A9: Transporter | B9: Transports | C9: =IF(Innehåll_Content!$E$2="Svenska",A9,B9) -> Transporter | D9: 0.33645101 | E9: 0.28841112 | F9: 0.28677224 | G9: 0.31854277 | H9: 0.30309034 | I9: 0.29695598 | J9: 0.26842169 | K9: 0.26559872 | L9: 0.21489531 | M9: 0.18830994 | N9: 0.15315265 | O9: 0.13776766 | P9: 0.11938189 | Q9: 0.09626668 | R9: 0.093556872 | S9: 0.086931373 | T9: 0.084211332 | U9: 0.075093058 | V9: 0.065959852
A11: Källa: Energimyndigheten och Eurostat | B11: Source: The Swedish Energy Agency and Eurostat | C11: =IF(Innehåll_Content!$E$2="Svenska",A11,B11) -> Källa: Energimyndigheten och Eurostat
A14: Förnybar energi, TWh, 2005– | B14: Renewable energy, TWh, 2005– | C14: =IF(Innehåll_Content!$E$2="Svenska",A14,B14) -> Förnybar energi, TWh, 2005–
D15: 2023 | E15: 2022 | F15: 2021 | G15: 2020 | H15: 2019 | I15: 2018 | J15: 2017 | K15: 2016 | L15: 2015 | M15: 2014 | N15: 2013 | O15: 2012 | P15: 2011 | Q15: 2010 | R15: 2009 | S15: 2008 | T15: 2007 | U15: 2006 | V15: 2005
A16: Biobränslen | B16: Biofuels | C16: =IF(Innehåll_Content!$E$2="Svenska",A16,B16) -> Biobränslen | D16: 141.66027 | E16: 140.33152 | F16: 139.45586 | G16: 130.54858 | H16: 125.68401 | I16: 124.24829 | J16: 125.70605 | K16: 122.50015 | L16: 118.22187 | M16: 113.2756 | N16: 113.76576 | O16: 115.08967 | P16: 108.27199 | Q16: 114.04137 | R16: 103.94608 | S16: 100.81884 | T16: 100.04798 | U16: 94.613842 | V16: 88.701335
A17: Vattenkraft | B17: Hydropower | C17: =IF(Innehåll_Content!$E$2="Svenska",A17,B17) -> Vattenkraft | D17: 67.494256 | E17: 67.65082 | F17: 67.362868 | G17: 66.572423 | H17: 66.836851 | I17: 66.38074 | J17: 66.14493 | K17: 66.144742 | L17: 66.668366 | M17: 65.428316 | N17: 67.862575 | O17: 68.505803 | P17: 68.509348 | Q17: 68.28293 | R17: 68.325708 | S17: 67.202213 | T17: 68.720474 | U17: 67.943607 | V17: 68.420924
A18: Vindkraft | B18: Wind power | C18: =IF(Innehåll_Content!$E$2="Svenska",A18,B18) -> Vindkraft | D18: 38.073805 | E18: 33.837823 | F18: 28.707993 | G18: 24.527024 | H18: 20.763526 | I18: 18.095541 | J18: 17.256346 | K18: 15.784323 | L18: 14.120023 | M18: 11.069644 | N18: 9.0738513 | O18: 7.0789994 | P18: 5.2375877 | Q18: 3.4596883 | R18: 2.5145689 | S18: 1.8777923 | T18: 1.3280556 | U18: 1.0178792 | V18: 0.93042891
A19: Värmepumpar | B19: Heat pumps | C19: =IF(Innehåll_Content!$E$2="Svenska",A19,B19) -> Värmepumpar | D19: 19.414372 | E19: 19.393576 | F19: 18.964278 | G19: 18.270451 | H19: 18.11315 | I19: 16.878084 | J19: 16.0422 | K19: 16.146955 | L19: 14.185957 | M19: 14.101668 | N19: 14.247182 | O19: 14.161407 | P19: 13.529028 | Q19: 10.677115 | R19: 10.668587 | S19: 9.7983525 | T19: 9.1429633 | U19: 8.0525345 | V19: 6.8142496
A20: Solenergi | B20: Solar energy | C20: =IF(Innehåll_Content!$E$2="Svenska",A20,B20) -> Solenergi | D20: 3.2248333 | E20: 2.0938889 | F20: 1.6440556 | G20: 1.1721111 | H20: 0.80288889 | I20: 0.53394444 | J20: 0.35888889 | K20: 0.273 | L20: 0.22811111 | M20: 0.177 | N20: 0.165 | O20: 0.14788889 | P20: 0.13905556 | Q20: 0.1286 | R20: 0.122 | S20: 0.114 | T20: 0.103139 | U20: 0.069374444 | V20: 0.070738111
A21: Totalt | B21: Total | C21: =IF(Innehåll_Content!$E$2="Svenska",A21,B21) -> Totalt | D21: 269.86754 | E21: 263.30763 | F21: 256.13506 | G21: 241.09059 | H21: 232.20043 | I21: 226.1366 | J21: 225.50842 | K21: 220.84918 | L21: 213.42432 | M21: 204.05223 | N21: 205.11437 | O21: 204.98376 | P21: 195.68701 | Q21: 196.58971 | R21: 185.57695 | S21: 179.8112 | T21: 179.34261 | U21: 171.69724 | V21: 164.93768
A23: Statistisk överföring till Norge | B23: Statistic transfer to Norway | C23: =IF(Innehåll_Content!$E$2="Svenska",A23,B23) -> Statistisk överföring till Norge | G23: 2.644 | H23: 5.8715 | I23: 5.0194999 | J23: 5.362 | K23: 5.0075 | L23: 4.042 | M23: 2.578 | N23: 1.684 | O23: 0.3514586
A24: Förnybar energi i målberäkning | B24: Renewable energy in target calculation | C24: =IF(Innehåll_Content!$E$2="Svenska",A24,B24) -> Förnybar energi i målberäkning | D24: 269.86754 | E24: 263.30763 | F24: 256.13506 | G24: 238.44659 | H24: 226.32893 | I24: 221.1171 | J24: 220.14642 | K24: 215.84168 | L24: 209.38232 | M24: 201.47423 | N24: 203.43037 | O24: 204.63231 | P24: 195.68701 | Q24: 196.58971 | R24: 185.57695 | S24: 179.8112 | T24: 179.34261 | U24: 171.69724 | V24: 164.93768
A25: Total energianvändning | B25: Total energy use | C25: =IF(Innehåll_Content!$E$2="Svenska",A25,B25) -> Total energianvändning | D25: 398.59038 | E25: 397.22346 | F25: 409.20773 | G25: 395.82273 | H25: 405.7136 | I25: 410.1132 | J25: 412.33832 | K25: 410.36766 | L25: 400.95862 | M25: 393.8831 | N25: 405.61721 | O25: 414.21279 | P25: 410.83032 | Q25: 426.59753 | R25: 394.78028 | S25: 409.38916 | T25: 414.91399 | U25: 411.40685 | V25: 412.52835
A27: Källa: Energimyndigheten och Eurostat | B27: Source: The Swedish Energy Agency and Eurostat | C27: =IF(Innehåll_Content!$E$2="Svenska",A27,B27) -> Källa: Energimyndigheten och Eurostat
A30: Biobränsleanvändning, TWh, 2005– | B30: Consumption of biofuels, TWh, 2005– | C30: =IF(Innehåll_Content!$E$2="Svenska",A30,B30) -> Biobränsleanvändning, TWh, 2005–
D31: 2023 | E31: 2022 | F31: 2021 | G31: 2020 | H31: 2019 | I31: 2018 | J31: 2017 | K31: 2016 | L31: 2015 | M31: 2014 | N31: 2013 | O31: 2012 | P31: 2011 | Q31: 2010 | R31: 2009 | S31: 2008 | T31: 2007 | U31: 2006 | V31: 2005
A32: Elproduktion | B32: Electricity generation | C32: =IF(Innehåll_Content!$E$2="Svenska",A32,B32) -> Elproduktion | D32: 11.657157 | E32: 13.071624 | F32: 13.090696 | G32: 11.152 | H32: 13.004 | I32: 11.861 | J32: 12.039 | K32: 11.441078 | L32: 10.737 | M32: 10.647 | N32: 11.331 | O32: 12.189 | P32: 11.534 | Q32: 12.191233 | R32: 11.46041 | S32: 10.337182 | T32: 9.835833 | U32: 8.359192 | V32: 7.48981
A33: Fjärrvärmeproduktion | B33: Heat generation | C33: =IF(Innehåll_Content!$E$2="Svenska",A33,B33) -> Fjärrvärmeproduktion | D33: 38.907308 | E33: 38.404337 | F33: 40.751228 | G33: 32.971944 | H33: 36.177778 | I33: 35.390833 | J33: 36.197778 | K33: 35.4625 | L33: 34.398889 | M33: 33.296111 | N33: 33.79 | O33: 34.310556 | P33: 28.804167 | Q33: 37.926667 | R33: 31.501389 | S33: 31.492222 | T33: 30.455278 | U33: 29.565278 | V33: 29.130278
A34: Industri | B34: Industry | C34: =IF(Innehåll_Content!$E$2="Svenska",A34,B34) -> Industri | D34: 57.133333 | E34: 53.018333 | F34: 51.822222 | G34: 57.618611 | H34: 49.039444 | I34: 48.162778 | J34: 48.388333 | K34: 49.636389 | L34: 49.787222 | M34: 47.740278 | N34: 48.531389 | O34: 46.909167 | P34: 47.434167 | Q34: 49.206389 | R34: 46.820556 | S34: 44.93 | T34: 47.4725 | U34: 45.643889 | V34: 41.298056
A35: Bostäder m.m. | B35: Residential, services etc. | C35: =IF(Innehåll_Content!$E$2="Svenska",A35,B35) -> Bostäder m.m. | D35: 15.642269 | E35: 16.34348 | F35: 16.90751 | G35: 12.4525 | H35: 11.321667 | I35: 11.391667 | J35: 13.081389 | K35: 13.116944 | L35: 12.710278 | M35: 12.625278 | N35: 13.156389 | O35: 15.67 | P35: 15.239167 | Q35: 9.7180142 | R35: 9.5663248 | S35: 9.7324097 | T35: 8.693276 | U35: 8.3258614 | V35: 8.849619
A36: Transporter | B36: Transports | C36: =IF(Innehåll_Content!$E$2="Svenska",A36,B36) -> Transporter | D36: 18.320207 | E36: 19.493749 | F36: 16.884204 | G36: 16.353525 | H36: 16.141121 | I36: 17.442011 | J36: 15.999554 | K36: 12.843244 | L36: 10.588478 | M36: 8.966933 | N36: 6.9569862 | O36: 6.0109442 | P36: 5.2604906 | Q36: 4.9990722 | R36: 4.5974028 | S36: 4.3270243 | T36: 3.5910913 | U36: 2.7196219 | V36: 1.9335728
A37: Totalt | B37: Total | C37: =IF(Innehåll_Content!$E$2="Svenska",A37,B37) -> Totalt | D37: 141.66027 | E37: 140.33152 | F37: 139.45586 | G37: 130.54858 | H37: 125.68401 | I37: 124.24829 | J37: 125.70605 | K37: 122.50015 | L37: 118.22187 | M37: 113.2756 | N37: 113.76576 | O37: 115.08967 | P37: 108.27199 | Q37: 114.04137 | R37: 103.94608 | S37: 100.81884 | T37: 100.04798 | U37: 94.613842 | V37: 88.701335
A39: Källa: Energimyndigheten och Eurostat | B39: Source: The Swedish Energy Agency and Eurostat | C39: =IF(Innehåll_Content!$E$2="Svenska",A39,B39) -> Källa: Energimyndigheten och Eurostat

Sheet 3
A1: Tillbaka till innehåll | B1: Back to content | C1: =IF(Innehåll_Content!$E$2="Svenska",A1,B1) -> Tillbaka till innehåll
A2: 3. Utsläppsintensitet och förnybar el per elområde | B2: 3. Emission intensity and renewable electricity by bidding zones | C2: =IF(Innehåll_Content!$E$2="Svenska",A2,B2) -> 3. Utsläppsintensitet och förnybar el per elområde
A4: Utsläppsintensitet per elområde, gCO2eq/MJ, 2021-2023 | B4: Emission intensity of electricity in bidding zones, gCO2eq/MJ, 2021-2023 | C4: =IF(Innehåll_Content!$E$2="Svenska",A4,B4) -> Utsläppsintensitet per elområde, gCO2eq/MJ, 2021-2023
D6: 2023 | E6: 2022 | F6: 2021
C7: SE1 | D7: 7 | E7: 6 | F7: 8
C8: SE2 | D8: <1 | E8: <1 | F8: <1
C9: SE3 | D9: 5 | E9: 6 | F9: 5.6
C10: SE4 | D10: 5 | E10: 11 | F10: 9.2
A12: Källa: Beräknat av inrapporterad data till den officiella statistiken | B12: Source: Calculated from reported data to the official statistics | C12: =IF(Innehåll_Content!$E$2="Svenska",A12,B12) -> Källa: Beräknat av inrapporterad data till den officiella statistiken
A14: Förnybar elproduktion per elområde, procent, 2021-2023 | B14: Share of renewable electricity production in bidding zones, percent, 2021-2023 | C14: =IF(Innehåll_Content!$E$2="Svenska",A14,B14) -> Förnybar elproduktion per elområde, procent, 2021-2023
D16: 2023 | E16: 2022 | F16: 2021
C17: SE1 | D17: 2.3683664 | E17: 2.3027785 | F17: 2.1868996
C18: SE2 | D18: 3.2863115 | E18: 3.1702491 | F18: 3.0448091
C19: SE3 | D19: 0.32566878 | E19: 0.31947207 | F19: 0.30263186
C20: SE4 | D20: 0.47067557 | E20: 0.417404 | F20: 0.34042182
A22: Källa: Energimyndighetens beräkningar på Årlig energistatistik (el, gas och fjärrvärme) och Månatlig elstatistik per elområde | B22: Source: The Swedish Energy Agency's calculations on Annual energy statistics (electricity, gas and district heating) and Monthly electricity statistics per electricity area | C22: =IF(Innehåll_Content!$E$2="Svenska",A22,B22) -> Källa: Energimyndighetens beräkningar på Årlig energistatistik (el, gas och fjärrvärme) och Månatlig elstatistik per elområde

Sheet 4
A1: Tillbaka till innehåll | B1: Back to content | C1: =IF(Innehåll_Content!$E$2="Svenska",A1,B1) -> Tillbaka till innehåll | I1: =IF(Innehåll_Content!$E$2="Svenska",'Texter och koder'!B2,'Texter och koder'!B3) -> Klicka på plus-minustecknet ovan för att visa och dölja prognosår
A2: 4. Andel fossil och fossilfri energi | B2: 4. Share of fossil and fossil free energy | C2: =IF(Innehåll_Content!$E$2="Svenska",A2,B2) -> 4. Andel fossil och fossilfri energi
A4: Fossilt bränsle i förhållande till total tillförd energi, exklusive icke energiändamål 1983–, TWh | B4: Fossil fuels in relation to total energy supply, excluding non energy use, 1983–2022, TWh | C4: =IF(Innehåll_Content!$E$2="Svenska",A4,B4) -> Fossilt bränsle i förhållande till total tillförd energi, exklusive icke energiändamål 1983–, TWh
D5: 2028 | E5: 2027 | F5: 2026 | G5: 2025 | H5: 2024 | I5: 2023 | J5: 2022 | K5: 2021 | L5: 2020 | M5: 2019 | N5: 2018 | O5: 2017 | P5: 2016 | Q5: 2015 | R5: 2014 | S5: 2013 | T5: 2012 | U5: 2011 | V5: 2010 | W5: 2009 | X5: 2008 | Y5: 2007 | Z5: 2006 | AA5: 2005 | AB5: 2004 | AC5: 2003 | AD5: 2002 | AE5: 2001 | AF5: 2000 | AG5: 1999 | AH5: 1998 | AI5: 1997 | AJ5: 1996 | AK5: 1995 | AL5: 1994 | AM5: 1993 | AN5: 1992 | AO5: 1991 | AP5: 1990 | AQ5: 1989 | AR5: 1988 | AS5: 1987 | AT5: 1986 | AU5: 1985 | AV5: 1984 | AW5: 1983
A6: Biobränslen | B6: Biofuels | C6: =IF(Innehåll_Content!$E$2="Svenska",A6,B6) -> Biobränslen | D6: 135.93851 | E6: 136.87995 | F6: 136.8042 | G6: 135.23695 | H6: 133.18732 | I6: 149.56161 | J6: 153.52278 | K6: 151.48889 | L6: 140.70056 | M6: 145.02917 | N6: 140.84778 | O6: 142.23833 | P6: 138.76722 | Q6: 133.38333 | R6: 129.91056 | S6: 129.39806 | T6: 128.48944 | U6: 122.87611 | V6: 127.11833 | W6: 118.70639 | X6: 115.67228 | Y6: 113.50181 | Z6: 109.12949 | AA6: 105.14543 | AB6: 96.3408 | AC6: 96.081566 | AD6: 91.154511 | AE6: 86.479743 | AF6: 83.588179 | AG6: 82.865108 | AH6: 82.17056 | AI6: 83.422217 | AJ6: 81.116447 | AK6: 77.331062 | AL6: 71.783924 | AM6: 68.44115 | AN6: 65.063645 | AO6: 63.668679 | AP6: 61.282817 | AQ6: 61.875565 | AR6: 62.650858 | AS6: 61.344702 | AT6: 60.949796 | AU6: 60.612485 | AV6: 57.574882 | AW6: 51.745618
A7: Kol och koks | B7: Coal and coke | C7: =IF(Innehåll_Content!$E$2="Svenska",A7,B7) -> Kol och koks | D7: 14.876241 | E7: 14.4632 | F7: 16.809952 | G7: 17.580592 | H7: 17.426154 | I7: 15.593239 | J7: 16.987222 | K7: 19.106944 | L7: 17.640278 | M7: 19.298889 | N7: 22.136389 | O7: 21.187778 | P7: 21.094167 | Q7: 20.555278 | R7: 21.248889 | S7: 21.890833 | T7: 21.270556 | U7: 23.129722 | V7: 23.8075 | W7: 17.2375 | X7: 23.093333 | Y7: 25.939167 | Z7: 26.674444 | AA7: 25.483611 | AB7: 26.958889 | AC7: 25.8225 | AD7: 26.260833 | AE7: 26.0575 | AF7: 24.213056 | AG7: 25.361111 | AH7: 25.026944 | AI7: 25.710278 | AJ7: 30.6025 | AK7: 28.455278 | AL7: 27.570278 | AM7: 28.415556 | AN7: 27.506111 | AO7: 28.668056 | AP7: 31.5625 | AQ7: 30.960833 | AR7: 32.390556 | AS7: 34.128611 | AT7: 34.602778 | AU7: 36.248056 | AV7: 28.577222 | AW7: 24.566944
A8: Råolja och petroleumprodukter | B8: Crude oil and petroleum products | C8: =IF(Innehåll_Content!$E$2="Svenska",A8,B8) -> Råolja och petroleumprodukter | D8: 105.50125 | E8: 109.26315 | F8: 111.54423 | G8: 114.77779 | H8: 117.92228 | I8: 104.30659 | J8: 104.35333 | K8: 108.41222 | L8: 104.02 | M8: 113.39222 | N8: 112.65944 | O8: 122.88389 | P8: 128.57833 | Q8: 120.18611 | R8: 134.61806 | S8: 134.77917 | T8: 143.88333 | U8: 150.525 | V8: 156.44722 | W8: 143.80361 | X8: 154.9075 | Y8: 148.83194 | Z8: 162.77611 | AA8: 164.22528 | AB8: 176.77361 | AC8: 174.12124 | AD8: 173.79002 | AE8: 163.27661 | AF8: 168.00338 | AG8: 174.10238 | AH8: 175.98066 | AI8: 173.80507 | AJ8: 187.80229 | AK8: 176.11327 | AL8: 170.88544 | AM8: 160.94208 | AN8: 165.15458 | AO8: 169.5526 | AP8: 167.59601 | AQ8: 189.13194 | AR8: 195.90028 | AS8: 195.94028 | AT8: 200.32472 | AU8: 199.71611 | AV8: 190.75556 | AW8: 202.06472
A9: Natur- och stadsgas | B9: Natural gas and gaswork gases | C9: =IF(Innehåll_Content!$E$2="Svenska",A9,B9) -> Natur- och stadsgas | D9: 8.1013617 | E9: 8.0132536 | F9: 7.8058964 | G9: 7.5901936 | H9: 7.6909878 | I9: 9.7489882 | J9: 9.0336111 | K9: 12.006667 | L9: 11.183333 | M9: 11.589167 | N9: 11.298889 | O9: 10.684444 | P9: 11.098889 | Q9: 10.373056 | R9: 9.3375 | S9: 11.373889 | T9: 11.834444 | U9: 13.574167 | V9: 17.186667 | W9: 12.772222 | X9: 9.5669444 | Y9: 10.536667 | Z9: 10.209722 | AA9: 9.7525 | AB9: 10.285556 | AC9: 10.330278 | AD9: 9.3238889 | AE9: 9.1619444 | AF9: 8.1208333 | AG9: 8.3036111 | AH9: 8.7386111 | AI9: 8.3591667 | AJ9: 8.4661111 | AK9: 7.9022222 | AL9: 7.8927778 | AM9: 7.9508333 | AN9: 8.0891667 | AO9: 7.1711111 | AP9: 6.7066667 | AQ9: 5.3675 | AR9: 4.0283333 | AS9: 3.1536111 | AT9: 2.3436111 | AU9: 0.8425 | AV9: 0 | AW9: 0
A10: Övriga bränslen | B10: Other fuels | C10: =IF(Innehåll_Content!$E$2="Svenska",A10,B10) -> Övriga bränslen | D10: 12.278755 | E10: 12.180244 | F10: 12.088258 | G10: 11.997563 | H10: 11.820137 | I10: 12.135271 | J10: 13.393333 | K10: 14.324167 | L10: 13.308056 | M10: 13.810833 | N10: 13.890278 | O10: 13.188056 | P10: 12.916389 | Q10: 10.894167 | R10: 10.827222 | S10: 10.841111 | T10: 10.9175 | U10: 11.670556 | V10: 11.737222 | W10: 9.8711111 | X10: 10.543056 | Y10: 9.3677778 | Z10: 8.1636111 | AA10: 8.7933333 | AB10: 11.607654 | AC10: 9.5538666 | AD10: 8.731311 | AE10: 7.5144998 | AF10: 7.3131446 | AG10: 6.8834577 | AH10: 9.3961535 | AI10: 6.8717023 | AJ10: 7.3072526 | AK10: 7.3703272 | AL10: 6.9744098 | AM10: 7.0563495 | AN10: 6.7277442 | AO10: 6.788265 | AP10: 5.4732939 | AQ10: 4.5899909 | AR10: 4.0935865 | AS10: 4.0508534 | AT10: 3.9407591 | AU10: 2.7966815 | AV10: 2.2242847 | AW10: 1.5254929
A11: Kärnbränsle | B11: Nuclear fuel | C11: =IF(Innehåll_Content!$E$2="Svenska",A11,B11) -> Kärnbränsle | D11: 147.81375 | E11: 147.81375 | F11: 147.81375 | G11: 145.40787 | H11: 141.30415 | I11: 135.62438 | J11: 145.20917 | K11: 150.28667 | L11: 138.12417 | M11: 180.945 | N11: 193.93917 | O11: 183.73611 | P11: 177.77778 | Q11: 155.35083 | R11: 181.75833 | S11: 189.17167 | T11: 187.50333 | U11: 171.125 | V11: 166.44694 | W11: 149.42833 | X11: 183.60806 | Y11: 191.40083 | Z11: 193.84722 | AA11: 209.62028 | AB11: 227.06412 | AC11: 199.64058 | AD11: 200.69891 | AE11: 214.07341 | AF11: 168.30936 | AG11: 213.37561 | AH11: 218.05087 | AI11: 205.97893 | AJ11: 224.44737 | AK11: 207.31638 | AL11: 217.35307 | AM11: 182.18395 | AN11: 188.27807 | AO11: 228.44809 | AP11: 202.39689 | AQ11: 196.3144 | AR11: 206.6651 | AS11: 199.83829 | AT11: 202.16429 | AU11: 172.78691 | AV11: 151.50401 | AW11: 123.6269
A12: Primär värme | B12: Primary heat | C12: =IF(Innehåll_Content!$E$2="Svenska",A12,B12) -> Primär värme | D12: 5.1615781 | E12: 5.1392299 | F12: 5.1156299 | G12: 5.0906176 | H12: 5.0493502 | I12: 5.2366742 | J12: 4.1522222 | K12: 4.5338889 | L12: 4.705 | M12: 4.2952778 | N12: 4.3552778 | O12: 4.3469444 | P12: 4.4913889 | Q12: 4.9258333 | R12: 5.0291667 | S12: 4.4608333 | T12: 5.7927778 | U12: 5.0566667 | V12: 5.4238889 | W12: 5.1944444 | X12: 5.6975 | Y12: 5.7886111 | Z12: 5.8388889 | AA12: 6.1936111 | AB12: 6.6769444 | AC12: 6.6238889 | AD12: 7.69 | AE12: 7.5961111 | AF12: 7.4838889 | AG12: 7.5238889 | AH12: 7.3680556 | AI12: 6.1088889 | AJ12: 6.9161111 | AK12: 6.9669444 | AL12: 6.925 | AM12: 7.2130556 | AN12: 6.9130556 | AO12: 7.3869444 | AP12: 7.0830556 | AQ12: 6.8311111 | AR12: 6.9222222 | AS12: 6.9069444 | AT12: 5.2819444 | AU12: 3.2111111 | AV12: 1.9180556 | AW12: 0.71305556
A13: Vattenkraft | B13: Hydro power | C13: =IF(Innehåll_Content!$E$2="Svenska",A13,B13) -> Vattenkraft | D13: 67.444 | E13: 67.444 | F13: 67.444 | G13: 66 | H13: 64.8 | I13: 66.090901 | J13: 69.808056 | K13: 73.794167 | L13: 72.286111 | M13: 65.297222 | N13: 62.1475 | O13: 65.062778 | P13: 62.133889 | Q13: 75.3125 | R13: 63.763056 | S13: 61.361111 | T13: 78.939444 | U13: 67.063333 | V13: 67.175556 | W13: 65.539444 | X13: 69.279444 | Y13: 66.169722 | Z13: 61.615556 | AA13: 72.403333 | AB13: 60.588 | AC13: 53.471 | AD13: 66.358 | AE13: 79.061 | AF13: 78.584 | AG13: 71.691 | AH13: 74.74 | AI13: 69.216 | AJ13: 51.74 | AK13: 68.102 | AL13: 59.1 | AM13: 74.651 | AN13: 74.332 | AO13: 63.236 | AP13: 72.503 | AQ13: 71.751 | AR13: 69.883 | AS13: 71.854 | AT13: 60.933 | AU13: 70.987 | AV13: 67.911 | AW13: 63.547
A14: Vindkraft | B14: Wind power | C14: =IF(Innehåll_Content!$E$2="Svenska",A14,B14) -> Vindkraft | D14: 47.3 | E14: 46.1 | F14: 44.4 | G14: 42.1 | H14: 40.3 | I14: 34.07461 | J14: 33.06 | K14: 27.108333 | L14: 27.526111 | M14: 19.846667 | N14: 16.616667 | O14: 17.608611 | P14: 15.479444 | Q14: 16.322778 | R14: 11.234167 | S14: 9.8422222 | T14: 7.1652778 | U14: 6.1102778 | V14: 3.4863889 | W14: 2.4902778 | X14: 2.0005556 | Y14: 1.4316667 | Z14: 0.98833333 | AA14: 0.93944444 | AB14: 0.85 | AC14: 0.631 | AD14: 0.608 | AE14: 0.482 | AF14: 0.457 | AG14: 0.358 | AH14: 0.308 | AI14: 0.203 | AJ14: 0.144 | AK14: 0.099 | AL14: 0.072 | AM14: 0.048 | AN14: 0.031 | AO14: 0.013 | AP14: 0.006 | AQ14: 0 | AR14: 0 | AS14: 0 | AT14: 0 | AU14: 0 | AV14: 0 | AW14: 0
A15: Solkraft | B15: Solar power | C15: =IF(Innehåll_Content!$E$2="Svenska",A15,B15) -> Solkraft | D15: 9 | E15: 8 | F15: 6.5 | G15: 5.5 | H15: 4.14 | I15: 3.101941 | J15: 1.965 | K15: 1.1255556 | L15: 0.80472222 | M15: 0.45111111 | N15: 0.25888889 | O15: 0.14083333 | P15: 0.14305556 | Q15: 0.096944444 | R15: 0.046944444 | S15: 0.035 | T15: 0.018888889 | U15: 0.013055556 | V15: 0 | W15: 0 | X15: 0 | Y15: 0 | Z15: 0 | AA15: 0 | AB15: 0 | AC15: 0 | AD15: 0 | AE15: 0 | AF15: 0 | AG15: 0 | AH15: 0 | AI15: 0 | AJ15: 0 | AK15: 0 | AL15: 0 | AM15: 0 | AN15: 0 | AO15: 0 | AP15: 0 | AQ15: 0 | AR15: 0 | AS15: 0 | AT15: 0 | AU15: 0 | AV15: 0 | AW15: 0
A16: Import-export el | B16: Import-export electricity | C16: =IF(Innehåll_Content!$E$2="Svenska",A16,B16) -> Import-export el | D16: -39.277527 | E16: -43.381576 | F16: -44.043464 | G16: -42.010137 | H16: -33.210251 | I16: -28.514 | J16: -33.226111 | K16: -25.568889 | L16: -24.996944 | M16: -26.160556 | N16: -17.223056 | O16: -18.9925 | P16: -11.734722 | Q16: -22.600556 | R16: -15.622222 | S16: -9.9605556 | T16: -19.574444 | U16: -7.2330556 | V16: 2.0788889 | W16: 4.685 | X16: -1.9608333 | Y16: 1.3161111 | Z16: 6.0511111 | AA16: -7.3936111 | AB16: -2.104 | AC16: 12.829 | AD16: 5.356 | AE16: -7.29 | AF16: 4.677 | AG16: -7.482 | AH16: -10.697 | AI16: -2.708 | AJ16: 6.139 | AK16: -1.714 | AL16: 0.261 | AM16: -0.586 | AN16: -2.156 | AO16: -1.294 | AP16: -1.768 | AQ16: -0.473 | AR16: -2.607 | AS16: -4.17 | AT16: -4.659 | AU16: -1.509 | AV16: 0.386 | AW16: 4.936
A17: Total tillförd energi | B17: Total energy supply | C17: =IF(Innehåll_Content!$E$2="Svenska",A17,B17) -> Total tillförd energi | D17: 512.95672 | E17: 510.64 | F17: 510.90161 | G17: 507.79137 | H17: 506.97358 | I17: 506.96021 | J17: 518.25861 | K17: 536.61861 | L17: 505.30139 | M17: 547.795 | N17: 560.92722 | O17: 562.08528 | P17: 560.74583 | Q17: 524.80028 | R17: 552.15167 | S17: 563.19333 | T17: 576.24056 | U17: 563.91083 | V17: 580.90861 | W17: 529.72833 | X17: 572.40783 | Y17: 574.28431 | Z17: 585.29449 | AA17: 595.1632 | AB17: 615.04157 | AC17: 589.10492 | AD17: 589.97148 | AE17: 586.41282 | AF17: 550.74984 | AG17: 582.98217 | AH17: 591.08285 | AI17: 576.96725 | AJ17: 604.68108 | AK17: 577.94248 | AL17: 568.8179 | AM17: 536.31597 | AN17: 539.93938 | AO17: 573.63874 | AP17: 552.84224 | AQ17: 566.34934 | AR17: 579.92693 | AS17: 573.04729 | AT17: 565.8819 | AU17: 545.69185 | AV17: 500.85101 | AW17: 472.72573
... A21: Andel fossilfria bränslen | B21: Fossil free share | C21: =IF(Innehåll_Content!$E$2="Svenska",A21,B21) -> Andel fossilfria bränslen | D21: 0.83981306 | E21: 0.83991655 | F21: 0.83230024 | G21: 0.81902815 | H21: 0.79866698 | I21: 0.80900847 | J21: 0.8155307 | K21: 0.79575033 | L21: 0.7838578 | M21: 0.79319763 | N21: 0.78056607 | O21: 0.77621596 | P21: 0.74910173 | Q21: 0.77034848 | R21: 0.7445427 | S21: 0.7322938 | T21: 0.73635156 | U21: 0.68897686 | V21: 0.66550281 | W21: 0.67307129 | X21: 0.69404297 | Y21: 0.69769212 | Z21: 0.66968341 | AA21: 0.69819633 | AB21: 0.66451949 | AC21: 0.6301334 | AD21: 0.64979033 | AE21: 0.6922073 | AF21: 0.63900932 | AG21: 0.66556166 | AH21: 0.67352768 | AI21: 0.65748863 | AJ21: 0.62331317 | AK21: 0.6461454 | AL21: 0.64730948 | AM21: 0.64321898 | AN21: 0.64348892 | AO21: 0.65332843 | AP21: 0.64833633 | AQ21: 0.6152853 | AR21: 0.6186133 | AS21: 0.61439376 | AT21: 0.60375498 | AU21: 0.58115921 | AV21: 0.5788141 | AW21: 0.52782743
A23: Källa: SCB och Energimyndigheten | B23: Source: Statistics Sweden and The Swedish Energy Agency | C23: =IF(Innehåll_Content!$E$2="Svenska",A23,B23) -> Källa: SCB och Energimyndigheten
A25: Anm. Olja som bunkras för utrikes sjöfart samt bränslen för icke energiändamål är ej inkluderade. | B25: Note: International marine bunkers and fuels for non-energy purposes are not included | C25: =IF(Innehåll_Content!$E$2="Svenska",A25,B25) -> Anm. Olja som bunkras för utrikes sjöfart samt bränslen för icke energiändamål är ej inkluderade.
A27: Andel fossilt bränsle i förhållande till slutlig energiänvändning, 1990–,TWh | B27: Share of fossil fuels in relation to final energy consumption, 1990–, TWh | C27: =IF(Innehåll_Content!$E$2="Svenska",A27,B27) -> Andel fossilt bränsle i förhållande till slutlig energiänvändning, 1990–,TWh
D28: 2028 | E28: 2027 | F28: 2026 | G28: 2025 | H28: 2024 | I28: 2023 | J28: 2022 | K28: 2021 | L28: 2020 | M28: 2019 | N28: 2018 | O28: 2017 | P28: 2016 | Q28: 2015 | R28: 2014 | S28: 2013 | T28: 2012 | U28: 2011 | V28: 2010 | W28: 2009 | X28: 2008 | Y28: 2007 | Z28: 2006 | AA28: 2005 | AB28: 2004 | AC28: 2003 | AD28: 2002 | AE28: 2001 | AF28: 2000 | AG28: 1999 | AH28: 1998 | AI28: 1997 | AJ28: 1996 | AK28: 1995 | AL28: 1994 | AM28: 1993 | AN28: 1992 | AO28: 1991 | AP28: 1990
A29: Biobränslen | B29: Biofuels | C29: =IF(Innehåll_Content!$E$2="Svenska",A29,B29) -> Biobränslen | D29: 82.212266 | E29: 83.417032 | F29: 83.649774 | G29: 82.369812 | H29: 81.206167 | I29: 92.559936 | J29: 95.891184 | K29: 91.93651 | L29: 90.343278 | M29: 89.449681 | N29: 87.98905 | O29: 88.953158 | P29: 86.67151 | Q29: 83.35624 | R29: 80.64313 | S29: 77.961368 | T29: 76.504632 | U29: 74.587299 | V29: 73.765693 | W29: 71.746914 | X29: 72.017336 | Y29: 71.972565 | Z29: 68.257627 | AA29: 67.878852 | AB29: 69.565482 | AC29: 68.98064 | AD29: 65.744972 | AE29: 61.624857 | AF29: 62.133427 | AG29: 62.291156 | AH29: 61.218259 | AI29: 62.452021 | AJ29: 60.162838 | AK29: 60.231409 | AL29: 56.995996 | AM29: 56.724644 | AN29: 55.300609 | AO29: 55.462882 | AP29: 53.818408
A30: Kol och koks | B30: Coal and coke | C30: =IF(Innehåll_Content!$E$2="Svenska",A30,B30) -> Kol och koks | D30: 10.246127 | E30: 9.9024559 | F30: 11.824196 | G30: 12.507106 | H30: 12.37121 | I30: 12.894795 | J30: 12.693722 | K30: 13.159803 | L30: 12.159339 | M30: 13.115307 | N30: 13.130747 | O30: 14.11257 | P30: 13.441398 | Q30: 14.087453 | R30: 14.541281 | S30: 14.151879 | T30: 14.105136 | U30: 15.75482 | V30: 15.485038 | W30: 9.8979751 | X30: 16.033339 | Y30: 17.362433 | Z30: 15.942536 | AA30: 15.742194 | AB30: 17.33 | AC30: 17.096111 | AD30: 17.209722 | AE30: 16.670833 | AF30: 15.629722 | AG30: 14.5675 | AH30: 15.028889 | AI30: 15.361111 | AJ30: 16.010833 | AK30: 15.8125 | AL30: 15.192778 | AM30: 14.8075 | AN30: 14.6975 | AO30: 15.415278 | AP30: 17.368056
A31: Petroleumprodukter | B31: Petroleum products | C31: =IF(Innehåll_Content!$E$2="Svenska",A31,B31) -> Petroleumprodukter | D31: 70.267232 | E31: 74.433067 | F31: 76.708388 | G31: 80.039615 | H31: 82.301774 | I31: 71.021618 | J31: 70.545013 | K31: 78.303559 | L31: 76.992502 | M31: 84.37494 | N31: 84.380572 | O31: 88.081051 | P31: 88.877031 | Q31: 92.121691 | R31: 92.995067 | S31: 96.77294 | T31: 100.85677 | U31: 106.5357 | V31: 110.80015 | W31: 108.22087 | X31: 114.19342 | Y31: 118.02312 | Z31: 119.51618 | AA31: 122.1388 | AB31: 126.97584 | AC31: 129.14114 | AD31: 127.48795 | AE31: 126.50204 | AF31: 127.4356 | AG31: 131.51961 | AH31: 132.6076 | AI31: 132.34118 | AJ31: 134.34006 | AK31: 132.93133 | AL31: 131.98739 | AM31: 127.93513 | AN31: 129.56292 | AO31: 131.79038 | AP31: 136.04574
A32: Natur- och stadsgas | B32: Natural gas and gaswork gases | C32: =IF(Innehåll_Content!$E$2="Svenska",A32,B32) -> Natur- och stadsgas | D32: 4.2583232 | E32: 4.2288713 | F32: 4.0347642 | G32: 3.845248 | H32: 3.8255727 | I32: 3.8377788 | J32: 4.8033235 | K32: 6.2441728 | L32: 6.0583784 | M32: 5.7448225 | N32: 5.3744858 | O32: 5.8406934 | P32: 6.2184242 | Q32: 5.9481705 | R32: 5.9102337 | S32: 5.7400454 | T32: 6.348166 | U32: 6.1758056 | V32: 6.3953445 | W32: 5.3731666 | X32: 5.4373733 | Y32: 5.9855497 | Z32: 6.0536118 | AA32: 5.4648441 | AB32: 6.8705556 | AC32: 6.705 | AD32: 5.8086111 | AE32: 5.9375 | AF32: 5.3636111 | AG32: 5.6041667 | AH32: 5.2075 | AI32: 5.0608333 | AJ32: 5.0947222 | AK32: 4.6841667 | AL32: 4.4155556 | AM32: 4.3972222 | AN32: 4.6958333 | AO32: 4.5166667 | AP32: 4.4961111
A33: Övriga bränslen | B33: Other fuels | C33: =IF(Innehåll_Content!$E$2="Svenska",A33,B33) -> Övriga bränslen | D33: 5.795067 | E33: 5.6623704 | F33: 5.5261341 | G33: 5.4058888 | H33: 5.3183985 | I33: 5.1640188 | J33: 4.4949703 | K33: 6.1874745 | L33: 3.0842291 | M33: 5.8799892 | N33: 6.0395534 | O33: 5.8016147 | P33: 6.1430545 | Q33: 4.8018277 | R33: 5.3293729 | S33: 5.4233306 | T33: 3.901009 | U33: 4.4174658 | V33: 4.3905631 | W33: 3.6932199 | X33: 5.0683135 | Y33: 5.6815395 | Z33: 5.118933 | AA33: 5.7985737 | AB33: 0.11936032 | AC33: 0.16663627 | AD33: 0.096900927 | AE33: 0.10210844 | AF33: 0.062802 | AG33: 0.29955286 | AH33: 1.5302875 | AI33: 0.08141 | AJ33: 0.12793 | AK33: 0.17445 | AL33: 0.14183948 | AM33: 0.16896064 | AN33: 0.12793 | AO33: 0.08195661 | AP33: 0.1214172
A34: Fjärrvärme (fossilfri) | B34: District heating (fossil free) | C34: =IF(Innehåll_Content!$E$2="Svenska",A34,B34) -> Fjärrvärme (fossilfri) | D34: 40.774666 | E34: 40.5828 | F34: 40.384528 | G34: 40.176346 | H34: 39.80956 | I34: 41.72985 | J34: 39.553669 | K34: 41.427229 | L34: 37.335115 | M34: 38.576534 | N34: 38.405279 | O34: 39.206936 | P34: 38.668417 | Q34: 38.723605 | R34: 38.4352 | S34: 38.999889 | T34: 38.238867 | U34: 34.284657 | V34: 37.562836 | W34: 35.077406 | X34: 35.235347 | Y34: 35.183796 | Z34: 34.326374 | AA34: 34.714452 | AB34: 30.946678 | AC34: 30.738396 | AD34: 30.970306 | AE34: 31.552863 | AF34: 29.070414 | AG34: 28.590313 | AH34: 25.366074 | AI34: 24.575412 | AJ34: 24.299145 | AK34: 23.499456 | AL34: 21.51833 | AM34: 21.499478 | AN34: 19.513519 | AO34: 19.205692 | AP34: 18.08948
A35: Fjärrvärme (fossil) | B35: District heating (fossil) | C35: =IF(Innehåll_Content!$E$2="Svenska",A35,B35) -> Fjärrvärme (fossil) | D35: 9.1403085 | E35: 9.1160564 | F35: 9.0861056 | G35: 9.0524057 | H35: 9.0201166 | I35: 8.8945423 | J35: 8.943914 | K35: 9.4110539 | L35: 9.391084 | M35: 10.22725 | N35: 11.273634 | O35: 10.751713 | P35: 11.360985 | Q35: 9.8894802 | R35: 10.160953 | S35: 11.995581 | T35: 11.718814 | U35: 12.712845 | V35: 16.299646 | W35: 13.024184 | X35: 11.576758 | Y35: 11.624463 | Z35: 12.10953 | AA35: 12.292772 | AB35: 15.775267 | AC35: 15.784548 | AD35: 14.679638 | AE35: 13.522304 | AF35: 12.280364 | AG35: 14.841631 | AH35: 17.79587 | AI35: 17.300477 | AJ35: 21.1138 | AK35: 17.671433 | AL35: 18.953837 | AM35: 18.656633 | AN35: 17.989426 | AO35: 18.689363 | AP35: 16.198576
A36: El (fossilfri) | B36: Electricity (fossil free) | C36: =IF(Innehåll_Content!$E$2="Svenska",A36,B36) -> El (fossilfri) | D36: 130.41069 | E36: 124.22886 | F36: 120.51723 | G36: 117.24912 | H36: 118.30366 | I36: 115.44904 | J36: 117.16274 | K36: 123.16739 | L36: 118.10747 | M36: 121.36919 | N36: 122.80526 | O36: 122.95308 | P36: 121.29343 | Q36: 119.66534 | R36: 117.55182 | S36: 120.61811 | T36: 122.55254 | U36: 119.80688 | V36: 122.07116 | W36: 117.97686 | X36: 121.70931 | Y36: 124.09492 | Z36: 124.84257 | AA36: 124.52331 | AB36: 124.22099 | AC36: 120.40565 | AD36: 124.0061 | AE36: 126.8801 | AF36: 123.76669 | AG36: 120.51872 | AH36: 120.32101 | AI36: 118.80671 | AJ36: 114.79712 | AK36: 117.72271 | AL36: 115.04164 | AM36: 114.99455 | AN36: 114.90659 | AO36: 117.52898 | AP36: 117.50959
A37: El (fossil) | B37: Electricity (fossil) | C37: =IF(Innehåll_Content!$E$2="Svenska",A37,B37) -> El (fossil) | D37: 1.3780287 | E37: 1.3268457 | F37: 1.4144709 | G37: 1.4327891 | H37: 1.4596943 | I37: 1.7063977 | J37: 2.0620353 | K37: 2.2520798 | L37: 1.8470748 | M37: 2.3886444 | N37: 2.9769424 | O37: 2.8703601 | P37: 3.3463294 | Q37: 2.8614745 | R37: 2.8791266 | S37: 3.9641573 | T37: 3.7946955 | U37: 5.5281215 | V37: 7.7536401 | W37: 5.381662 | X37: 4.4650755 | Y37: 4.9443292 | Z37: 5.4793266 | AA37: 4.7131594 | AB37: 6.1662331 | AC37: 9.0203478 | AD37: 7.0429532 | AE37: 5.3667859 | AF37: 5.2689785 | AG37: 6.0941167 | AH37: 6.2445999 | AI37: 6.3831221 | AJ37: 11.36288 | AK37: 6.7664032 | AL37: 7.4155315 | AM37: 6.1244491 | AN37: 5.0735242 | AO37: 4.4870789 | AP37: 2.9653571
A38: Slutlig energianvändning | B38: Final energy consumption | C38: =IF(Innehåll_Content!$E$2="Svenska",A38,B38) -> Slutlig energianvändning | D38: 354.48271 | E38: 352.89836 | F38: 353.14559 | G38: 352.07833 | H38: 353.61616 | I38: 353.25797 | J38: 356.15058 | K38: 372.08927 | L38: 355.31847 | M38: 371.12635 | N38: 372.37552 | O38: 378.57117 | P38: 376.02058 | Q38: 371.45528 | R38: 368.44619 | S38: 375.6273 | T38: 378.02063 | U38: 379.8036 | V38: 394.52407 | W38: 370.39226 | X38: 385.73628 | Y38: 394.87272 | Z38: 391.64669 | AA38: 393.26696 | AB38: 397.97041 | AC38: 398.03847 | AD38: 393.04716 | AE38: 388.15939 | AF38: 381.01161 | AG38: 384.32676 | AH38: 385.32009 | AI38: 382.36228 | AJ38: 387.30933 | AK38: 379.49385 | AL38: 371.66289 | AM38: 365.30857 | AN38: 361.86785 | AO38: 367.17827 | AP38: 366.61273
A39: Andel fossilt | B39: Fossil fuel share | C39: =IF(Innehåll_Content!$E$2="Svenska",A39,B39) -> Andel fossilt | D39: 0.26881429 | E39: 0.28055471 | F39: 0.29185675 | G39: 0.30356075 | H39: 0.30818266 | I39: 0.27842296 | J39: 0.27810711 | K39: 0.29393664 | L39: 0.29958583 | M39: 0.31216044 | N39: 0.3145652 | O39: 0.32135671 | P39: 0.3277591 | Q39: 0.33626732 | R39: 0.34329751 | S39: 0.35307498 | T39: 0.3619474 | U39: 0.38627148 | V39: 0.39727315 | W39: 0.38310158 | X39: 0.39328935 | Y39: 0.39997672 | Z39: 0.40623652 | AA39: 0.4077428 | AB39: 0.43500194 | AC39: 0.44655771 | AD39: 0.43818883 | AE39: 0.43281051 | AF39: 0.43562525 | AG39: 0.44916732 | AH39: 0.45905849 | AI39: 0.46146478 | AJ39: 0.48519951 | AK39: 0.46869225 | AL39: 0.47883471 | AM39: 0.47061841 | AN39: 0.4753647 | AO39: 0.47633201 | AP39: 0.4829997
A40: Andel fossilt inkl. övriga bränslen | B40: Fossil fuel share including other fuels | C40: =IF(Innehåll_Content!$E$2="Svenska",A40,B40) -> Andel fossilt inkl. övriga bränslen | D40: 0.28516225 | E40: 0.29660004 | F40: 0.30750507 | G40: 0.31891498 | H40: 0.32322269 | I40: 0.29304123 | J40: 0.2907281 | K40: 0.31056564 | L40: 0.30826601 | M40: 0.32800407 | N40: 0.33078419 | O40: 0.33668174 | P40: 0.34409612 | Q40: 0.34919438 | R40: 0.35776197 | S40: 0.36751304 | T40: 0.37226696 | U40: 0.3979024 | V40: 0.40840191 | W40: 0.39307268 | X40: 0.40642867 | Y40: 0.414365 | Z40: 0.4193068 | AA40: 0.42248742 | AB40: 0.43530186 | AC40: 0.44697635 | AD40: 0.43843537 | AE40: 0.43307356 | AF40: 0.43579008 | AG40: 0.44994674 | AH40: 0.46302996 | AI40: 0.46167769 | AJ40: 0.48552982 | AK40: 0.46915195 | AL40: 0.47921634 | AM40: 0.47108092 | AN40: 0.47571823 | AO40: 0.47655522 | AP40: 0.48333088
A41: Andel fossilfritt | B41: Fossil free share | C41: =IF(Innehåll_Content!$E$2="Svenska",A41,B41) -> Andel fossilfritt | D41: 0.71483775 | E41: 0.70339996 | F41: 0.69249493 | G41: 0.68108502 | H41: 0.67677731 | I41: 0.70695877 | J41: 0.7092719 | K41: 0.68943436 | L41: 0.69173399 | M41: 0.67199593 | N41: 0.66921581 | O41: 0.66331826 | P41: 0.65590388 | Q41: 0.65080562 | R41: 0.64223803 | S41: 0.63248696 | T41: 0.62773304 | U41: 0.6020976 | V41: 0.59159809 | W41: 0.60692732 | X41: 0.59357133 | Y41: 0.585635 | Z41: 0.5806932 | AA41: 0.57751258 | AB41: 0.56469814 | AC41: 0.55302365 | AD41: 0.56156463 | AE41: 0.56692644 | AF41: 0.56420992 | AG41: 0.55005326 | AH41: 0.53697004 | AI41: 0.53832231 | AJ41: 0.51447018 | AK41: 0.53084805 | AL41: 0.52078366 | AM41: 0.52891908 | AN41: 0.52428177 | AO41: 0.52344478 | AP41: 0.51666912
A43: Källa: SCB och Energimyndigheten | B43: Source: Statistics Sweden and The Swedish Energy Agency | C43: =IF(Innehåll_Content!$E$2="Svenska",A43,B43) -> Källa: SCB och Energimyndigheten
A45: Användning av fossila bränslen (olja, kol och naturgas/stadsgas) i förhållande till slutlig energianvändning inom olika sektorer, 1983– | B45: Use of fossil fuels (oil, coal and natural gas/town gas) in relation to final energy consumption in different sectors, 1983– | C45: =IF(Innehåll_Content!$E$2="Svenska",A45,B45) -> Användning av fossila bränslen (olja, kol och naturgas/stadsgas) i förhållande till slutlig energianvändning inom olika sektorer, 1983–
D46: 2028 | E46: 2027 | F46: 2026 | G46: 2025 | H46: 2024 | I46: 2023 | J46: 2022 | K46: 2021 | L46: 2020 | M46: 2019 | N46: 2018 | O46: 2017 | P46: 2016 | Q46: 2015 | R46: 2014 | S46: 2013 | T46: 2012 | U46: 2011 | V46: 2010 | W46: 2009 | X46: 2008 | Y46: 2007 | Z46: 2006 | AA46: 2005 | AB46: 2004 | AC46: 2003 | AD46: 2002 | AE46: 2001 | AF46: 2000 | AG46: 1999 | AH46: 1998 | AI46: 1997 | AJ46: 1996 | AK46: 1995 | AL46: 1994 | AM46: 1993 | AN46: 1992 | AO46: 1991 | AP46: 1990 | AQ46: 1989 | AR46: 1988 | AS46: 1987 | AT46: 1986 | AU46: 1985 | AV46: 1984 | AW46: 1983
A47: Bostäder | B47: Dwellings | C47: =IF(Innehåll_Content!$E$2="Svenska",A47,B47) -> Bostäder | I47: 0.022137743 | J47: 0.025020981 | K47: 0.025563333 | L47: 0.026140747 | M47: 0.026443594 | N47: 0.028382126 | O47: 0.029306605 | P47: 0.031970714 | Q47: 0.036031058 | R47: 0.036855534 | S47: 0.038716881 | T47: 0.0386711 | U47: 0.041150405 | V47: 0.04971405 | W47: 0.055190522 | X47: 0.059998179 | Y47: 0.070925338 | Z47: 0.081217055 | AA47: 0.10403925 | AB47: 0.11895445 | AC47: 0.12370253 | AD47: 0.13705567 | AE47: 0.15470716 | AF47: 0.18655757 | AG47: 0.1847228 | AH47: 0.1968195 | AI47: 0.20560997 | AJ47: 0.21459807 | AK47: 0.22218725 | AL47: 0.22800675 | AM47: 0.22495205 | AN47: 0.23514757 | AO47: 0.24137851 | AP47: 0.25489214 | AQ47: 0.2597156 | AR47: 0.26781587 | AS47: 0.27263233 | AT47: 0.26247842 | AU47: 0.27080151 | AV47: 0.31520722 | AW47: 0.36214295
A48: Service | B48: Services | C48: =IF(Innehåll_Content!$E$2="Svenska",A48,B48) -> Service | I48: 0.058238307 | J48: 0.066765856 | K48: 0.070801003 | L48: 0.075232001 | M48: 0.075198353 | N48: 0.067585604 | O48: 0.067323967 | P48: 0.080852561 | Q48: 0.085040751 | R48: 0.091472089 | S48: 0.085164676 | T48: 0.097013425 | U48: 0.11082726 | V48: 0.10872085 | W48: 0.097957885 | X48: 0.1118462 | Y48: 0.12832383 | Z48: 0.12555757 | AA48: 0.12318811 | AB48: 0.099022972 | AC48: 0.10728688 | AD48: 0.10841422 | AE48: 0.11038265 | AF48: 0.12204898 | AG48: 0.12722135 | AH48: 0.12887617 | AI48: 0.13834023 | AJ48: 0.14706497 | AK48: 0.14571293 | AL48: 0.16692857 | AM48: 0.1780749 | AN48: 0.17404744 | AO48: 0.19488268 | AP48: 0.21029254 | AQ48: 0.22341424 | AR48: 0.24073507 | AS48: 0.24871281 | AT48: 0.22835215 | AU48: 0.28448255 | AV48: 0.32053832 | AW48: 0.35690801
A49: Jordbruk, skogsbruk, fiske | B49: Agriculture, forestry, fishing | C49: =IF(Innehåll_Content!$E$2="Svenska",A49,B49) -> Jordbruk, skogsbruk, fiske | I49: 0.40112181 | J49: 0.38101666 | K49: 0.40095518 | L49: 0.42677702 | M49: 0.43295402 | N49: 0.41448867 | O49: 0.45518174 | P49: 0.4489909 | Q49: 0.48851132 | R49: 0.50071239 | S49: 0.53169701 | T49: 0.56856874 | U49: 0.58349013 | V49: 0.59508208 | W49: 0.59793742 | X49: 0.63319594 | Y49: 0.63423064 | Z49: 0.61998744 | AA49: 0.61393527 | AB49: 0.75476797 | AC49: 0.79487251 | AD49: 0.81294858 | AE49: 0.82976363 | AF49: 0.82542307 | AG49: 0.81106243 | AH49: 0.8181002 | AI49: 0.79503555 | AJ49: 0.8072151 | AK49: 0.81118394 | AL49: 0.80838658 | AM49: 0.80230313 | AN49: 0.82514727 | AO49: 0.81172468 | AP49: 0.81164099 | AQ49: 0.8013767 | AR49: 0.79945526 | AS49: 0.75982435 | AT49: 0.77743832 | AU49: 0.76802549 | AV49: 0.78716962 | AW49: 0.80792321
A50: Bygg | B50: Construction | C50: =IF(Innehåll_Content!$E$2="Svenska",A50,B50) -> Bygg | I50: 0.38566651 | J50: 0.35611233 | K50: 0.39516994 | L50: 0.4301676 | M50: 0.43010964 | N50: 0.41994309 | O50: 0.43374734 | P50: 0.54091898 | Q50: 0.5909611 | R50: 0.62254678 | S50: 0.63859967 | T50: 0.6521975 | U50: 0.66022868 | V50: 0.64296636 | W50: 0.66519824 | X50: 0.63482565 | Y50: 0.62121886 | Z50: 0.70678985 | AA50: 0.72313468 | AB50: 0.71023465 | AC50: 0.71869856 | AD50: 0.77170394 | AE50: 0.7826452 | AF50: 0.80833333 | AG50: 0.80315546 | AH50: 0.79479623 | AI50: 0.77977434 | AJ50: 0.81021898 | AK50: 0.80995547 | AL50: 0.80654076 | AM50: 0.78713264 | AN50: 0.76417517 | AO50: 0.75600547 | AP50: 0.76761509 | AQ50: 0.76429616 | AR50: 0.75082231 | AS50: 0.77887285 | AT50: 0.78248507 | AU50: 0.76677995 | AV50: 0.7816393 | AW50: 0.7883394
A51: Transporter | B51: Transport | C51: =IF(Innehåll_Content!$E$2="Svenska",A51,B51) -> Transporter | I51: 0.69496112 | J51: 0.68797592 | K51: 0.74051527 | L51: 0.75194513 | M51: 0.76925106 | N51: 0.76099902 | O51: 0.78317985 | P51: 0.80203516 | Q51: 0.83673278 | R51: 0.85624434 | S51: 0.88219825 | T51: 0.89857292 | U51: 0.91141835 | V51: 0.92212216 | W51: 0.92507459 | X51: 0.92775818 | Y51: 0.93749865 | Z51: 0.94474292 | AA51: 0.95283148 | AB51: 0.94745714 | AC51: 0.95562325 | AD51: 0.9598049 | AE51: 0.96096311 | AF51: 0.95685669 | AG51: 0.96000421 | AH51: 0.96277914 | AI51: 0.96108714 | AJ51: 0.95986189 | AK51: 0.96452908 | AL51: 0.96703932 | AM51: 0.96808142 | AN51: 0.96785003 | AO51: 0.96822457 | AP51: 0.96769804 | AQ51: 0.97094618 | AR51: 0.96935115 | AS51: 0.96765936 | AT51: 0.96689035 | AU51: 0.96539066 | AV51: 0.96698577 | AW51: 0.96676884
A52: Industrin | B52: Industry | C52: =IF(Innehåll_Content!$E$2="Svenska",A52,B52) -> Industrin | I52: 0.17806342 | J52: 0.17701094 | K52: 0.1843624 | L52: 0.17911777 | M52: 0.1842948 | N52: 0.19016861 | O52: 0.19399855 | P52: 0.18698879 | Q52: 0.18693115 | R52: 0.19036617 | S52: 0.19399897 | T52: 0.20585775 | U52: 0.21887507 | V52: 0.22445167 | W52: 0.19423745 | X52: 0.23062193 | Y52: 0.23068376 | Z52: 0.2373321 | AA52: 0.23525815 | AB52: 0.26358309 | AC52: 0.27214152 | AD52: 0.25833287 | AE52: 0.26771487 | AF52: 0.26515263 | AG52: 0.27558881 | AH52: 0.27795414 | AI52: 0.28980697 | AJ52: 0.29338503 | AK52: 0.28455912 | AL52: 0.28323806 | AM52: 0.26931827 | AN52: 0.26475608 | AO52: 0.26886862 | AP52: 0.29139801 | AQ52: 0.29170346 | AR52: 0.29697528 | AS52: 0.31345637 | AT52: 0.33156789 | AU52: 0.33936215 | AV52: 0.34509096 | AW52: 0.3681085
A53: Elproduktion | B53: Electricity production | C53: =IF(Innehåll_Content!$E$2="Svenska",A53,B53) -> Elproduktion | I53: 0.0070896031 | J53: 0.0085511778 | K53: 0.0088314377 | L53: 0.0068758765 | M53: 0.010053721 | N53: 0.013944203 | O53: 0.013357531 | P53: 0.017498176 | Q53: 0.016303224 | R53: 0.016436057 | S53: 0.023690956 | T53: 0.022442456 | U53: 0.03446239 | V53: 0.050116477 | W53: 0.035155742 | X53: 0.026999318 | Y53: 0.032512859 | Z53: 0.035935357 | AA53: 0.030924761 | AB53: 0.036723001 | AC53: 0.065861034 | AD53: 0.050976308 | AE53: 0.03776977 | AF53: 0.03829379 | AG53: 0.045909162 | AH53: 0.046941901 | AI53: 0.049249683 | AJ53: 0.088115483 | AK53: 0.051308026 | AL53: 0.057120868 | AM53: 0.046893539 | AN53: 0.039994171 | AO53: 0.034323275 | AP53: 0.023298921 | AQ53: 0.025329568 | AR53: 0.031916628 | AS53: 0.03487151 | AT53: 0.039946614 | AU53: 0.039588887 | AV53: 0.021480805 | AW53: 0.027741588
A54: Fjärrvärmeproduktion | B54: District heating | C54: =IF(Innehåll_Content!$E$2="Svenska",A54,B54) -> Fjärrvärmeproduktion | I54: 0.041307727 | J54: 0.037705211 | K54: 0.042596209 | L54: 0.028626924 | M54: 0.056463755 | N54: 0.075256384 | O54: 0.064316144 | P54: 0.082832999 | Q54: 0.075581753 | R54: 0.080903342 | S54: 0.11401042 | T54: 0.11517353 | U54: 0.13790228 | V54: 0.18741479 | W54: 0.14975926 | X54: 0.10994519 | Y54: 0.13280581 | Z54: 0.16296941 | AA54: 0.15668995 | AB54: 0.19434602 | AC54: 0.19260035 | AD54: 0.19010256 | AE54: 0.18314822 | AF54: 0.17161678 | AG54: 0.22634647 | AH54: 0.27568073 | AI54: 0.2715693 | AJ54: 0.33435733 | AK54: 0.29412601 | AL54: 0.33872059 | AM54: 0.33192122 | AN54: 0.34165786 | AO54: 0.35443963 | AP54: 0.34856394 | AQ54: 0.38386749 | AR54: 0.45379428 | AS54: 0.52681036 | AT54: 0.60122571 | AU54: 0.65134774 | AV54: 0.61321146 | AW54: 0.7056697
A56: Källa: SCB och Energimyndigheten | B56: Source: Statistics Sweden and The Swedish Energy Agency | C56: =IF(Innehåll_Content!$E$2="Svenska",A56,B56) -> Källa: SCB och Energimyndigheten
A58: Anm. Olja som bunkras för utrikes sjöfart ingår inte för transporter | B58: Note: International marine bunkers are not included in the transport sector | C58: =IF(Innehåll_Content!$E$2="Svenska",A58,B58) -> Anm. Olja som bunkras för utrikes sjöfart ingår inte för transporter
A60: Användning av fossila bränslen (olja, kol och naturgas/stadsgas, inklusive övriga bränslen) i förhållande till slutlig energianvändning inom industri, samt i förhållande till tillförd energi för elproduktion och fjärrvärmeproduktion, 1983– | B60: Use of fossil fuels (oil, coal and natural gas/town gas, inkluding other fuels) in relation to final energy use in tnudstry sector and in ralation to total energy supply for elerctricity production and district heating production, 1983– | C60: =IF(Innehåll_Content!$E$2="Svenska",A60,B60) -> Användning av fossila bränslen (olja, kol och naturgas/stadsgas, inklusive övriga bränslen) i förhållande till slutlig energianvändning inom industri, samt i förhållande till tillförd energi för elproduktion och fjärrvärmeproduktion, 1983–
D61: 2028 | E61: 2027 | F61: 2026 | G61: 2025 | H61: 2024 | I61: 2023 | J61: 2022 | K61: 2021 | L61: 2020 | M61: 2019 | N61: 2018 | O61: 2017 | P61: 2016 | Q61: 2015 | R61: 2014 | S61: 2013 | T61: 2012 | U61: 2011 | V61: 2010 | W61: 2009 | X61: 2008 | Y61: 2007 | Z61: 2006 | AA61: 2005 | AB61: 2004 | AC61: 2003 | AD61: 2002 | AE61: 2001 | AF61: 2000 | AG61: 1999 | AH61: 1998 | AI61: 1997 | AJ61: 1996 | AK61: 1995 | AL61: 1994 | AM61: 1993 | AN61: 1992 | AO61: 1991 | AP61: 1990 | AQ61: 1989 | AR61: 1988 | AS61: 1987 | AT61: 1986 | AU61: 1985 | AV61: 1984 | AW61: 1983
A62: Industrin | B62: Industry | C62: =IF(Innehåll_Content!$E$2="Svenska",A62,B62) -> Industrin | I62: 0.21603842 | J62: 0.20951543 | K62: 0.2284936 | L62: 0.20172279 | M62: 0.22549982 | N62: 0.23285852 | O62: 0.23451385 | P62: 0.22995613 | Q62: 0.22062842 | R62: 0.22740321 | S62: 0.23150977 | T62: 0.23227561 | U62: 0.24808042 | V62: 0.25344806 | W62: 0.22072862 | X62: 0.26298434 | Y62: 0.26575361 | Z62: 0.26906763 | AA62: 0.27266353 | AB62: 0.26434453 | AC62: 0.27320384 | AD62: 0.25896244 | AE62: 0.26838659 | AF62: 0.26556266 | AG62: 0.27754692 | AH62: 0.28801636 | AI62: 0.29034005 | AJ62: 0.29424975 | AK62: 0.28575396 | AL62: 0.28425242 | AM62: 0.27056685 | AN62: 0.26572246 | AO62: 0.26947586 | AP62: 0.29226379 | AQ62: 0.29170346 | AR62: 0.29697528 | AS62: 0.31345637 | AT62: 0.33156789 | AU62: 0.33936215 | AV62: 0.34509096 | AW62: 0.3681085
A63: Elproduktion | B63: Electricity production | C63: =IF(Innehåll_Content!$E$2="Svenska",A63,B63) -> Elproduktion | I63: 0.014565246 | J63: 0.017296778 | K63: 0.01795579 | L63: 0.015398123 | M63: 0.019300956 | N63: 0.023667438 | O63: 0.022812603 | P63: 0.026848009 | Q63: 0.023353864 | R63: 0.023906866 | S63: 0.031819594 | T63: 0.030033863 | U63: 0.044106766 | V63: 0.059723875 | W63: 0.043626188 | X63: 0.035388129 | Y63: 0.038316474 | Z63: 0.042044559 | AA63: 0.036469268 | AB63: 0.047291698 | AC63: 0.069695021 | AD63: 0.053742876 | AE63: 0.040581566 | AF63: 0.040833505 | AG63: 0.048131904 | AH63: 0.049338836 | AI63: 0.050987544 | AJ63: 0.090067214 | AK63: 0.054353374 | AL63: 0.060556125 | AM63: 0.050565552 | AN63: 0.042286377 | AO63: 0.036774495 | AP63: 0.02461389 | AQ63: 0.026110567 | AR63: 0.032057117 | AS63: 0.035137356 | AT63: 0.040262971 | AU63: 0.039900578 | AV63: 0.021606699 | AW63: 0.027827773
A64: Fjärrvärmeproduktion | B64: District heating | C64: =IF(Innehåll_Content!$E$2="Svenska",A64,B64) -> Fjärrvärmeproduktion | I64: 0.17569677 | J64: 0.18442068 | K64: 0.18511638 | L64: 0.20098112 | M64: 0.20955855 | N64: 0.22692997 | O64: 0.21521224 | P64: 0.22708617 | Q64: 0.20343248 | R64: 0.20908965 | S64: 0.23522837 | T64: 0.23457482 | U64: 0.27050044 | V64: 0.30261595 | W64: 0.27076411 | X64: 0.24730266 | Y64: 0.24834214 | Z64: 0.26077945 | AA64: 0.26150815 | AB64: 0.33764148 | AC64: 0.33928524 | AD64: 0.32156968 | AE64: 0.29999454 | AF64: 0.29698024 | AG64: 0.34172155 | AH64: 0.41230465 | AI64: 0.41313695 | AJ64: 0.4649291 | AK64: 0.42922156 | AL64: 0.46831782 | AM64: 0.46460259 | AN64: 0.47968036 | AO64: 0.49318738 | AP64: 0.4724262 | AQ64: 0.4950527 | AR64: 0.54763226 | AS64: 0.60587394 | AT64: 0.68071545 | AU64: 0.70443479 | AV64: 0.668853 | AW64: 0.74310409
A66: Källa: SCB och Energimyndigheten | B66: Source: Statistics Sweden and The Swedish Energy Agency | C66: =IF(Innehåll_Content!$E$2="Svenska",A66,B66) -> Källa: SCB och Energimyndigheten

Sheet 5
A1: Tillbaka till innehåll | B1: Back to content | C1: =IF(Innehåll_Content!$E$2="Svenska",A1,B1) -> Tillbaka till innehåll | I1: =IF(Innehåll_Content!$E$2="Svenska",'Texter och koder'!B2,'Texter och koder'!B3) -> Klicka på plus-minustecknet ovan för att visa och dölja prognosår
A2: 5. Elektrifiering | B2: Electrification | C2: =IF(Innehåll_Content!$E$2="Svenska",A2,B2) -> 5. Elektrifiering
A4: Andel el av slutlig energianvändning mellan 1970–, TWh och procent. | B4: Electricity share of final energy consuption between 1970-, TWh and percent | C4: =IF(Innehåll_Content!$E$2="Svenska",A4,B4) -> Andel el av slutlig energianvändning mellan 1970–, TWh och procent.
D5: 2028 | E5: 2027 | F5: 2026 | G5: 2025 | H5: 2024 | I5: 2023 | J5: 2022 | K5: 2021 | L5: 2020 | M5: 2019 | N5: 2018 | O5: 2017 | P5: 2016 | Q5: 2015 | R5: 2014 | S5: 2013 | T5: 2012 | U5: 2011 | V5: 2010 | W5: 2009 | X5: 2008 | Y5: 2007 | Z5: 2006 | AA5: 2005 | AB5: 2004 | AC5: 2003 | AD5: 2002 | AE5: 2001 | AF5: 2000 | AG5: 1999 | AH5: 1998 | AI5: 1997 | AJ5: 1996 | AK5: 1995 | AL5: 1994 | AM5: 1993 | AN5: 1992 | AO5: 1991 | AP5: 1990 | AQ5: 1989 | AR5: 1988 | AS5: 1987 | AT5: 1986 | AU5: 1985 | AV5: 1984 | AW5: 1983 | AX5: 1982 | AY5: 1981 | AZ5: 1980 | BA5: 1979 | BB5: 1978 | BC5: 1977 | BD5: 1976 | BE5: 1975 | BF5: 1974 | BG5: 1973 | BH5: 1972 | BI5: 1971 | BJ5: 1970
A6: Biobränsle | B6: Biofuels | C6: =IF(Innehåll_Content!$E$2="Svenska",A6,B6) -> Biobränsle | D6: 82.212266 | E6: 83.417032 | F6: 83.649774 | G6: 82.369812 | H6: 81.206167 | I6: 92.559936 | J6: 95.749167 | K6: 91.934722 | L6: 90.343333 | M6: 89.449722 | N6: 87.989167 | O6: 88.953333 | P6: 86.671667 | Q6: 83.356389 | R6: 80.643333 | S6: 77.961667 | T6: 76.504722 | U6: 74.5875 | V6: 73.765556 | W6: 71.746667 | X6: 72.017278 | Y6: 71.97237 | Z6: 68.257823 | AA6: 67.87876 | AB6: 69.565482 | AC6: 68.98064 | AD6: 65.744972 | AE6: 61.624857 | AF6: 62.133427 | AG6: 62.291156 | AH6: 61.218259 | AI6: 62.452021 | AJ6: 60.162838 | AK6: 60.231409 | AL6: 56.995996 | AM6: 56.724644 | AN6: 55.300609 | AO6: 55.462882 | AP6: 53.818408 | AQ6: 54.347306 | AR6: 54.847086 | AS6: 53.939944 | AT6: 54.109786 | AU6: 54.535613 | AV6: 52.134968 | AW6: 47.421214 | AX6: 43.6 | AY6: 46.1 | AZ6: 45 | BA6: 44.7 | BB6: 42.5 | BC6: 39.1 | BD6: 40.9 | BE6: 42.2 | BF6: 42.4 | BG6: 40.9 | BH6: 40 | BI6: 40.1 | BJ6: 44.8
A7: Kol och koks, inkl. koks- och masugnsgas | B7: coal and coke inkl. oven coke | C7: =IF(Innehåll_Content!$E$2="Svenska",A7,B7) -> Kol och koks, inkl. koks- och masugnsgas | D7: 10.246127 | E7: 9.9024559 | F7: 11.824196 | G7: 12.507106 | H7: 12.37121 | I7: 12.894795 | J7: 12.693611 | K7: 13.159722 | L7: 12.159444 | M7: 13.115 | N7: 13.130833 | O7: 14.112778 | P7: 13.441389 | Q7: 14.087222 | R7: 14.541389 | S7: 14.151944 | T7: 14.105 | U7: 15.754722 | V7: 15.485 | W7: 9.8980556 | X7: 16.033333 | Y7: 17.362222 | Z7: 15.9425 | AA7: 15.742222 | AB7: 17.33 | AC7: 17.096111 | AD7: 17.209722 | AE7: 16.670833 | AF7: 15.629722 | AG7: 14.5675 | AH7: 15.028889 | AI7: 15.361111 | AJ7: 16.010833 | AK7: 15.8125 | AL7: 15.192778 | AM7: 14.8075 | AN7: 14.6975 | AO7: 15.415278 | AP7: 17.368056 | AQ7: 16.805278 | AR7: 16.541944 | AS7: 15.798889 | AT7: 15.979444 | AU7: 16.093611 | AV7: 15.2175 | AW7: 13.927222 | AX7: 12.8 | AY7: 12.4 | AZ7: 14.8 | BA7: 16.6 | BB7: 14.8 | BC7: 13.9 | BD7: 17.3 | BE7: 18.9 | BF7: 17.4 | BG7: 16 | BH7: 14 | BI7: 14.7 | BJ7: 14.2
A8: Petroleumprodukter | B8: Petroleum products | C8: =IF(Innehåll_Content!$E$2="Svenska",A8,B8) -> Petroleumprodukter | D8: 70.267232 | E8: 74.433067 | F8: 76.708388 | G8: 80.039615 | H8: 82.301774 | I8: 71.021618 | J8: 70.808889 | K8: 77.945 | L8: 76.863889 | M8: 84.161389 | N8: 84.1425 | O8: 87.812222 | P8: 88.876389 | Q8: 92.120556 | R8: 92.994167 | S8: 96.772778 | T8: 100.85694 | U8: 106.53611 | V8: 110.80083 | W8: 108.22 | X8: 114.19306 | Y8: 118.02417 | Z8: 119.51639 | AA8: 122.13889 | AB8: 126.97584 | AC8: 129.14114 | AD8: 127.48795 | AE8: 126.50204 | AF8: 127.4356 | AG8: 131.51961 | AH8: 132.6076 | AI8: 132.34118 | AJ8: 134.34006 | AK8: 132.93133 | AL8: 131.98739 | AM8: 127.93513 | AN8: 129.56292 | AO8: 131.79038 | AP8: 136.04574 | AQ8: 147.60389 | AR8: 151.49194 | AS8: 153.74639 | AT8: 149.55222 | AU8: 153.41056 | AV8: 154.49222 | AW8: 159.04028 | AX8: 174.6 | AY8: 192.7 | AZ8: 207.9 | BA8: 228 | BB8: 224.3 | BC8: 226.6 | BD8: 234.9 | BE8: 223.3 | BF8: 216.9 | BG8: 248.4 | BH8: 239 | BI8: 238.1 | BJ8: 247.1
A9: Natur- och stadsgas | B9: Natural gas and gaswork gases | C9: =IF(Innehåll_Content!$E$2="Svenska",A9,B9) -> Natur- och stadsgas | D9: 4.2583232 | E9: 4.2288713 | F9: 4.0347642 | G9: 3.845248 | H9: 3.8255727 | I9: 3.8377788 | J9: 4.8033333 | K9: 6.2441667 | L9: 6.0588889 | M9: 5.7447222 | N9: 5.3741667 | O9: 5.8405556 | P9: 6.2188889 | Q9: 5.9480556 | R9: 5.9102778 | S9: 5.7397222 | T9: 6.3480556 | U9: 6.1758333 | V9: 6.3952778 | W9: 5.3727778 | X9: 5.4377778 | Y9: 5.9855556 | Z9: 6.0533333 | AA9: 5.465 | AB9: 6.8705556 | AC9: 6.705 | AD9: 5.8086111 | AE9: 5.9375 | AF9: 5.3636111 | AG9: 5.6041667 | AH9: 5.2075 | AI9: 5.0608333 | AJ9: 5.0947222 | AK9: 4.6841667 | AL9: 4.4155556 | AM9: 4.3972222 | AN9: 4.6958333 | AO9: 4.5166667 | AP9: 4.4961111 | AQ9: 3.91 | AR9: 3.3469444 | AS9: 2.9491667 | AT9: 2.4291667 | AU9: 1.3002778 | AV9: 0.5675 | AW9: 0.65138889 | AX9: 0 | AY9: 0 | AZ9: 0 | BA9: 0 | BB9: 0 | BC9: 0 | BD9: 0 | BE9: 0 | BF9: 0 | BG9: 0 | BH9: 0 | BI9: 0 | BJ9: 0
A10: Övriga bränslen | B10: Other fuels | C10: =IF(Innehåll_Content!$E$2="Svenska",A10,B10) -> Övriga bränslen | D10: 5.795067 | E10: 5.6623704 | F10: 5.5261341 | G10: 5.4058888 | H10: 5.3183985 | I10: 5.1640188 | J10: 4.4663889 | K10: 6.1875 | L10: 3.0841667 | M10: 5.88 | N10: 6.0397222 | O10: 5.8016667 | P10: 6.1433333 | Q10: 4.8016667 | R10: 5.3294444 | S10: 5.4233333 | T10: 3.9011111 | U10: 4.4175 | V10: 4.3905556 | W10: 3.6930556 | X10: 5.0683333 | Y10: 5.6816667 | Z10: 5.1188889 | AA10: 5.7986111 | AB10: 0.11936032 | AC10: 0.16663627 | AD10: 0.096900927 | AE10: 0.10210844 | AF10: 0.062802 | AG10: 0.29955286 | AH10: 1.5302875 | AI10: 0.08141 | AJ10: 0.12793 | AK10: 0.17445 | AL10: 0.14183948 | AM10: 0.16896064 | AN10: 0.12793 | AO10: 0.08195661 | AP10: 0.1214172 | AQ10: 0 | AR10: 0 | AS10: 0 | AT10: 0 | AU10: 0 | AV10: 0 | AW10: 0 | AX10: 0 | AY10: 0 | AZ10: 0 | BA10: 0 | BB10: 0 | BC10: 0 | BD10: 0 | BE10: 0 | BF10: 0 | BG10: 0 | BH10: 0 | BI10: 0 | BJ10: 0
A11: Fjärrvärme | B11: District heat | C11: =IF(Innehåll_Content!$E$2="Svenska",A11,B11) -> Fjärrvärme | D11: 49.914975 | E11: 49.698857 | F11: 49.470633 | G11: 49.228752 | H11: 48.829676 | I11: 50.624392 | J11: 47.108889 | K11: 50.838333 | L11: 46.726111 | M11: 48.803611 | N11: 49.678889 | O11: 49.958333 | P11: 50.029444 | Q11: 48.613056 | R11: 48.596111 | S11: 50.995556 | T11: 49.9575 | U11: 46.9975 | V11: 53.862778 | W11: 48.101111 | X11: 46.812222 | Y11: 46.808333 | Z11: 46.435833 | AA11: 47.007222 | AB11: 46.721944 | AC11: 46.522944 | AD11: 45.649944 | AE11: 45.075167 | AF11: 41.350778 | AG11: 43.431944 | AH11: 43.161944 | AI11: 41.875889 | AJ11: 45.412944 | AK11: 41.170889 | AL11: 40.472167 | AM11: 40.156111 | AN11: 37.502944 | AO11: 37.895056 | AP11: 34.288056 | AQ11: 33.251944 | AR11: 36.147 | AS11: 39.3 | AT11: 36.6 | AU11: 37.3 | AV11: 29.9 | AW11: 28.6 | AX11: 28.3 | AY11: 28.4 | AZ11: 27.8 | BA11: 26.4 | BB11: 25.1 | BC11: 23.2 | BD11: 21.7 | BE11: 17.9 | BF11: 15.7 | BG11: 15.9 | BH11: 14 | BI11: 12.8 | BJ11: 12.1
A12: El | B12: Electricity | C12: =IF(Innehåll_Content!$E$2="Svenska",A12,B12) -> El | D12: 131.78872 | E12: 125.55571 | F12: 121.9317 | G12: 118.68191 | H12: 119.76336 | I12: 117.15543 | J12: 119.59722 | K12: 125.41944 | L12: 119.95444 | M12: 123.75806 | N12: 125.78222 | O12: 125.82333 | P12: 124.59972 | Q12: 122.52694 | R12: 120.43111 | S12: 124.5825 | T12: 126.3475 | U12: 125.33472 | V12: 129.82528 | W12: 123.35889 | X12: 126.17444 | Y12: 129.03917 | Z12: 130.32167 | AA12: 129.23667 | AB12: 130.38722 | AC12: 129.426 | AD12: 131.04906 | AE12: 132.24689 | AF12: 129.03567 | AG12: 126.61283 | AH12: 126.56561 | AI12: 125.18983 | AJ12: 126.16 | AK12: 124.48911 | AL12: 122.45717 | AM12: 121.119 | AN12: 119.98011 | AO12: 122.01606 | AP12: 120.47494 | AQ12: 119.82911 | AR12: 119.94617 | AS12: 119.39706 | AT12: 114.06606 | AU12: 113.536 | AV12: 102.56694 | AW12: 95.698833 | AX12: 89.6 | AY12: 87 | AZ12: 85.1 | BA12: 85.3 | BB12: 80.8 | BC12: 77.9 | BD12: 77.2 | BE12: 71.6 | BF12: 69.5 | BG12: 69 | BH12: 64.1 | BI12: 60.1 | BJ12: 57.1
A13: Totalt | B13: Total | C13: =IF(Innehåll_Content!$E$2="Svenska",A13,B13) -> Totalt | D13: 354.48271 | E13: 352.89836 | F13: 353.14559 | G13: 352.07833 | H13: 353.61616 | I13: 353.25797 | J13: 355.2275 | K13: 371.72889 | L13: 355.19028 | M13: 370.9125 | N13: 372.1375 | O13: 378.30222 | P13: 375.98083 | Q13: 371.45389 | R13: 368.44583 | S13: 375.6275 | T13: 378.02083 | U13: 379.80389 | V13: 394.52528 | W13: 370.39056 | X13: 385.73644 | Y13: 394.87348 | Z13: 391.64643 | AA13: 393.26737 | AB13: 397.97041 | AC13: 398.03847 | AD13: 393.04716 | AE13: 388.15939 | AF13: 381.01161 | AG13: 384.32676 | AH13: 385.32009 | AI13: 382.36228 | AJ13: 387.30933 | AK13: 379.49385 | AL13: 371.66289 | AM13: 365.30857 | AN13: 361.86785 | AO13: 367.17827 | AP13: 366.61273 | AQ13: 375.74753 | AR13: 382.32109 | AS13: 385.13144 | AT13: 372.73667 | AU13: 376.17606 | AV13: 354.87913 | AW13: 345.33894 | AX13: 348.9 | AY13: 366.6 | AZ13: 380.6 | BA13: 401 | BB13: 387.5 | BC13: 380.7 | BD13: 392 | BE13: 373.9 | BF13: 361.9 | BG13: 390.2 | BH13: 371.1 | BI13: 365.8 | BJ13: 375.3
A14: Andel slutlig elanvändning | B14: Final electricity share | C14: =IF(Innehåll_Content!$E$2="Svenska",A14,B14) -> Andel slutlig elanvändning | D14: 0.37177757 | E14: 0.35578433 | F14: 0.34527318 | G14: 0.3370895 | H14: 0.3386818 | I14: 0.33164272 | J14: 0.33667783 | K14: 0.33739494 | L14: 0.33771883 | M14: 0.33365836 | N14: 0.33799932 | O14: 0.33260004 | P14: 0.33139913 | Q14: 0.32985775 | R14: 0.32686246 | S14: 0.33166501 | T14: 0.33423422 | U14: 0.32999852 | V14: 0.32906707 | W14: 0.33305085 | X14: 0.32710014 | Y14: 0.3267861 | Z14: 0.33275336 | AA14: 0.32862291 | AB14: 0.32763045 | AC14: 0.32515952 | AD14: 0.33341815 | AE14: 0.34070253 | AF14: 0.33866597 | AG14: 0.32944059 | AH14: 0.32846876 | AI14: 0.32741157 | AJ14: 0.32573447 | AK14: 0.32803986 | AL14: 0.32948451 | AM14: 0.33155258 | AN14: 0.33155781 | AO14: 0.3323074 | AP14: 0.32861637 | AQ14: 0.31890858 | AR14: 0.3137315 | AS14: 0.31001638 | AT14: 0.30602316 | AU14: 0.30181612 | AV14: 0.28901937 | AW14: 0.27711568 | AX14: 0.25680711 | AY14: 0.23731588 | AZ14: 0.22359432 | BA14: 0.2127182 | BB14: 0.20851613 | BC14: 0.20462306 | BD14: 0.19693878 | BE14: 0.19149505 | BF14: 0.192042 | BG14: 0.17683239 | BH14: 0.17272972 | BI14: 0.16429743 | BJ14: 0.15214495
A16: Källa: Energimyndigheten och SCB, Årlig energibalans. | B16: Source: The Swedish Energy Agency and Statistics Sweden, Annual Energy Balance | C16: =IF(Innehåll_Content!$E$2="Svenska",A16,B16) -> Källa: Energimyndigheten och SCB, Årlig energibalans.
A18: Total elanvändning inkluderar utöver slutlig elanvändning även distributionsförluster, energisektorns egenanvändning samt el som används för fjärrvärmeproduktion, gasverk och raffinaderier | B18: Total electricity consumption in addition to final elactricity consumtion also distribution losses , energy sector own use as well as electricity used for district heating, refinaries and gas production | C18: =IF(Innehåll_Content!$E$2="Svenska",A18,B18) -> Total elanvändning inkluderar utöver slutlig elanvändning även distributionsförluster, energisektorns egenanvändning samt el som används för fjärrvärmeproduktion, gasverk och raffinaderier
A20: Andel el av slutlig energianvändning per sektor (procent) samt slutlig energianvändning per sektor (TWh) mellan 1970– | B20: Electricity share of final energy consuption between 1970-, TWh and percent | C20: =IF(Innehåll_Content!$E$2="Svenska",A20,B20) -> Andel el av slutlig energianvändning per sektor (procent) samt slutlig energianvändning per sektor (TWh) mellan 1970–
D21: 2028 | E21: 2027 | F21: 2026 | G21: 2025 | H21: 2024 | I21: 2023 | J21: 2022 | K21: 2021 | L21: 2020 | M21: 2019 | N21: 2018 | O21: 2017 | P21: 2016 | Q21: 2015 | R21: 2014 | S21: 2013 | T21: 2012 | U21: 2011 | V21: 2010 | W21: 2009 | X21: 2008 | Y21: 2007 | Z21: 2006 | AA21: 2005 | AB21: 2004 | AC21: 2003 | AD21: 2002 | AE21: 2001 | AF21: 2000 | AG21: 1999 | AH21: 1998 | AI21: 1997 | AJ21: 1996 | AK21: 1995 | AL21: 1994 | AM21: 1993 | AN21: 1992 | AO21: 1991 | AP21: 1990 | AQ21: 1989 | AR21: 1988 | AS21: 1987 | AT21: 1986 | AU21: 1985 | AV21: 1984 | AW21: 1983 | AX21: 1982 | AY21: 1981 | AZ21: 1980 | BA21: 1979 | BB21: 1978 | BC21: 1977 | BD21: 1976 | BE21: 1975 | BF21: 1974 | BG21: 1973 | BH21: 1972 | BI21: 1971 | BJ21: 1970
A22: Andel el av slutlig energianvändning inom industrin (%) | B22: Electricity share of final energy consumption in industry | C22: =IF(Innehåll_Content!$E$2="Svenska",A22,B22) -> Andel el av slutlig energianvändning inom industrin (%) | D22: 0.38497358 | E22: 0.36430766 | F22: 0.34403532 | G22: 0.32782129 | H22: 0.32756601 | I22: 0.32647246 | J22: 0.32960357 | K22: 0.32607554 | L22: 0.34274632 | M22: 0.34130398 | N22: 0.34929269 | O22: 0.34765251 | P22: 0.34596542 | Q22: 0.34851171 | R22: 0.34880044 | S22: 0.35492263 | T22: 0.36051486 | U22: 0.35940659 | V22: 0.35250966 | W22: 0.36189647 | X22: 0.3590395 | Y22: 0.36078547 | Z22: 0.3616379 | AA22: 0.35685837 | AB22: 0.35322324 | AC22: 0.34741634 | AD22: 0.3616339 | AE22: 0.37002883 | AF22: 0.37142442 | AG22: 0.35623487 | AH22: 0.35416317 | AI22: 0.34485225 | AJ22: 0.34803798 | AK22: 0.35165562 | AL22: 0.35598602 | AM22: 0.36471215 | AN22: 0.37538687 | AO22: 0.3758184 | AP22: 0.37787202 | AQ22: 0.37813882 | AR22: 0.37083174 | AS22: 0.36143798 | AT22: 0.34644446 | AU22: 0.34397895 | AV22: 0.3378458 | AW22: 0.32617419 | AX22: 0.30618637 | AY22: 0.28997093 | AZ22: 0.26946513 | BA22: 0.26028278 | BB22: 0.25564409 | BC22: 0.25421443 | BD22: 0.24638592 | BE22: 0.23702314 | BF22: 0.23902439 | BG22: 0.23333333 | BH22: 0.22779923 | BI22: 0.22435473 | BJ22: 0.21465629
A23: Andel el av slutlig energianvändning inom bostäder och service m.m. (%) | B23: Electricity share of final energy consumption in recidential and service etc. | C23: =IF(Innehåll_Content!$E$2="Svenska",A23,B23) -> Andel el av slutlig energianvändning inom bostäder och service m.m. (%) | D23: 0.49386001 | E23: 0.49522188 | F23: 0.49700633 | G23: 0.49927498 | H23: 0.50684912 | I23: 0.49221455 | J23: 0.50655503 | K23: 0.51122992 | L23: 0.50657347 | M23: 0.50487604 | N23: 0.50621575 | O23: 0.49689008 | P23: 0.49098524 | Q23: 0.49028245 | R23: 0.47985735 | S23: 0.47875915 | T23: 0.48225303 | U23: 0.48272622 | V23: 0.47547171 | W23: 0.48464632 | X23: 0.47642818 | Y23: 0.473415 | Z23: 0.48504179 | AA23: 0.47332504 | AB23: 0.476919 | AC23: 0.46900814 | AD23: 0.47292911 | AE23: 0.47271412 | AF23: 0.46439917 | AG23: 0.45770752 | AH23: 0.45474975 | AI23: 0.45335556 | AJ23: 0.43953115 | AK23: 0.44897399 | AL23: 0.44740028 | AM23: 0.44311551 | AN23: 0.44439166 | AO23: 0.43995196 | AP23: 0.43409911 | AQ23: 0.43152407 | AR23: 0.41684881 | AS23: 0.40433958 | AT23: 0.40873983 | AU23: 0.39086837 | AV23: 0.37509693 | AW23: 0.35244174 | AX23: 0.31359792 | AY23: 0.27671402 | AZ23: 0.26092233 | BA23: 0.24369266 | BB23: 0.24113049 | BC23: 0.23417333 | BD23: 0.21652593 | BE23: 0.20896506 | BF23: 0.20171674 | BG23: 0.17359413 | BH23: 0.16952381 | BI23: 0.15302267 | BJ23: 0.13296903
A24: Andel el av slutlig energianvändning inom transport (%) | B24: Electricity share of final energy consumption in transport | C24: =IF(Innehåll_Content!$E$2="Svenska",A24,B24) -> Andel el av slutlig energianvändning inom transport (%) | D24: 0.11358165 | E24: 0.085790652 | F24: 0.076142078 | G24: 0.066159892 | H24: 0.05823345 | I24: 0.052643239 | J24: 0.048228489 | K24: 0.039747955 | L24: 0.035156671 | M24: 0.033919496 | N24: 0.032317856 | O24: 0.030369184 | P24: 0.031085227 | Q24: 0.029964702 | R24: 0.03045002 | S24: 0.030379191 | T24: 0.028663671 | U24: 0.028105776 | V24: 0.02704294 | W24: 0.027730916 | X24: 0.02828708 | Y24: 0.026536204 | Z24: 0.027256502 | AA24: 0.02630389 | AB24: 0.033153003 | AC24: 0.032456328 | AD24: 0.033431271 | AE24: 0.035157601 | AF24: 0.040253386 | AG24: 0.037525304 | AH24: 0.034965874 | AI24: 0.038770267 | AJ24: 0.040126056 | AK24: 0.03547092 | AL24: 0.032960684 | AM24: 0.031918584 | AN24: 0.032149972 | AO24: 0.031775433 | AP24: 0.03230196 | AQ24: 0.029053822 | AR24: 0.030648852 | AS24: 0.032340643 | AT24: 0.033109648 | AU24: 0.034609342 | AV24: 0.033014229 | AW24: 0.03323116 | AX24: 0.034074074 | AY24: 0.034277198 | AZ24: 0.033773862 | BA24: 0.032394366 | BB24: 0.031161473 | BC24: 0.030129125 | BD24: 0.031296572 | BE24: 0.032102729 | BF24: 0.036144578 | BG24: 0.034090909 | BH24: 0.034364261 | BI24: 0.033989267 | BJ24: 0.037234043
A25: Slutlig energianvändning inom industrin | B25: Final energy consumption in industry | C25: =IF(Innehåll_Content!$E$2="Svenska",A25,B25) -> Slutlig energianvändning inom industrin | D25: 144.17804 | E25: 139.29141 | F25: 137.58499 | G25: 135.03377 | H25: 134.81122 | I25: 135.98423 | J25: 137.40833 | K25: 140.20694 | L25: 136.2775 | M25: 142.60667 | N25: 141.40083 | O25: 143.19694 | P25: 142.09111 | Q25: 141.30722 | R25: 142.83 | S25: 144.04 | T25: 146.10278 | U25: 148.10833 | V25: 149.72167 | W25: 136.88 | X25: 154.49167 | Y25: 159.25361 | Z25: 156.25667 | AA25: 154.90194 | AB25: 156.75639 | AC25: 156.86079 | AD25: 153.91533 | AE25: 152.00978 | AF25: 153.1644 | AG25: 152.98053 | AH25: 152.08244 | AI25: 152.71468 | AJ25: 147.94362 | AK25: 146.00364 | AL25: 139.83134 | AM25: 135.32316 | AN25: 132.38076 | AO25: 134.96678 | AP25: 140.2406 | AQ25: 141.33169 | AR25: 142.56331 | AS25: 141.08644 | AT25: 138.35695 | AU25: 139.50272 | AV25: 135.22441 | AW25: 129.11199 | AX25: 127.7 | AY25: 137.6 | AZ25: 147.7 | BA25: 155.6 | BB25: 150.6 | BC25: 148.3 | BD25: 159.1 | BE25: 159.9 | BF25: 164 | BG25: 165 | BH25: 155.4 | BI25: 151.1 | BJ25: 154.2
A26: Slutlig energianvändning inom bostäder och service m.m. | B26: Final energy consumption in recidential and service etc. | C26: =IF(Innehåll_Content!$E$2="Svenska",A26,B26) -> Slutlig energianvändning inom bostäder och service m.m. | D26: 137.78652 | E26: 137.96041 | F26: 138.24974 | G26: 138.65903 | H26: 140.12444 | I26: 139.50486 | J26: 139.20611 | K26: 149.52611 | L26: 139.04806 | M26: 142.98944 | N26: 145.46389 | O26: 147.69028 | P26: 148.22917 | Q26: 144.21222 | R26: 141.83556 | S26: 148.14222 | T26: 147.77167 | U26: 144.27778 | V26: 157.05222 | W26: 147.395 | X26: 143.17944 | Y26: 146.1925 | Z26: 147.225 | AA26: 151.42167 | AB26: 151.02611 | AC26: 153.70972 | AD26: 153.34222 | AE26: 154.71472 | AF26: 148.475 | AG26: 150.96917 | AH26: 153.76528 | AI26: 153.46 | AJ26: 162.90528 | AK26: 156.86444 | AL26: 156.92944 | AM26: 156.67472 | AN26: 152.6 | AO26: 156.58528 | AP26: 149.75139 | AQ26: 148.02444 | AR26: 154.66306 | AS26: 162.66306 | AT26: 155.39972 | AU26: 161.00333 | AV26: 145.0825 | AW26: 145.35972 | AX26: 153.7 | AY26: 161.9 | AZ26: 164.8 | BA26: 174.4 | BB26: 166.3 | BC26: 162.7 | BD26: 165.8 | BE26: 151.7 | BF26: 139.8 | BG26: 163.6 | BH26: 157.5 | BI26: 158.8 | BJ26: 164.7
A27: Slutlig energianvändning inom transport | B27: Final energy consumption in transport | C27: =IF(Innehåll_Content!$E$2="Svenska",A27,B27) -> Slutlig energianvändning inom transport | D27: 72.518144 | E27: 75.64654 | F27: 77.31086 | G27: 78.385526 | H27: 78.680499 | I27: 77.768885 | J27: 78.613056 | K27: 81.995833 | L27: 79.864722 | M27: 85.316389 | N27: 85.272778 | O27: 87.415 | P27: 85.660556 | Q27: 85.934444 | R27: 83.780278 | S27: 83.445278 | T27: 84.146389 | U27: 87.417778 | V27: 87.751389 | W27: 86.115278 | X27: 88.065334 | Y27: 89.427092 | Z27: 88.16449 | AA27: 86.943204 | AB27: 90.187909 | AC27: 87.467964 | AD27: 85.789606 | AE27: 81.434895 | AF27: 79.372204 | AG27: 80.375393 | AH27: 79.474315 | AI27: 76.189543 | AJ27: 76.460431 | AK27: 76.627715 | AL27: 74.904056 | AM27: 73.311522 | AN27: 76.887918 | AO27: 75.62621 | AP27: 76.620737 | AQ27: 86.391389 | AR27: 85.094722 | AS27: 81.381944 | AT27: 78.98 | AU27: 75.67 | AV27: 74.572222 | AW27: 70.867222 | AX27: 67.5 | AY27: 67.1 | AZ27: 68.1 | BA27: 71 | BB27: 70.6 | BC27: 69.7 | BD27: 67.1 | BE27: 62.3 | BF27: 58.1 | BG27: 61.6 | BH27: 58.2 | BI27: 55.9 | BJ27: 56.4
A29: Källa: Energimyndigheten och SCB, Årlig energibalans. | B29: Source: The Swedish Energy Agency and Statistics Sweden, Annual Energy Balance | C29: =IF(Innehåll_Content!$E$2="Svenska",A29,B29) -> Källa: Energimyndigheten och SCB, Årlig energibalans.
A31: Antal Laddbara fordon | B31: Number of electrical vehicles | C31: =IF(Innehåll_Content!$E$2="Svenska",A31,B31) -> Antal Laddbara fordon
D32: 2028 | E32: 2027 | F32: 2026 | G32: 2025 | H32: 2024 | I32: 2023 | J32: 2022 | K32: 2021 | L32: 2020 | M32: 2019 | N32: 2018 | O32: 2017 | P32: 2016 | Q32: 2015 | R32: 2014
A33: Personbilar | B33: Passenger cars | C33: =IF(Innehåll_Content!$E$2="Svenska",A33,B33) -> Personbilar | H33: 671806 | I33: 564020 | J33: 437240 | K33: 299675 | L33: 178080 | M33: 96952 | N33: 66058 | O33: 43287 | P33: 26376 | Q33: 14545 | R33: 7094
A34: Lätta Lastbilar | B34: Light duty vehicles | C34: =IF(Innehåll_Content!$E$2="Svenska",A34,B34) -> Lätta Lastbilar | H34: 28864 | I34: 21300 | J34: 13638 | K34: 8556 | L34: 5948 | M34: 3950 | N34: 2670 | O34: 1956 | P34: 1559 | Q34: 1231 | R34: 833
A35: Tunga Lastbilar | B35: Heavy duty vehicles | C35: =IF(Innehåll_Content!$E$2="Svenska",A35,B35) -> Tunga Lastbilar | H35: 931 | I35: 517 | J35: 268 | K35: 105 | L35: 54 | M35: 39 | N35: 32 | O35: 28 | P35: 24 | Q35: 24 | R35: 23
A36: Bussar | B36: Busses | C36: =IF(Innehåll_Content!$E$2="Svenska",A36,B36) -> Bussar | H36: 1607 | I36: 1374 | J36: 1062 | K36: 822 | L36: 625 | M36: 420 | N36: 237 | O36: 170 | P36: 158 | Q36: 126 | R36: 71
A37: MC | B37: Motor cycles | C37: =IF(Innehåll_Content!$E$2="Svenska",A37,B37) -> MC | H37: 2629 | I37: 2615 | J37: 2523 | K37: 2326 | L37: 1941 | M37: 1627 | N37: 1320 | O37: 878 | P37: 665 | Q37: 277 | R37: 178
A38: Total | B38: Total | C38: =IF(Innehåll_Content!$E$2="Svenska",A38,B38) -> Total | H38: 705837 | I38: 589826 | J38: 454731 | K38: 311484 | L38: 186648 | M38: 102988 | N38: 70317 | O38: 46319 | P38: 28782 | Q38: 16203 | R38: 8199
A40: Källa:Trafikanalys Vägfordon Statistik | B40: Source: Trafic analasys, statistics | C40: =IF(Innehåll_Content!$E$2="Svenska",A40,B40) -> Källa:Trafikanalys Vägfordon Statistik
A42: Antal Publika Laddningspunkter per 1000 Laddbara Fordon | B42: Number of public charging stations per 1000 electrical vehicles | C42: =IF(Innehåll_Content!$E$2="Svenska",A42,B42) -> Antal Publika Laddningspunkter per 1000 Laddbara Fordon
I43: 45658
A44: 150+ kW | B44: 150+ kW | C44: =IF(Innehåll_Content!$E$2="Svenska",A44,B44) -> 150+ kW | I44: 5.5522734
A45: 50-149 kW | B45: 50-149 kW | C45: =IF(Innehåll_Content!$E$2="Svenska",A45,B45) -> 50-149 kW | I45: 2.531746
A46: < 50 kW | B46: < 50 kW | C46: =IF(Innehåll_Content!$E$2="Svenska",A46,B46) -> < 50 kW | I46: 55.589322
A47: Totalt | B47: Total | C47: =IF(Innehåll_Content!$E$2="Svenska",A47,B47) -> Totalt | I47: 63.673341
A48: Varav OCPI | B48: Of which OCPI | C48: =IF(Innehåll_Content!$E$2="Svenska",A48,B48) -> Varav OCPI
A49: 150+ kW | B49: 150+ kW | C49: =IF(Innehåll_Content!$E$2="Svenska",A49,B49) -> 150+ kW | I49: 4.1213481
A50: 50-149 kW | B50: 50-149 kW | C50: =IF(Innehåll_Content!$E$2="Svenska",A50,B50) -> 50-149 kW | I50: 1.8743704
A51: < 50 kW | B51: < 50 kW | C51: =IF(Innehåll_Content!$E$2="Svenska",A51,B51) -> < 50 kW | I51: 31.610698
A52: Totalt | B52: Total | C52: =IF(Innehåll_Content!$E$2="Svenska",A52,B52) -> Totalt | I52: 37.606416
A53: Källa: Nobil API, Trafikanalys | B53: Source: Nobil API, Trafic analysis, statistics | C53: =IF(Innehåll_Content!$E$2="Svenska",A53,B53) -> Källa: Nobil API, Trafikanalys
A55: Andel installerad generatoreffekt per elområde 2015-, Procent och MW | B55: Share of installed capacity per bidding zone 2015-, Percent and MW | C55: =IF(Innehåll_Content!$E$2="Svenska",A55,B55) -> Andel installerad generatoreffekt per elområde 2015-, Procent och MW
D56: 2028 | E56: 2027 | F56: 2026 | G56: 2025 | H56: 2024 | I56: 2023 | J56: 2022 | K56: 2021 | L56: 2020 | M56: 2019 | N56: 2018 | O56: 2017 | P56: 2016 | Q56: 2015
A57: SE1 | B57: SE1 | C57: =IF(Innehåll_Content!$E$2="Svenska",A57,B57) -> SE1 | I57: 0.16798161 | J57: 0.17787505 | K57: 0.16908839 | L57: 0.16289085 | M57: 0.15980285 | N57: 0.15519585 | O57: 0.15201387 | P57: 0.14969614 | Q57: 0.1495405
A58: SE2 | B58: SE2 | C58: =IF(Innehåll_Content!$E$2="Svenska",A58,B58) -> SE2 | I58: 0.30915785 | J58: 0.31285735 | K58: 0.31065856 | L58: 0.28830604 | M58: 0.27578313 | N58: 0.27146532 | O58: 0.27553456 | P58: 0.25191616 | Q58: 0.27226823
A59: SE3 | B59: SE3 | C59: =IF(Innehåll_Content!$E$2="Svenska",A59,B59) -> SE3 | I59: 0.40599614 | J59: 0.39904078 | K59: 0.41328743 | L59: 0.44013286 | M59: 0.45565185 | N59: 0.46228705 | O59: 0.45780045 | P59: 0.46910579 | Q59: 0.47192486
A60: SE4 | B60: SE4 | C60: =IF(Innehåll_Content!$E$2="Svenska",A60,B60) -> SE4 | I60: 0.1168644 | J60: 0.11022682 | K60: 0.10696562 | L60: 0.10867026 | M60: 0.10876218 | N60: 0.11105179 | O60: 0.11465112 | P60: 0.1292819 | Q60: 0.10626641
A61: Totalt | B61: Total | C61: =IF(Innehåll_Content!$E$2="Svenska",A61,B61) -> Totalt | I61: 51333 | J61: 47747 | K61: 44734 | L61: 43655 | M61: 42809 | N61: 41206 | O61: 39799 | P61: 40315 | Q61: 39608
A63: Källa: Energimyndigheten och SCB, Årlig energistatistik (El, gas och fjärrvärme) | B63: Source: The Swedish Energy Agency and Statistics Sweden, Annual Energy Statistics (Electricity, gas, districts heating) | C63: =IF(Innehåll_Content!$E$2="Svenska",A63,B63) -> Källa: Energimyndigheten och SCB, Årlig energistatistik (El, gas och fjärrvärme)
A65: Andel elproduktion (netto) per elområde 2021-, Procent och TWh | B65: Share of electrical production(net) per bidding zone 2021-, Percent, TWh | C65: =IF(Innehåll_Content!$E$2="Svenska",A65,B65) -> Andel elproduktion (netto) per elområde 2021-, Procent och TWh
D66: 2028 | E66: 2027 | F66: 2026 | G66: 2025 | H66: 2024 | I66: 2023 | J66: 2022 | K66: 2021
A67: SE1 | B67: SE1 | C67: =IF(Innehåll_Content!$E$2="Svenska",A67,B67) -> SE1 | H67: 0.14703337 | I67: 0.15823296 | J67: 0.17049435 | K67: 0.16589938
A68: SE2 | B68: SE2 | C68: =IF(Innehåll_Content!$E$2="Svenska",A68,B68) -> SE2 | H68: 0.31991474 | I68: 0.30568816 | J68: 0.32529922 | K68: 0.3104193
A69: SE3 | B69: SE3 | C69: =IF(Innehåll_Content!$E$2="Svenska",A69,B69) -> SE3 | H69: 0.46741914 | I69: 0.46830322 | J69: 0.4467529 | K69: 0.47278602
A70: SE4 | B70: SE4 | C70: =IF(Innehåll_Content!$E$2="Svenska",A70,B70) -> SE4 | H70: 0.065632746 | I70: 0.067775656 | J70: 0.057453535 | K70: 0.050895298
A71: Totalt | B71: Total | C71: =IF(Innehåll_Content!$E$2="Svenska",A71,B71) -> Totalt | H71: 169.839 | I71: 163.392 | J71: 169.859 | K71: 152.4
A73: Källa: Energimyndigheten och SCB, Månatlig energistatistik | B73: Source: The Swedish Energy Agency and Statistics Sweden, Monthly energy statistics | C73: =IF(Innehåll_Content!$E$2="Svenska",A73,B73) -> Källa: Energimyndigheten och SCB, Månatlig energistatistik
A76: Elanvändndning per elområde, totala förluster samt andel elanvändning per elområde (exklusive förluster) 2021-, Procent och TWh | B76: Electricity consumption per bidding zone, total losses an share of electricity per bidding zone (excluding losses) 2021-, Percent and TWh | C76: =IF(Innehåll_Content!$E$2="Svenska",A76,B76) -> Elanvändndning per elområde, totala förluster samt andel elanvändning per elområde (exklusive förluster) 2021-, Procent och TWh
D77: 2028 | E77: 2027 | F77: 2026 | G77: 2025 | H77: 2024 | I77: 2023 | J77: 2022 | K77: 2021
A78: SE1 | B78: SE1 | C78: =IF(Innehåll_Content!$E$2="Svenska",A78,B78) -> SE1 | H78: 0.086130541 | I78: 0.088758187 | J78: 0.087438974 | K78: 0.082596538
A79: SE2 | B79: SE2 | C79: =IF(Innehåll_Content!$E$2="Svenska",A79,B79) -> SE2 | H79: 0.12309181 | I79: 0.12457485 | J79: 0.12501006 | K79: 0.11856411
A80: SE3 | B80: SE3 | C80: =IF(Innehåll_Content!$E$2="Svenska",A80,B80) -> SE3 | H80: 0.6195284 | I80: 0.61590845 | J80: 0.61453949 | K80: 0.62137591
A81: SE4 | B81: SE4 | C81: =IF(Innehåll_Content!$E$2="Svenska",A81,B81) -> SE4 | H81: 0.17124925 | I81: 0.17075851 | J81: 0.17301147 | K81: 0.17746345
A82: Förluster | B82: Losses | C82: =IF(Innehåll_Content!$E$2="Svenska",A82,B82) -> Förluster | H82: 9.429 | I82: 9.586 | J82: 10.201 | K82: 8.795
A84: Källa: Energimyndigheten och SCB, Årlig energistatistik (El, gas och fjärrvärme) och Månatlig energistatistik | B84: Source: The Swedish Energy Agency and Statistics Sweden, Monthly energy statistics | C84: =IF(Innehåll_Content!$E$2="Svenska",A84,B84) -> Källa: Energimyndigheten och SCB, Årlig energistatistik (El, gas och fjärrvärme) och Månatlig energistatistik
A86: Utbyggnadstakt av elproduktion från kärnkraft, vindkraft och solkraft 1975-, TWh/år | B86: Electricity generation growth rate for nuclear power, wind power and solar power 1975-, TWh/year | C86: =IF(Innehåll_Content!$E$2="Svenska",A86,B86) -> Utbyggnadstakt av elproduktion från kärnkraft, vindkraft och solkraft 1975-, TWh/år
D87: 2028 | E87: 2027 | F87: 2026 | G87: 2025 | H87: 2024 | I87: 2023 | J87: 2022 | K87: 2021 | L87: 2020 | M87: 2019 | N87: 2018 | O87: 2017 | P87: 2016 | Q87: 2015 | R87: 2014 | S87: 2013 | T87: 2012 | U87: 2011 | V87: 2010 | W87: 2009 | X87: 2008 | Y87: 2007 | Z87: 2006 | AA87: 2005 | AB87: 2004 | AC87: 2003 | AD87: 2002 | AE87: 2001 | AF87: 2000 | AG87: 1999 | AH87: 1998 | AI87: 1997 | AJ87: 1996 | AK87: 1995 | AL87: 1994 | AM87: 1993 | AN87: 1992 | AO87: 1991 | AP87: 1990 | AQ87: 1989 | AR87: 1988 | AS87: 1987 | AT87: 1986 | AU87: 1985 | AV87: 1984 | AW87: 1983 | AX87: 1982 | AY87: 1981 | AZ87: 1980 | BA87: 1979 | BB87: 1978 | BC87: 1977 | BD87: 1976 | BE87: 1975 | BF87: 1974 | BG87: 1973 | BH87: 1972 | BI87: 1971 | BJ87: 1970
A88: Kärnkraft 5-års genomsnitt | B88: Nuclear power 5 year average | C88: =IF(Innehåll_Content!$E$2="Svenska",A88,B88) -> Kärnkraft 5-års genomsnitt | AT88: 6.1768 | AU88: 6.1024 | AV88: 5.682 | AW88: 3.2712 | AX88: 3.66 | AY88: 4.16 | AZ88: 2.78 | BA88: 3.64 | BB88: 4.14 | BC88: 3.52 | BD88: 3.02 | BE88: 2.28
A89: Kärnkraft 10-års genomsnitt | B89: Nuclear power 10 year average | C89: =IF(Innehåll_Content!$E$2="Svenska",A89,B89) -> Kärnkraft 10-års genomsnitt | AT89: 5.1684 | AU89: 4.4412 | AV89: 4.661 | AW89: 3.7056 | AX89: 3.59 | AY89: 3.59 | AZ89: 2.53
A90: Vindkraft 5-årssnitt | B90: Wind power 5 year average | C90: =IF(Innehåll_Content!$E$2="Svenska",A90,B90) -> Vindkraft 5-årssnitt | D90: 2.645 | E90: 2.608 | F90: 3.4584 | G90: 2.9147778 | H90: 4.0906667 | I90: 3.5 | J90: 3.0902778 | K90: 2.3257778 | L90: 2.2406667 | M90: 1.7225 | N90: 1.3548889 | O90: 2.0886667 | P90: 1.8738333 | Q90: 2.5672778 | R90: 1.7487778 | S90: 1.5683333 | T90: 1.1467222 | U90: 1.0243889 | V90: 0.50938889 | W90: 0.32805556 | X90: 0.27391111 | Y90: 0.16473333 | Z90: 0.10126667 | AA90: 0.096488889 | AB90: 0.0984 | AC90: 0.0646 | AD90: 0.081 | AE90: 0.0676 | AF90: 0.0716 | AG90: 0.0572 | AH90: 0.052 | AI90: 0.0344 | AJ90: 0.0262 | AK90: 0.0186
A91: Vindkraft 10-års genomsnitt | B91: Wind power 10 year average | C91: =IF(Innehåll_Content!$E$2="Svenska",A91,B91) -> Vindkraft 10-års genomsnitt | D91: 3.0683333 | E91: 2.8491389 | F91: 2.8920556 | G91: 2.5777222 | H91: 2.9065833 | I91: 2.4 | J91: 2.5894722 | K91: 2.0998056 | L91: 2.4039722 | M91: 1.7356389 | N91: 1.4616111 | O91: 1.6176944 | P91: 1.4491111 | Q91: 1.5383333 | R91: 1.0384167 | S91: 0.92112222 | T91: 0.65572778 | U91: 0.56282778 | V91: 0.30293889 | W91: 0.21322778 | X91: 0.16925556 | Y91: 0.12286667 | Z91: 0.084433333 | AA91: 0.084044444 | AB91: 0.0778 | AC91: 0.0583 | AD91: 0.0577 | AE91: 0.0469 | AF91: 0.0451
A92: Solkraft 5-års genomsnitt | B92: Solar power 5 year average | C92: =IF(Innehåll_Content!$E$2="Svenska",A92,B92) -> Solkraft 5-års genomsnitt | D92: 1.1796 | E92: 1.207 | F92: 1.0748 | G92: 0.93905556 | H92: 0.73197778 | I92: 0.56862222 | J92: 0.36483333 | K92: 0.1965 | L92: 0.14155556 | M92: 0.080833333 | N92: 0.044777778 | O92: 0.024388889 | P92: 0.026
A93: Solkraft 10-års genomsnitt | B93: Solar power 10 year average | C93: =IF(Innehåll_Content!$E$2="Svenska",A93,B93) -> Solkraft 10-års genomsnitt | D93: 0.87411111 | E93: 0.78591667 | F93: 0.63569444 | G93: 0.54030556 | H93: 0.40640556 | I93: 0.3067 | J93: 0.19461111 | K93: 0.11125
A95: Källa: Energimyndigheten och SCB, Årlig energibalans. | B95: Source: The Swedish Energy Agency and Statistics Sweden, Annual Energy Balance | C95: =IF(Innehåll_Content!$E$2="Svenska",A95,B95) -> Källa: Energimyndigheten och SCB, Årlig energibalans.

Sheet 6
A1: Tillbaka till innehåll | B1: Back to content | C1: =IF(Innehåll_Content!$E$2="Svenska",A1,B1) -> Tillbaka till innehåll
A2: 6. Energiintensitet | B2: 6. Energy intensity | C2: =IF(Innehåll_Content!$E$2="Svenska",A2,B2) -> 6. Energiintensitet
A4: Tillförd energi (temperaturkorrigerad) per BNP, procent (basår 2005), 1993– | B4: Primary energy consumption (temperature corrected) per GDP, percent (base year 2005), 1993– | C4: =IF(Innehåll_Content!$E$2="Svenska",A4,B4) -> Tillförd energi (temperaturkorrigerad) per BNP, procent (basår 2005), 1993–
D5: 2023 | E5: 2022 | F5: 2021 | G5: 2020 | H5: 2019 | I5: 2018 | J5: 2017 | K5: 2016 | L5: 2015 | M5: 2014 | N5: 2013 | O5: 2012 | P5: 2011 | Q5: 2010 | R5: 2009 | S5: 2008 | T5: 2007 | U5: 2006 | V5: 2005 | W5: 2004 | X5: 2003 | Y5: 2002 | Z5: 2001 | AA5: 2000 | AB5: 1999 | AC5: 1998 | AD5: 1997 | AE5: 1996 | AF5: 1995 | AG5: 1994 | AH5: 1993
A6: Total tillförsel exkl. utrikes transport och icke-energiändamål per BNP | B6: Primary energy consumption, excl. international transport and non-energy use, per GDP | C6: =IF(Innehåll_Content!$E$2="Svenska",A6,B6) -> Total tillförsel exkl. utrikes transport och icke-energiändamål per BNP | D6: -0.382 | E6: -0.36 | F6: -0.335 | G6: -0.31 | H6: -0.288 | I6: -0.256 | J6: -0.248 | K6: -0.235 | L6: -0.258 | M6: -0.18 | N6: -0.156 | O6: -0.125 | P6: -0.138 | Q6: -0.116 | R6: -0.125 | S6: -0.096 | T6: -0.106 | U6: -0.06 | V6: 0 | W6: 0.07 | X6: 0.067 | Y6: 0.091 | Z6: 0.106 | AA6: 0.084 | AB6: 0.188 | AC6: 0.24 | AD6: 0.259 | AE6: 0.346 | AF6: 0.318 | AG6: 0.361 | AH6: 0.336
A8: Källa: SCB och Energimyndigheten | B8: Source: Statistics Sweden and The Swedish Energy Agency | C8: =IF(Innehåll_Content!$E$2="Svenska",A8,B8) -> Källa: SCB och Energimyndigheten
A12: Tillförd och slutanvänd energi (TWh) och BNP (miljarder kr i 2023 års penningvärde), 1993– | B12: Primary and final energy consumption (TWh) and GDP (real 2023 SEK, billion), 1993– | C12: =IF(Innehåll_Content!$E$2="Svenska",A12,B12) -> Tillförd och slutanvänd energi (TWh) och BNP (miljarder kr i 2023 års penningvärde), 1993–
D13: 2023 | E13: 2022 | F13: 2021 | G13: 2020 | H13: 2019 | I13: 2018 | J13: 2017 | K13: 2016 | L13: 2015 | M13: 2014 | N13: 2013 | O13: 2012 | P13: 2011 | Q13: 2010 | R13: 2009 | S13: 2008 | T13: 2007 | U13: 2006 | V13: 2005 | W13: 2004 | X13: 2003 | Y13: 2002 | Z13: 2001 | AA13: 2000 | AB13: 1999 | AC13: 1998 | AD13: 1997 | AE13: 1996 | AF13: 1995 | AG13: 1994 | AH13: 1993
A14: Tillförd energi (exkl. utrikes transporter och icke-energiändamål) | B14: Primary energy consumption (excl. international transport and non-energy use) | C14: =IF(Innehåll_Content!$E$2="Svenska",A14,B14) -> Tillförd energi (exkl. utrikes transporter och icke-energiändamål) | D14: 486.6 | E14: 500.1 | F14: 513.1 | G14: 490.1 | H14: 524.3 | I14: 535.7 | J14: 532.2 | K14: 532.3 | L14: 500.3 | M14: 526.2 | N14: 538.4 | O14: 554 | P14: 540.3 | Q14: 555.4 | R14: 507.2 | S14: 542.1 | T14: 542.2 | U14: 554.6 | V14: 564.7 | W14: 589.2 | X14: 565.7 | Y14: 564 | Z14: 560.1 | AA14: 529.6 | AB14: 564.7 | AC14: 568.1 | AD14: 555 | AE14: 584.6 | AF14: 556.9 | AG14: 548.8 | AH14: 517
A15: Slutanvänd energi | B15: Final energy consumption | C15: =IF(Innehåll_Content!$E$2="Svenska",A15,B15) -> Slutanvänd energi | D15: 353.3 | E15: 356.2 | F15: 372.1 | G15: 355.3 | H15: 371.1 | I15: 372.4 | J15: 378.6 | K15: 376 | L15: 371.5 | M15: 368.4 | N15: 375.6 | O15: 378 | P15: 379.8 | Q15: 394.5 | R15: 370.4 | S15: 385.7 | T15: 394.9 | U15: 391.6 | V15: 393.3 | W15: 398 | X15: 398 | Y15: 393 | Z15: 388.2 | AA15: 381 | AB15: 384.3 | AC15: 385.3 | AD15: 382.4 | AE15: 387.3 | AF15: 379.5 | AG15: 371.7 | AH15: 365.3
A16: BNP (2023) | B16: GDP(2023) | C16: =IF(Innehåll_Content!$E$2="Svenska",A16,B16) -> BNP (2023) | D16: 6212 | E16: 6219 | F16: 6130 | G16: 5786 | H16: 5905 | I16: 5758 | J16: 5650 | K16: 5549 | L16: 5422 | M16: 5193 | N16: 5076 | O16: 5019 | P16: 5040 | Q16: 4885 | R16: 4620 | S16: 4825 | T16: 4870 | U16: 4718 | V16: 4507 | W16: 4385 | X16: 4209 | Y16: 4131 | Z16: 4039 | AA16: 3985 | AB16: 3808 | AC16: 3655 | AD16: 3506 | AE16: 3402 | AF16: 3345 | AG16: 3213 | AH16: 3089
A18: Källa: SCB och Energimyndigheten | B18: Source: Statistics Sweden and The Swedish Energy Agency | C18: =IF(Innehåll_Content!$E$2="Svenska",A18,B18) -> Källa: SCB och Energimyndigheten

Sheet 7
A1: Tillbaka till innehåll | B1: Back to content | C1: =IF(Innehåll_Content!$E$2="Svenska",A1,B1) -> Tillbaka till innehåll | I1: =IF(Innehåll_Content!$E$2="Svenska",'Texter och koder'!B2,'Texter och koder'!B3) -> Klicka på plus-minustecknet ovan för att visa och dölja prognosår
A2: 7. Andel förnybar energi i transportsektorn | B2: 7. Share of renewable fuels in the transport sector | C2: =IF(Innehåll_Content!$E$2="Svenska",A2,B2) -> 7. Andel förnybar energi i transportsektorn
A4: Andel förnybara drivmedel i förhållande till total mängd drivmedel i inrikes transporter utifrån energiinnehåll, 2005– | B4: Share of renewable fuels in relation to the total amount of fuels in domestic transport, based on energy content, 2005– | C4: =IF(Innehåll_Content!$E$2="Svenska",A4,B4) -> Andel förnybara drivmedel i förhållande till total mängd drivmedel i inrikes transporter utifrån energiinnehåll, 2005–
D5: 2028 | E5: 2027 | F5: 2026 | G5: 2025 | H5: 2024 | I5: 2023 | J5: 2022 | K5: 2021 | L5: 2020 | M5: 2019 | N5: 2018 | O5: 2017 | P5: 2016 | Q5: 2015 | R5: 2014 | S5: 2013 | T5: 2012 | U5: 2011 | V5: 2010 | W5: 2009 | X5: 2008 | Y5: 2007 | Z5: 2006 | AA5: 2005
A6: Andel etanol | B6: Share of ethanol | C6: =IF(Innehåll_Content!$E$2="Svenska",A6,B6) -> Andel etanol | D6: 0.016551724 | E6: 0.017195767 | F6: 0.018111255 | G6: 0.017857143 | H6: 0.017789072 | I6: 0.019159333 | J6: 0.019497455 | K6: 0.014348961 | L6: 0.010635744 | M6: 0.012186656 | N6: 0.01407723 | O6: 0.012326717 | P6: 0.013388834 | Q6: 0.016984259 | R6: 0.02124295 | S6: 0.023203191 | T6: 0.026218224 | U6: 0.026192252 | V6: 0.025107835 | W6: 0.024922815 | X6: 0.026390549 | Y6: 0.022135545 | Z6: 0.020056256 | AA6: 0.018094366
A7: Andel övriga flytande biobränslen* | B7: Share of other liquid biofuels** | C7: =IF(Innehåll_Content!$E$2="Svenska",A7,B7) -> Andel övriga flytande biobränslen* | D7: 0.0096551724 | E7: 0.011904762 | F7: 0.01164295 | G7: 0.006377551 | H7: 0.0025412961 | I7: 0.014530233 | J7: 0.0064991517 | K7: 0.0036480409 | L7: 0.006006067 | M7: 0.0011349104 | N7: 0.0036798097 | O7: 0.00065113635 | P7: 3.208972e-05 | Q7: 3.1693434e-05 | R7: 2.8009324e-05 | S7: 8.462387e-05 | T7: 0.00031071809 | U7: 0.00024714643 | V7: 0 | W7: 0 | X7: 0 | Y7: 0 | Z7: 0 | AA7: 0
A8: Andel FAME | B8: Share of FAME | C8: =IF(Innehåll_Content!$E$2="Svenska",A8,B8) -> Andel FAME | D8: 0.023448276 | E8: 0.025132275 | F8: 0.025873221 | G8: 0.025510204 | H8: 0.025412961 | I8: 0.039347356 | J8: 0.033897536 | K8: 0.030643543 | L8: 0.044544997 | M8: 0.04132136 | N8: 0.038084792 | O8: 0.028442766 | P8: 0.030022869 | Q8: 0.03787077 | R8: 0.039148552 | S8: 0.026592567 | T8: 0.02632913 | U8: 0.021708587 | V8: 0.019194937 | W8: 0.017522947 | X8: 0.013753478 | Y8: 0.010732243 | Z8: 0.0053307824 | AA8: 0.00086938615
A9: Andel biogas | B9: Share of biogas | C9: =IF(Innehåll_Content!$E$2="Svenska",A9,B9) -> Andel biogas | D9: 0.024827586 | E9: 0.025132275 | F9: 0.02457956 | G9: 0.022959184 | H9: 0.022871665 | I9: 0.022502573 | J9: 0.02140897 | K9: 0.018361806 | L9: 0.016266432 | M9: 0.017017946 | N9: 0.016080027 | O9: 0.014676739 | P9: 0.012990224 | Q9: 0.013140881 | R9: 0.011665707 | S9: 0.010468475 | T9: 0.0096046299 | U9: 0.0083270576 | V9: 0.0065390317 | W9: 0.0047598527 | X9: 0.0037171078 | Y9: 0.0030835912 | Z9: 0.0026095034 | AA9: 0.0017912836
A10: Andel HVO | B10: Share of HVO | C10: =IF(Innehåll_Content!$E$2="Svenska",A10,B10) -> Andel HVO | D10: 0.066206897 | E10: 0.07010582 | F10: 0.072445019 | G10: 0.0625 | H10: 0.053367217 | I10: 0.15700367 | J10: 0.18490724 | K10: 0.15333932 | L10: 0.13588727 | M10: 0.12475137 | N10: 0.1342203 | O10: 0.12979842 | P10: 0.10902488 | Q10: 0.065045595 | R10: 0.04122703 | S10: 0.027076657 | T10: 0.010306328 | U10: 0.004008563 | V10: 0 | W10: 0 | X10: 0 | Y10: 0 | Z10: 0 | AA10: 0
A11: Andel förnybar el | B11: Share of renewable electricity | C11: =IF(Innehåll_Content!$E$2="Svenska",A11,B11) -> Andel förnybar el | D11: 0.080037863 | E11: 0.060110032 | F11: 0.053361486 | G11: 0.046370596 | H11: 0.040863776 | I11: 0.036804343 | J11: 0.032034912 | K11: 0.0259771 | L11: 0.023641968 | M11: 0.020017491 | N11: 0.018163642 | O11: 0.017689788 | P11: 0.017656351 | Q11: 0.019036316 | R11: 0.017100624 | S11: 0.016467157 | T11: 0.016974774 | U11: 0.015818769 | V11: 0.015052338 | W11: 0.016131611 | X11: 0.015431527 | Y11: 0.013764025 | Z11: 0.013487998 | AA11: 0.013524202
A12: Andel förnybar energi i transportsektorn enligt förnybartdirektivets beräkningsmetod | B12: Share of energy from renewable sources in the transport sector, calculated in accordance with the Renewable Energy Directive | C12: =IF(Innehåll_Content!$E$2="Svenska",A12,B12) -> Andel förnybar energi i transportsektorn enligt förnybartdirektivets beräkningsmetod | D12: - | E12: - | F12: - | G12: - | H12: - | I12: 0.3365 | J12: 0.2884 | K12: 0.2868 | L12: 0.31854277 | M12: 0.30309034 | N12: 0.29695598 | O12: 0.26842169 | P12: 0.26559872 | Q12: 0.21489531 | R12: 0.18830994 | S12: 0.15315265 | T12: 0.13776766 | U12: 0.11938189 | V12: 0.09626668 | W12: 0.093556872 | X12: 0.086931373 | Y12: 0.084211332 | Z12: 0.0751 | AA12: 0.066
A14: Källa: Energimyndigheten, SCB och Energigas Sverige | B14: Source: The Swedish Energy Agency, Statistics Sweden and Energigas Sverige | C14: =IF(Innehåll_Content!$E$2="Svenska",A14,B14) -> Källa: Energimyndigheten, SCB och Energigas Sverige
A16: * BioETBE, biobensin, bionafta etc. | B16: ** BioETBE, bio gasoline, bio napfhta etc. | C16: =IF(Innehåll_Content!$E$2="Svenska",A16,B16) -> * BioETBE, biobensin, bionafta etc.

Sheet 8
A1: Tillbaka till innehåll | B1: Back to content | C1: =IF(Innehåll_Content!$E$2="Svenska",A1,B1) -> Tillbaka till innehåll
A2: 8. Vägfordon och bränsleförbrukning i transportsektorn | B2: 8. Road vehicles and fuel consumption in the transport sector | C2: =IF(Innehåll_Content!$E$2="Svenska",A2,B2) -> 8. Vägfordon och bränsleförbrukning i transportsektorn
A4: Nyregistrering och avregistrering av bilar, 2001– | B4: New registrations and deregistrations of cars, 2001– | C4: =IF(Innehåll_Content!$E$2="Svenska",A4,B4) -> Nyregistrering och avregistrering av bilar, 2001–
D5: 2024 | E5: 2023 | F5: 2022 | G5: 2021 | H5: 2020 | I5: 2019 | J5: 2018 | K5: 2017 | L5: 2016 | M5: 2015 | N5: 2014 | O5: 2013 | P5: 2012 | Q5: 2011 | R5: 2010 | S5: 2009 | T5: 2008 | U5: 2007 | V5: 2006 | W5: 2005 | X5: 2004 | Y5: 2003 | Z5: 2002 | AA5: 2001
A6: Nyregistrering | B6: New registrations | C6: =IF(Innehåll_Content!$E$2="Svenska",A6,B6) -> Nyregistrering | D6: 277338 | E6: 298107 | F6: 299220 | G6: 314313 | H6: 303196 | I6: 366961 | J6: 365535 | K6: 392728 | L6: 388014 | M6: 361932 | N6: 324037 | O6: 292178 | P6: 301335 | Q6: 326649 | R6: 308734 | S6: 228528 | T6: 276344 | U6: 338538 | V6: 313822 | W6: 311779 | X6: 311536 | Y6: 307068 | Z6: 293919 | AA6: 290262
A7: Avregistrering | B7: Deregistrations | C7: =IF(Innehåll_Content!$E$2="Svenska",A7,B7) -> Avregistrering | D7: -302708 | E7: -284983 | F7: -264585 | G7: -262016 | H7: -278374 | I7: -303777 | J7: -308504 | K7: -253957 | L7: -225696 | M7: -215212 | N7: -195153 | O7: -299606 | P7: -210305 | Q7: -204786 | R7: -208449 | S7: -178202 | T7: -178955 | U7: -243642 | V7: -290245 | W7: -252525 | X7: -242979 | Y7: -254545 | Z7: -291048 | AA7: -301436
A8: Nettoökning | B8: Net increase | C8: =IF(Innehåll_Content!$E$2="Svenska",A8,B8) -> Nettoökning | D8: -25370 | E8: 13124 | F8: 34635 | G8: 52297 | H8: 24822 | I8: 63184 | J8: 57031 | K8: 138771 | L8: 162318 | M8: 146720 | N8: 128884 | O8: -7428 | P8: 91030 | Q8: 121863 | R8: 100285 | S8: 50326 | T8: 97389 | U8: 94896 | V8: 23577 | W8: 59254 | X8: 68557 | Y8: 52523 | Z8: 2871 | AA8: -11174
A10: Källa: Fordon 2023, Trafikanalys | B10: Source: Vehicles 2023, Transport Analysis | C10: =IF(Innehåll_Content!$E$2="Svenska",A10,B10) -> Källa: Fordon 2023, Trafikanalys
A13: Antal bilar i bilparken totalt och per capita, 2001–2023 | B13: No of cars in national fleet and per capita, 2001–2023 | C13: =IF(Innehåll_Content!$E$2="Svenska",A13,B13) -> Antal bilar i bilparken totalt och per capita, 2001–2023
D14: 2024 | E14: 2023 | F14: 2022 | G14: 2021 | H14: 2020 | I14: 2019 | J14: 2018 | K14: 2017 | L14: 2016 | M14: 2015 | N14: 2014 | O14: 2013 | P14: 2012 | Q14: 2011 | R14: 2010 | S14: 2009 | T14: 2008 | U14: 2007 | V14: 2006 | W14: 2005 | X14: 2004 | Y14: 2003 | Z14: 2002 | AA14: 2001
A15: Antal bilar i trafik | B15: Total car fleet | C15: =IF(Innehåll_Content!$E$2="Svenska",A15,B15) -> Antal bilar i trafik | D15: 4977791 | E15: 4977163 | F15: 4980543 | G15: 4986750 | H15: 4944067 | I15: 4887904 | J15: 4880568 | K15: 4855007 | L15: 4776744 | M15: 4678271 | N15: 4582559 | O15: 4502320 | P15: 4457145 | Q15: 4408749 | R15: 4342782 | S15: 4308269 | T15: 4284803 | U15: 4263530 | V15: 4207461 | W15: 4153674 | X15: 4113424 | Y15: 4075414 | Z15: 4042792 | AA15: 4018533
A16: Antal bilar per capita | B16: No of cars per capita | C16: =IF(Innehåll_Content!$E$2="Svenska",A16,B16) -> Antal bilar per capita | D16: 0.47014803 | E16: 0.47169268 | F16: 0.47336563 | G16: 0.47709476 | H16: 0.47757735 | I16: 0.47328607 | J16: 0.47707524 | K16: 0.4797323 | L16: 0.47790604 | M16: 0.47490234 | N16: 0.47013359 | O16: 0.46681011 | P16: 0.46642894 | Q16: 0.4649179 | R16: 0.4612341 | S16: 0.46123709 | T16: 0.46290432 | U16: 0.46428878 | V16: 0.46168576 | W16: 0.45908354 | X16: 0.45646932 | Y16: 0.45405123 | Z16: 0.45217401 | AA16: 0.45105795
A18: Källa: Fordon 2023, Trafikanalys | B18: Source: Vehicles 2023, Transport Analysis | C18: =IF(Innehåll_Content!$E$2="Svenska",A18,B18) -> Källa: Fordon 2023, Trafikanalys
A21: Andel icke-konventionella personbilar i nybilsförsäljningen, 2001– | B21: Share of non-conventional passenger cars in new car sales, 2001– | C21: =IF(Innehåll_Content!$E$2="Svenska",A21,B21) -> Andel icke-konventionella personbilar i nybilsförsäljningen, 2001–
D22: 2024 | E22: 2023 | F22: 2022 | G22: 2021 | H22: 2020 | I22: 2019 | J22: 2018 | K22: 2017 | L22: 2016 | M22: 2015 | N22: 2014 | O22: 2013 | P22: 2012 | Q22: 2011 | R22: 2010 | S22: 2009 | T22: 2008 | U22: 2007 | V22: 2006 | W22: 2005 | X22: 2004 | Y22: 2003 | Z22: 2002 | AA22: 2001
A23: El | B23: Electric | C23: =IF(Innehåll_Content!$E$2="Svenska",A23,B23) -> El | D23: 0.34196179 | E23: 0.37830376 | F23: 0.32137892 | G23: 0.18415083 | H23: 0.092669428 | I23: 0.043042721 | J23: 0.019552163 | K23: 0.011552323 | L23: 0.0077136392 | M23: 0.008056762 | N23: 0.0039069612 | O23: 0.0015470022 | P23: 0.00087610135 | Q23: 0.00056635716 | R23: 3.5629377e-05 | S23: 0.00012689911 | T23: 3.6186782e-06 | U23: 5.9077563e-06 | V23: 6.3732426e-06 | W23: 3.6423238e-06 | X23: 0 | Y23: 3.8230245e-06 | Z23: 3.918265e-06 | AA23: 8.1074398e-06
A24: Elhybrider | B24: Electric hybrids | C24: =IF(Innehåll_Content!$E$2="Svenska",A24,B24) -> Elhybrider | D24: 0.091830186 | E24: 0.089028436 | F24: 0.094763051 | G24: 0.076792878 | H24: 0.074598609 | I24: 0.090262998 | J24: 0.057504753 | K24: 0.047441131 | L24: 0.035143062 | M24: 0.024228308 | N24: 0.021769119 | O24: 0.017694693 | P24: 0.010095077 | Q24: 0.0089606887 | R24: 0.012049207 | S24: 0.01349944 | T24: 0.015364908 | U24: 0.010025462 | V24: 0.0090850573 | W24: 0.0070916044 | X24: 0.0027839981 | Y24: 0.00034024918 | Z24: 0.00044276394 | AA24: 0.00034051247
A25: Laddhybrider | B25: Plug-in hybrids | C25: =IF(Innehåll_Content!$E$2="Svenska",A25,B25) -> Laddhybrider | D25: 0.2281476 | E25: 0.20541282 | F25: 0.22316356 | G25: 0.24879658 | H25: 0.21812293 | I25: 0.067873698 | J25: 0.059668705 | K25: 0.040694005 | L25: 0.026519662 | M25: 0.015892488 | N25: 0.010526576 | O25: 0.0037956314 | P25: 0.0021836162 | Q25: 0 | R25: 0 | S25: 0 | T25: 0 | U25: 0 | V25: 0 | W25: 0 | X25: 0 | Y25: 0 | Z25: 0 | AA25: 0
A26: Etanol | B26: Ethanol | C26: =IF(Innehåll_Content!$E$2="Svenska",A26,B26) -> Etanol | D26: 0.014444468 | E26: 0.0141627 | F26: 0.0064734978 | G26: 0.0041360046 | H26: 0.00023087376 | I26: 0.0031801745 | J26: 0.0027904305 | K26: 0.0027741863 | L26: 0.002206106 | M26: 0.0037852414 | N26: 0.0083046072 | O26: 0.011099398 | P26: 0.019592812 | Q26: 0.046787224 | R26: 0.11487235 | S26: 0.17575527 | T26: 0.21358886 | U26: 0.10490107 | V26: 0.083228175 | W26: 0.034379894 | X26: 0.020327725 | Y26: 0.012799486 | Z26: 0.0035773759 | AA26: 0
A27: Gas | B27: Gas | C27: =IF(Innehåll_Content!$E$2="Svenska",A27,B27) -> Gas | D27: 0.0039879137 | E27: 0.0068230535 | F27: 0.0064133414 | G27: 0.004925027 | H27: 0.011626143 | I27: 0.013532773 | J27: 0.0089950347 | K27: 0.010106692 | L27: 0.0098192333 | M27: 0.014143541 | N27: 0.015495144 | O27: 0.013255618 | P27: 0.018036405 | Q27: 0.020260279 | R27: 0.022689435 | S27: 0.026801967 | T27: 0.0050191066 | U27: 0.0051958717 | V27: 0.011554689 | W27: 0.0063631397 | X27: 0.0037977365 | Y27: 0.0036815726 | Z27: 0.003785044 | AA27: 0.00034051247
A29: Källa: Fordon 2023, Trafikanalys | B29: Source: Vehicles 2023, Transport Analysis | C29: =IF(Innehåll_Content!$E$2="Svenska",A29,B29) -> Källa: Fordon 2023, Trafikanalys
A32: Bilar i trafik uppdelat på drivmedelskategori, 2001– | B32: No of regsitered cars, by fuel source, 2001- | C32: =IF(Innehåll_Content!$E$2="Svenska",A32,B32) -> Bilar i trafik uppdelat på drivmedelskategori, 2001–
D33: 2024 | E33: 2023 | F33: 2022 | G33: 2021 | H33: 2020 | I33: 2019 | J33: 2018 | K33: 2017 | L33: 2016 | M33: 2015 | N33: 2014 | O33: 2013 | P33: 2012 | Q33: 2011 | R33: 2010 | S33: 2009 | T33: 2008 | U33: 2007 | V33: 2006 | W33: 2005 | X33: 2004 | Y33: 2003 | Z33: 2002 | AA33: 2001
A34: Bensin | B34: Petrol | C34: =IF(Innehåll_Content!$E$2="Svenska",A34,B34) -> Bensin | D34: 0.46958581 | E34: 0.48331168 | F34: 0.49913734 | G34: 0.51797283 | H34: 0.53761488 | I34: 0.55166714 | J34: 0.56445725 | K34: 0.58120843 | L34: 0.60459133 | M34: 0.63246571 | N34: 0.66539787 | O34: 0.69523068 | P34: 0.72620792 | Q34: 0.7630727 | R34: 0.80123916 | S34: 0.83728477 | T34: 0.86333514 | U34: 0.89244898 | V34: 0.92207605 | W34: 0.94014985 | X34: 0.9466639 | Y34: 0.950036 | Z34: 0.95234209 | AA34: 0.95369031
A35: Diesel | B35: Diesel | C35: =IF(Innehåll_Content!$E$2="Svenska",A35,B35) -> Diesel | D35: 0.31301656 | E35: 0.32294743 | F35: 0.3347378 | G35: 0.34614007 | H35: 0.35241533 | I35: 0.35596116 | J35: 0.34923333 | K35: 0.33879704 | L35: 0.32024827 | M35: 0.29536211 | N35: 0.26716295 | O35: 0.23721948 | P35: 0.20735179 | Q35: 0.17375496 | R35: 0.13967314 | S35: 0.11236137 | T35: 0.097279151 | U35: 0.082536537 | V35: 0.061974906 | W35: 0.052467767 | X35: 0.049754414 | Y35: 0.048027513 | Z35: 0.04675457 | AA35: 0.045913521
A36: Etanol | B36: Ethanol | C36: =IF(Innehåll_Content!$E$2="Svenska",A36,B36) -> Etanol | D36: 0.033507433 | E36: 0.034699486 | F36: 0.035802522 | G36: 0.037181531 | H36: 0.039219533 | I36: 0.041267995 | J36: 0.043516451 | K36: 0.045359976 | L36: 0.047058833 | M36: 0.048773361 | N36: 0.050107593 | O36: 0.050801809 | P36: 0.050675488 | Q36: 0.049486827 | R36: 0.047079499 | S36: 0.040655075 | T36: 0.032020375 | U36: 0.018982862 | V36: 0.011062253 | W36: 0.0051308793 | X36: 0.0023202082 | Y36: 0.0010801357 | Z36: 0.00027604685 | AA36: 5.5492888e-05
A37: El | B37: Battery electric | C37: =IF(Innehåll_Content!$E$2="Svenska",A37,B37) -> El | D37: 0.071971684 | E37: 0.058603265 | F37: 0.039696274 | G37: 0.022093949 | H37: 0.011272905 | I37: 0.0061926339 | J37: 0.0034143567 | K37: 0.0022727053 | L37: 0.0015768063 | M37: 0.0010185387 | N37: 0.00047397098 | O37: 0.00022432879 | P37: 0.0001352884 | Q37: 8.3016747e-05 | R37: 4.3750757e-05 | S37: 3.644155e-05 | T37: 3.0106402e-05 | U37: 2.9552976e-05 | V37: 2.8045417e-05 | W37: 2.9612338e-05 | X37: 3.5250439e-05 | Y37: 4.4167292e-05 | Z37: 5.1202238e-05 | AA37: 6.3207145e-05
A38: Laddhybrid | B38: Plug-in hybrid electric | C38: =IF(Innehåll_Content!$E$2="Svenska",A38,B38) -> Laddhybrid | D38: 0.062988984 | E38: 0.05471832 | F38: 0.04809335 | G38: 0.038000301 | H38: 0.024734697 | I38: 0.013627313 | J38: 0.010120543 | K38: 0.0066432448 | L38: 0.0039449466 | M38: 0.0020905159 | N38: 0.0010740724 | O38: 0.00036359033 | P38: 0.00014605762 | Q38: 0 | R38: 0 | S38: 0 | T38: 0 | U38: 0 | V38: 0 | W38: 0 | X38: 0 | Y38: 0 | Z38: 0 | AA38: 0
A39: Elhybrid | B39: Hybrid | C39: =IF(Innehåll_Content!$E$2="Svenska",A39,B39) -> Elhybrid | D39: 0.042017031 | E39: 0.038326251 | F39: 0.03483074 | G39: 0.030628766 | H39: 0.026387385 | I39: 0.02271444 | J39: 0.018496413 | K39: 0.014721709 | L39: 0.011556617 | M39: 0.0091439765 | N39: 0.0076223787 | O39: 0.0062983084 | P39: 0.0053170808 | Q39: 0.0048514896 | R39: 0.0044234318 | S39: 0.0037358392 | T39: 0.0031467024 | U39: 0.0022514208 | V39: 0.0014921113 | W39: 0.00084647953 | X39: 0.0004093913 | Y39: 0.00023948487 | Z39: 0.00022608138 | AA39: 0.00020081955
A40: Gas | B40: Gas | C40: =IF(Innehåll_Content!$E$2="Svenska",A40,B40) -> Gas | D40: 0.0068580621 | E40: 0.0073391207 | F40: 0.0076469574 | G40: 0.0079294129 | H40: 0.0083022742 | I40: 0.0085175568 | J40: 0.0087004218 | K40: 0.0090022527 | L40: 0.0091470257 | M40: 0.0091211048 | N40: 0.0087494782 | O40: 0.0082908367 | P40: 0.0078797078 | Q40: 0.0070296585 | R40: 0.0057504613 | S40: 0.0041431953 | T40: 0.0027945275 | U40: 0.0025556288 | V40: 0.0021701924 | W40: 0.0013645751 | X40: 0.00080273757 | Y40: 0.00055577176 | Z40: 0.00033170146 | AA40: 2.3889315e-05
A42: Källa: Fordon 2023, Trafikanalys | B42: Source: Vehicles 2023, Transport Analysis | C42: =IF(Innehåll_Content!$E$2="Svenska",A42,B42) -> Källa: Fordon 2023, Trafikanalys
A45: Energiförbrukning i personbilsflottan, uttryckt i kWh/100 km, 2006– | B45: Energy consumption of personal vehicle fleet, expressed in kWh /100 km, 2006– | C45: =IF(Innehåll_Content!$E$2="Svenska",A45,B45) -> Energiförbrukning i personbilsflottan, uttryckt i kWh/100 km, 2006–
D46: 2024 | E46: 2023 | F46: 2022 | G46: 2021 | H46: 2020 | I46: 2019 | J46: 2018 | K46: 2017 | L46: 2016 | M46: 2015 | N46: 2014 | O46: 2013 | P46: 2012 | Q46: 2011 | R46: 2010 | S46: 2009 | T46: 2008 | U46: 2007 | V46: 2006
A47: Bensin | B47: Petrol | C47: =IF(Innehåll_Content!$E$2="Svenska",A47,B47) -> Bensin | D47: 65.487521 | E47: 66.104089 | F47: 65.887525 | G47: 69.01163 | H47: 69.744743 | I47: 70.94727 | J47: 73.20167 | K47: 72.791004 | L47: 73.433972 | M47: 74.748704 | N47: 74.758951 | O47: 75.130553 | P47: 74.548242 | Q47: 76.037312 | R47: 77.998562 | S47: 80.356772 | T47: 78.970311 | U47: 81.139983 | V47: 81.621277
A48: Diesel | B48: Diesel | C48: =IF(Innehåll_Content!$E$2="Svenska",A48,B48) -> Diesel | D48: 69.523992 | E48: 68.755067 | F48: 66.850604 | G48: 70.795733 | H48: 69.588777 | I48: 70.011141 | J48: 68.873116 | K48: 71.540319 | L48: 71.430527 | M48: 72.55315 | N48: 70.178143 | O48: 70.868598 | P48: 72.617065 | Q48: 76.387185 | R48: 80.11912 | S48: 78.1883 | T48: 77.69088 | U48: 79.107047 | V48: 79.297523
A49: Etanol | B49: Ethanol | C49: =IF(Innehåll_Content!$E$2="Svenska",A49,B49) -> Etanol | D49: 80.884021 | E49: 82.602603 | F49: 82.769801 | G49: 85.539801 | H49: 85.828407 | I49: 84.610739 | J49: 85.408629 | K49: 83.549112 | L49: 82.770954 | M49: 84.10212 | N49: 83.168072 | O49: 82.623028 | P49: 82.169091 | Q49: 83.412108 | R49: 84.447328 | S49: 85.490232 | T49: 83.664313 | U49: 83.302257 | V49: 80.840974
A50: Gas | B50: Gas | C50: =IF(Innehåll_Content!$E$2="Svenska",A50,B50) -> Gas | D50: 51.963922 | E50: 44.67132 | F50: 46.109682 | G50: 42.589394 | H50: 46.611584 | I50: 50.802505 | J50: 39.61219 | K50: 46.211246 | L50: 49.216794
A51: Laddhybrid (bensin) | B51: Plug-in hybrid (petrol) | C51: =IF(Innehåll_Content!$E$2="Svenska",A51,B51) -> Laddhybrid (bensin) | D51: 48.29427 | E51: 48.017398 | F51: 47.246818 | G51: 48.624625 | H51: 49.047362 | I51: 48.771639 | J51: 48.842022 | K51: 48.176969 | L51: 47.664354
A52: Laddhybrid (diesel) | B52: Plug-in hybrid (diesel) | C52: =IF(Innehåll_Content!$E$2="Svenska",A52,B52) -> Laddhybrid (diesel) | D52: 45.805136 | E52: 45.945472 | F52: 44.53225 | G52: 45.528353 | H52: 43.387059 | I52: 43.605265 | J52: 42.514777 | K52: 43.792912 | L52: 43.198739
A53: El | B53: Electric | C53: =IF(Innehåll_Content!$E$2="Svenska",A53,B53) -> El | D53: 22.126824 | E53: 22.234725 | F53: 22.263369 | G53: 22.294036 | H53: 22.417249 | I53: 22.454768 | J53: 22.373084 | K53: 22.830912 | L53: 23.150749
A54: Genomnsitt av flottan | B54: Average of fleet | C54: =IF(Innehåll_Content!$E$2="Svenska",A54,B54) -> Genomnsitt av flottan | D54: 62.701662 | E54: 63.812088 | F54: 63.989798 | G54: 68.396607 | H54: 69.062342 | I54: 70.177032 | J54: 70.745837 | K54: 72.067348 | L54: 72.483645 | M54: 74.032257 | N54: 73.376317 | O54: 74.104052 | P54: 74.62584 | Q54: 76.759555 | R54: 78.95721 | S54: 80.2166 | T54: 78.959249 | U54: 80.948382 | V54: 81.389248
A56: Källa: HBEFA-modellen, Trafikverket | B56: Source: The Swedish Transport Administration | C56: =IF(Innehåll_Content!$E$2="Svenska",A56,B56) -> Källa: HBEFA-modellen, Trafikverket
A59: Antal bussar i trafik uppdelat på drivmedel, 2001– | B59: No of buses, by fuel, 2001– | C59: =IF(Innehåll_Content!$E$2="Svenska",A59,B59) -> Antal bussar i trafik uppdelat på drivmedel, 2001–
D60: 2024 | E60: 2023 | F60: 2022 | G60: 2021 | H60: 2020 | I60: 2019 | J60: 2018 | K60: 2017 | L60: 2016 | M60: 2015 | N60: 2014 | O60: 2013 | P60: 2012 | Q60: 2011 | R60: 2010 | S60: 2009 | T60: 2008 | U60: 2007 | V60: 2006 | W60: 2005 | X60: 2004 | Y60: 2003 | Z60: 2002 | AA60: 2001
A61: Bensin | B61: Petrol | C61: =IF(Innehåll_Content!$E$2="Svenska",A61,B61) -> Bensin | D61: 32 | E61: 34 | F61: 34 | G61: 37 | H61: 36 | I61: 35 | J61: 33 | K61: 33 | L61: 43 | M61: 39 | N61: 48 | O61: 53 | P61: 48 | Q61: 52 | R61: 57 | S61: 69 | T61: 79 | U61: 96 | V61: 114 | W61: 140 | X61: 186 | Y61: 240 | Z61: 315 | AA61: 413
A62: Diesel | B62: Diesel | C62: =IF(Innehåll_Content!$E$2="Svenska",A62,B62) -> Diesel | D62: 10086 | E62: 10319 | F62: 10437 | G62: 9872 | H62: 9862 | I62: 11711 | J62: 11402 | K62: 11373 | L62: 10940 | M62: 10972 | N62: 10891 | O62: 10867 | P62: 11461 | Q62: 11390 | R62: 11804 | S62: 11717 | T62: 11990 | U62: 11913 | V62: 12228 | W62: 12310 | X62: 12223 | Y62: 12601 | Z62: 12820 | AA62: 12975
A63: El | B63: Electric | C63: =IF(Innehåll_Content!$E$2="Svenska",A63,B63) -> El | D63: 1453 | E63: 1213 | F63: 915 | G63: 662 | H63: 472 | I63: 268 | J63: 100 | K63: 54 | L63: 38 | M63: 20 | N63: 11 | O63: 8 | P63: 6 | Q63: 4 | R63: 4 | S63: 8 | T63: 8 | U63: 9 | V63: 9 | W63: 13 | X63: 16 | Y63: 16 | Z63: 14 | AA63: 17
A64: Elhybrid/laddhybrid | B64: Electric hybrid/plug-in hybrid | C64: =IF(Innehåll_Content!$E$2="Svenska",A64,B64) -> Elhybrid/laddhybrid | D64: 154 | E64: 161 | F64: 147 | G64: 160 | H64: 153 | I64: 152 | J64: 137 | K64: 116 | L64: 120 | M64: 106 | N64: 60 | O64: 42 | P64: 36 | Q64: 2 | R64: 2 | S64: 2 | T64: 1 | U64: 1 | V64: 2 | W64: 2 | X64: 6 | Y64: 6 | Z64: 7 | AA64: 9
A65: Etanol | B65: Ethanol | C65: =IF(Innehåll_Content!$E$2="Svenska",A65,B65) -> Etanol | D65: 19 | E65: 33 | F65: 65 | G65: 96 | H65: 127 | I65: 124 | J65: 178 | K65: 293 | L65: 390 | M65: 591 | N65: 654 | O65: 795 | P65: 788 | Q65: 850 | R65: 611 | S65: 552 | T65: 514 | U65: 491 | V65: 490 | W65: 366 | X65: 379 | Y65: 399 | Z65: 403 | AA65: 410
A66: Gas | B66: Gas | C66: =IF(Innehåll_Content!$E$2="Svenska",A66,B66) -> Gas | D66: 2433 | E66: 2562 | F66: 2641 | G66: 2766 | H66: 2837 | I66: 2618 | J66: 2522 | K66: 2538 | L66: 2331 | M66: 2357 | N66: 2300 | O66: 2163 | P66: 1795 | Q66: 1569 | R66: 1308 | S66: 967 | T66: 786 | U66: 709 | V66: 727 | W66: 589 | X66: 82 | Y66: 36 | Z66: 36 | AA66: 35
A67: Övrigt | B67: Other | C67: =IF(Innehåll_Content!$E$2="Svenska",A67,B67) -> Övrigt | D67: 1 | E67: 0 | F67: 0 | G67: 1 | H67: 2 | I67: 6 | J67: 6 | K67: 14 | L67: 28 | M67: 29 | N67: 28 | O67: 58 | P67: 69 | Q67: 80 | R67: 87 | S67: 92 | T67: 96 | U67: 96 | V67: 73 | W67: 57 | X67: 471 | Y67: 444 | Z67: 418 | AA67: 387
A69: Källa: Fordon 2023, Trafikanalys | B69: Source: Vehicles 2023, Transport Analysis | C69: =IF(Innehåll_Content!$E$2="Svenska",A69,B69) -> Källa: Fordon 2023, Trafikanalys

Sheet 9
A1: Tillbaka till innehåll | B1: Back to content | C1: =IF(Innehåll_Content!$E$2="Svenska",A1,B1) -> Tillbaka till innehåll
A2: 9. Energi- och elintensitet i industrin | B2: 9. Energy- and electricity intensity in industrial sectors | C2: =IF(Innehåll_Content!$E$2="Svenska",A2,B2) -> 9. Energi- och elintensitet i industrin
A4: Industrins energianvändning per förädlingsvärde fördelat på några branscher, kWh/euro, 2000-, Sverige | B4: Industrial energy use per value added, in different industrial sectors, kWh/euro, 2000–, Sweden | C4: =IF(Innehåll_Content!$E$2="Svenska",A4,B4) -> Industrins energianvändning per förädlingsvärde fördelat på några branscher, kWh/euro, 2000-, Sverige
D5: 2023 | E5: 2022 | F5: 2021 | G5: 2020 | H5: 2019 | I5: 2018 | J5: 2017 | K5: 2016 | L5: 2015 | M5: 2014 | N5: 2013 | O5: 2012 | P5: 2011 | Q5: 2010 | R5: 2009 | S5: 2008 | T5: 2007 | U5: 2006 | V5: 2005 | W5: 2004 | X5: 2003 | Y5: 2002 | Z5: 2001 | AA5: 2000
A6: Tillverkningsindustrin | B6: Manufacturing industry | C6: =IF(Innehåll_Content!$E$2="Svenska",A6,B6) -> Tillverkningsindustrin | D6: 1.8996 | E6: 1.83 | F6: 1.86 | G6: 2.2175761 | H6: 2.0372482 | I6: 2.022274 | J6: 2.0564448 | K6: 2.1426993 | L6: 2.1758855 | M6: 2.3187413 | N6: 2.2718901 | O6: 2.2466394 | P6: 2.0933624 | Q6: 2.2989155 | R6: 2.6305602 | S6: 2.1662007 | T6: 2.1487768 | U6: 2.2213507 | V6: 2.3418303 | W6: 2.506601 | X6: 2.6337541 | Y6: 2.8271273 | Z6: 3.0088373 | AA6: 3.2746933
A7: Livsmedelsindustrin | B7: Food products; beverages and tobacco products | C7: =IF(Innehåll_Content!$E$2="Svenska",A7,B7) -> Livsmedelsindustrin | D7: 1.12 | E7: 1.15 | F7: 1.25 | G7: 1.4080213 | H7: 1.1360284 | I7: 1.0425971 | J7: 1.0425946 | K7: 1.1175766 | L7: 1.1295737 | M7: 1.1521431 | N7: 1.2169428 | O7: 1.2670037 | P7: 1.1341746 | Q7: 1.1362867 | R7: 1.2692264 | S7: 1.2611976 | T7: 1.1175272 | U7: 1.2337107 | V7: 1.3010043 | W7: 1.5519037 | X7: 1.574234 | Y7: 1.5698725 | Z7: 1.6178341 | AA7: 1.682966
A8: Skogsindustrin | B8: Paper, printing, wood, and reproduction | C8: =IF(Innehåll_Content!$E$2="Svenska",A8,B8) -> Skogsindustrin | E8: 7.33 | F8: 7.97 | G8: 12.805905 | H8: 11.577188 | I8: 11.116508 | J8: 11.158825 | K8: 11.818732 | L8: 11.74385 | M8: 12.277972 | N8: 12.05797 | O8: 11.459392 | P8: 11.361162 | Q8: 11.316652 | R8: 11.845348 | S8: 11.261194 | T8: 11.394396 | U8: 10.502266 | V8: 10.274946 | W8: 9.8590682 | X8: 10.199637 | Y8: 10.915122 | Z8: 11.454478 | AA8: 12.522751
A9: Järn-, stål- och metallverk | B9: Iron, steel and metalwork industries | C9: =IF(Innehåll_Content!$E$2="Svenska",A9,B9) -> Järn-, stål- och metallverk | E9: 4.24 | F9: 5.47 | G9: 4.3386398 | H9: 4.7254664 | I9: 4.6543079 | J9: 4.9831206 | K9: 4.1920167 | L9: 4.8341974 | M9: 4.4515996 | N9: 4.7131631 | O9: 5.2656051 | P9: 5.0835108 | Q9: 5.2799457 | R9: 16.506337 | S9: 3.8886884 | T9: 3.3576004 | U9: 3.2952988 | V9: 3.2774624 | W9: 3.1764368 | X9: 3.4369892 | Y9: 3.5684047 | Z9: 3.926927 | AA9: 4.2934554
A12: Industrins energianvändning per förädlingsvärde fördelat på några branscher, kWh/euro, 2000–2022, EU | B12: Industrial energy use per value added, in different industrial sectors, kWh/euro, 2000–2022, EU | C12: =IF(Innehåll_Content!$E$2="Svenska",A12,B12) -> Industrins energianvändning per förädlingsvärde fördelat på några branscher, kWh/euro, 2000–2022, EU
D13: 2023 | E13: 2022 | F13: 2021 | G13: 2020 | H13: 2019 | I13: 2018 | J13: 2017 | K13: 2016 | L13: 2015 | M13: 2014 | N13: 2013 | O13: 2012 | P13: 2011 | Q13: 2010 | R13: 2009 | S13: 2008 | T13: 2007 | U13: 2006 | V13: 2005 | W13: 2004 | X13: 2003 | Y13: 2002 | Z13: 2001 | AA13: 2000
A14: Tillverkningsindustrin | B14: Manufacturing industry | C14: =IF(Innehåll_Content!$E$2="Svenska",A14,B14) -> Tillverkningsindustrin | D14: 1.16 | E14: 1.22 | F14: 1.36 | G14: 1.4295488 | H14: 1.3732367 | I14: 1.407358 | J14: 1.4308617 | K14: 1.4753554 | L14: 1.4873643 | M14: 1.5482952 | N14: 1.6243899 | O14: 1.6345998 | P14: 1.6288844 | Q14: 1.708718 | R14: 1.7694799 | S14: 1.7591666 | T14: 1.7921882 | U14: 1.8326035 | V14: 1.9818198 | W14: 2.0261181 | X14: 2.098121 | Y14: 2.0656561 | Z14: 2.077702 | AA14: 2.1135434
A15: Livsmedelsindustrin | B15: Food products; beverages and tobacco products | C15: =IF(Innehåll_Content!$E$2="Svenska",A15,B15) -> Livsmedelsindustrin | D15: 1.39 | E15: 1.23 | F15: 1.49 | G15: 1.5183002 | H15: 1.4485883 | I15: 1.48992 | J15: 1.4714561 | K15: 1.5010022 | L15: 1.4707617 | M15: 1.5203802 | N15: 1.5299074 | O15: 1.5239691 | P15: 1.483909 | Q15: 1.4771173 | R15: 1.5237296 | S15: 1.5543319 | T15: 1.511447 | U15: 1.5127633 | V15: 1.6060551 | W15: 1.7278951 | X15: 1.7635082 | Y15: 1.7841017 | Z15: 1.7349963 | AA15: 1.6731108
A16: Skogsindustrin | B16: Paper, printing, wood, and reproduction | C16: =IF(Innehåll_Content!$E$2="Svenska",A16,B16) -> Skogsindustrin | E16: 3.5 | F16: 4.73 | G16: 4.5860646 | H16: 4.5184433 | I16: 4.5734625 | J16: 4.5773442 | K16: 4.6551215 | L16: 4.6137329 | M16: 4.2727626 | N16: 4.7350702 | O16: 4.5760802 | P16: 4.5223714 | Q16: 4.5697389 | R16: 4.5829146 | S16: 4.4675744 | T16: 4.5723251 | U16: 4.454008 | V16: 4.5513171 | W16: 4.5481239 | X16: 4.6257847 | Y16: 4.4142058 | Z16: 4.3158394 | AA16: 4.4437911
A17: Järn-, stål- och metallverk | B17: Iron, steel and metalwork industries | C17: =IF(Innehåll_Content!$E$2="Svenska",A17,B17) -> Järn-, stål- och metallverk | E17: 4.24 | F17: 6.86 | G17: 5.8160532 | H17: 5.6732956 | I17: 5.8627797 | J17: 5.6827252 | K17: 5.5323643 | L17: 5.7832352 | M17: 5.7495286 | N17: 6.1473463 | O17: 6.6547179 | P17: 7.3308729 | Q17: 7.2145398 | R17: 7.0637219 | S17: 7.4391087 | T17: 7.3088067 | U17: 7.4866263 | V17: 7.515009 | W17: 7.5366904 | X17: 7.1973681 | Y17: 6.6792182 | Z17: 6.8012107 | AA17: 6.8535815
A19: Källa: Eurostat, National Accounts och Detailed Energy Balance | B19: Source: Eurostat. National Accounts och Detailed Energy Balance | C19: =IF(Innehåll_Content!$E$2="Svenska",A19,B19) -> Källa: Eurostat, National Accounts och Detailed Energy Balance
A22: Industrins elanvändning per förädlingsvärde fördelat på några branscher, kWh/euro, 2000–2022, Sverige | B22: Industrial electricity use per value added, in different industrial sectors, kWh/euro, 2000–2022, Sweden | C22: =IF(Innehåll_Content!$E$2="Svenska",A22,B22) -> Industrins elanvändning per förädlingsvärde fördelat på några branscher, kWh/euro, 2000–2022, Sverige
D23: 2023 | E23: 2022 | F23: 2021 | G23: 2020 | H23: 2019 | I23: 2018 | J23: 2017 | K23: 2016 | L23: 2015 | M23: 2014 | N23: 2013 | O23: 2012 | P23: 2011 | Q23: 2010 | R23: 2009 | S23: 2008 | T23: 2007 | U23: 2006 | V23: 2005 | W23: 2004 | X23: 2003 | Y23: 2002 | Z23: 2001 | AA23: 2000
A24: Tillverkningsindustrin | B24: Manufacturing industry | C24: =IF(Innehåll_Content!$E$2="Svenska",A24,B24) -> Tillverkningsindustrin | D24: 0.6 | E24: 0.61 | F24: 0.65 | G24: 0.78153121 | H24: 0.77391327 | I24: 0.78100383 | J24: 0.80523259 | K24: 0.82650956 | L24: 0.8339743 | M24: 0.95988663 | N24: 0.90198604 | O24: 0.91690777 | P24: 0.84578802 | Q24: 0.90871018 | R24: 1.0567018 | S24: 0.90989588 | T24: 0.88480311 | U24: 0.91060805 | V24: 0.98410268 | W24: 1.0030987 | X24: 1.0400181 | Y24: 1.0985856 | Z24: 1.1650541 | AA24: 1.1362905
A25: Livsmedelsindustrin | B25: Food products; beverages and tobacco products | C25: =IF(Innehåll_Content!$E$2="Svenska",A25,B25) -> Livsmedelsindustrin | D25: 0.56 | E25: 0.53 | F25: 0.61 | G25: 0.66992265 | H25: 0.66774698 | I25: 0.61328923 | J25: 0.63364086 | K25: 0.63725101 | L25: 0.66293338 | M25: 0.68350337 | N25: 0.66616704 | O25: 0.67117756 | P25: 0.60782499 | Q25: 0.60406306 | R25: 0.65350877 | S25: 0.67374163 | T25: 0.612661 | U25: 0.62880586 | V25: 0.66668493 | W25: 0.69834493 | X25: 0.66076349 | Y25: 0.72038449 | Z25: 0.78001369 | AA25: 0.83421714
A26: Skogsindustrin | B26: Paper, printing, wood, and reproduction | C26: =IF(Innehåll_Content!$E$2="Svenska",A26,B26) -> Skogsindustrin | E26: 1.83 | F26: 3.01 | G26: 3.4026968 | H26: 3.4130292 | I26: 3.3593618 | J26: 3.4094657 | K26: 3.5509058 | L26: 3.5601102 | M26: 3.842657 | N26: 3.8076792 | O26: 3.8137177 | P26: 3.7411478 | Q26: 3.6525413 | R26: 3.8507845 | S26: 3.9363033 | T26: 3.8825052 | U26: 3.5610811 | V26: 3.5872647 | W26: 3.478858 | X26: 3.5030185 | Y26: 3.7738212 | Z26: 4.001353 | AA26: 3.9367768
A27: Järn-, stål- och metallverk | B27: Iron, steel and metalwork industries | C27: =IF(Innehåll_Content!$E$2="Svenska",A27,B27) -> Järn-, stål- och metallverk | E27: 1.85 | F27: 2.81 | G27: 2.1818808 | H27: 2.3746132 | I27: 2.3806393 | J27: 2.6007111 | K27: 2.2198642 | L27: 2.4811083 | M27: 2.3121904 | N27: 2.4851759 | O27: 2.7609802 | P27: 2.7014875 | Q27: 2.5386241 | R27: 8.3735955 | S27: 1.9287521 | T27: 1.6544913 | U27: 1.6295275 | V27: 1.64665 | W27: 1.5153653 | X27: 1.630983 | Y27: 1.7134807 | Z27: 1.905659 | AA27: 2.029634
A30: Industrins elanvändning per förädlingsvärde fördelat på några branscher, kWh/euro, 2000–2022, EU | B30: Industrial electricity use per value added, in different industrial sectors, kWh/euro, 2000–2022, EU | C30: =IF(Innehåll_Content!$E$2="Svenska",A30,B30) -> Industrins elanvändning per förädlingsvärde fördelat på några branscher, kWh/euro, 2000–2022, EU
D31: 2023 | E31: 2022 | F31: 2021 | G31: 2020 | H31: 2019 | I31: 2018 | J31: 2017 | K31: 2016 | L31: 2015 | M31: 2014 | N31: 2013 | O31: 2012 | P31: 2011 | Q31: 2010 | R31: 2009 | S31: 2008 | T31: 2007 | U31: 2006 | V31: 2005 | W31: 2004 | X31: 2003 | Y31: 2002 | Z31: 2001 | AA31: 2000
A32: Tillverkningsindustrin | B32: Manufacturing industry | C32: =IF(Innehåll_Content!$E$2="Svenska",A32,B32) -> Tillverkningsindustrin | D32: 0.38 | E32: 0.409 | F32: 0.451 | G32: 0.47 | H32: 0.46 | I32: 0.48 | J32: 0.48 | K32: 0.5 | L32: 0.5 | M32: 0.52 | N32: 0.54 | O32: 0.54 | P32: 0.54 | Q32: 0.56 | R32: 0.58 | S32: 0.58 | T32: 0.58 | U32: 0.6 | V32: 0.63 | W32: 0.64 | X32: 0.64 | Y32: 0.64 | Z32: 0.64 | AA32: 0.64
A33: Livsmedelsindustrin | B33: Food products; beverages and tobacco products | C33: =IF(Innehåll_Content!$E$2="Svenska",A33,B33) -> Livsmedelsindustrin | D33: 0.49 | E33: 0.43 | F33: 0.501 | G33: 0.51 | H33: 0.5 | I33: 0.49 | J33: 0.49 | K33: 0.5 | L33: 0.5 | M33: 0.52 | N33: 0.52 | O33: 0.51 | P33: 0.5 | Q33: 0.49 | R33: 0.51 | S33: 0.51 | T33: 0.49 | U33: 0.49 | V33: 0.5 | W33: 0.5 | X33: 0.5 | Y33: 0.49 | Z33: 0.48 | AA33: 0.47
A34: Skogsindustrin | B34: Paper, printing, wood, and reproduction | C34: =IF(Innehåll_Content!$E$2="Svenska",A34,B34) -> Skogsindustrin | E34: 0.89 | F34: 1.237 | G34: 1.21 | H34: 1.23 | I34: 1.26 | J34: 1.26 | K34: 1.28 | L34: 1.29 | M34: 1.26 | N34: 1.36 | O34: 1.33 | P34: 1.33 | Q34: 1.34 | R34: 1.38 | S34: 1.4 | T34: 1.43 | U34: 1.42 | V34: 1.45 | W34: 1.46 | X34: 1.44 | Y34: 1.42 | Z34: 1.39 | AA34: 1.37
A35: Järn-, stål- och metallverk | B35: Iron, steel and metalwork industries | C35: =IF(Innehåll_Content!$E$2="Svenska",A35,B35) -> Järn-, stål- och metallverk | E35: 1.74 | F35: 2.879 | G35: 2.46 | H35: 2.44 | I35: 2.54 | J35: 2.45 | K35: 2.36 | L35: 2.44 | M35: 2.46 | N35: 2.58 | O35: 2.81 | P35: 3.09 | Q35: 2.98 | R35: 2.91 | S35: 3.09 | T35: 3.02 | U35: 3.03 | V35: 3.12 | W35: 3.1 | X35: 2.93 | Y35: 2.8 | Z35: 2.84 | AA35: 2.8
A37: Källa: Eurostat, National Accounts och Detailed Energy Balance | B37: Source: Eurostat. National Accounts och Detailed Energy Balance | C37: =IF(Innehåll_Content!$E$2="Svenska",A37,B37) -> Källa: Eurostat, National Accounts och Detailed Energy Balance

Sheet 10
A1: Tillbaka till innehåll | B1: Back to content | C1: =IF(Innehåll_Content!$E$2="Svenska",A1,B1) -> Tillbaka till innehåll
A2: 10. Energianvändning i byggnader | B2: 10. Energy use in buildings | C2: =IF(Innehåll_Content!$E$2="Svenska",A2,B2) -> 10. Energianvändning i byggnader
A4: Index över total temperaturkorrigerad energianvändning per kvadratmeter, bostäder och lokaler med 1995 som basår, 1995–, kWh/m2 | B4: Index of total temperature corrected energy usage per square metre in dwellings and non-residential premises, base year 1995, kWh/m2, 1995– | C4: =IF(Innehåll_Content!$E$2="Svenska",A4,B4) -> Index över total temperaturkorrigerad energianvändning per kvadratmeter, bostäder och lokaler med 1995 som basår, 1995–, kWh/m2
D5: 2023 | E5: 2022 | F5: 2021 | G5: 2020 | H5: 2019 | I5: 2018 | J5: 2017 | K5: 2016 | L5: 2015 | M5: 2014 | N5: 2013 | O5: 2012 | P5: 2011 | Q5: 2010 | R5: 2009 | S5: 2008 | T5: 2007 | U5: 2006 | V5: 2005 | W5: 2004 | X5: 2003 | Y5: 2002 | Z5: 2001 | AA5: 2000 | AB5: 1999 | AC5: 1998 | AD5: 1997 | AE5: 1996 | AF5: 1995
A6: Index 95 | B6: Index 95 | C6: =IF(Innehåll_Content!$E$2="Svenska",A6,B6) -> Index 95 | D6: 73.796606 | E6: 73.830403 | F6: 79.949224 | G6: 79.082953 | H6: 79.642639 | I6: 81.501468 | J6: 82.894948 | K6: 81.966354 | L6: 85.075014 | M6: 84.60199 | N6: 84.68093 | O6: 87.244905 | P6: 90.409023 | Q6: 90.644547 | R6: 92.472236 | S6: 95.208102 | T6: 94.648521 | U6: 94.834189 | V6: 95.873356 | W6: 95.69264 | X6: 96.963944 | Y6: 100.82884 | Z6: 102.48073 | AA6: 101.2272 | AB6: 102.33824 | AC6: 103.53423 | AD6: 99.667119 | AE6: 99.77784 | AF6: 100
A9: Temperaturkorrigerad energianvändning för uppvärmning och varmvatten i bostäder och lokaler, kWh/m2, 1995– | B9: Temperature corrected energy usage for heating and hot water in dwellings and non-residential premises, kWh/m2, 1995– | C9: =IF(Innehåll_Content!$E$2="Svenska",A9,B9) -> Temperaturkorrigerad energianvändning för uppvärmning och varmvatten i bostäder och lokaler, kWh/m2, 1995–
D10: 2023 | E10: 2022 | F10: 2021 | G10: 2020 | H10: 2019 | I10: 2018 | J10: 2017 | K10: 2016 | L10: 2015 | M10: 2014 | N10: 2013 | O10: 2012 | P10: 2011 | Q10: 2010 | R10: 2009 | S10: 2008 | T10: 2007 | U10: 2006 | V10: 2005 | W10: 2004 | X10: 2003 | Y10: 2002 | Z10: 2001 | AA10: 2000 | AB10: 1999 | AC10: 1998 | AD10: 1997 | AE10: 1996 | AF10: 1995
A11: För uppvärmning småhus | B11: Heating and hot water, one- and two-dwelling buildings | C11: =IF(Innehåll_Content!$E$2="Svenska",A11,B11) -> För uppvärmning småhus | D11: 94 | E11: 94.040668 | F11: 104.03222 | G11: 108.02398 | H11: 106.52471 | I11: 105.58584 | J11: 110.72 | K11: 110.34964 | L11: 115.47669 | M11: 118.37439 | N11: 113.55433 | O11: 114.80709 | P11: 126.06038 | Q11: 116.32542 | R11: 129.54508 | S11: 131.7915 | T11: 131.98266 | U11: 137.79732 | V11: 145.09124 | W11: 147.95496 | X11: 144.83318 | Y11: 159.36205 | Z11: 158.28679 | AA11: 170.90602 | AB11: 169.89675 | AC11: 177.15863 | AD11: 172.79554 | AE11: 164.07869 | AF11: 164.01539
A12: För uppvärmning flerbostadshus | B12: Heating and hot water, multi-dwelling buildings | C12: =IF(Innehåll_Content!$E$2="Svenska",A12,B12) -> För uppvärmning flerbostadshus | D12: 131 | E12: 131.58569 | F12: 132.56746 | G12: 136.87625 | H12: 134.49709 | I12: 143.18819 | J12: 142.01979 | K12: 141.79716 | L12: 145.49029 | M12: 150.25097 | N12: 145.29898 | O12: 147.89427 | P12: 153.65444 | Q12: 147.53829 | R12: 154.62055 | S12: 158.85318 | T12: 164.06516 | U12: 165.23915 | V12: 170.9404 | W12: 175.00117 | X12: 176.80281 | Y12: 175.95486 | Z12: 183.80867 | AA12: 185.96286 | AB12: 182.54102 | AC12: 186.77136 | AD12: 182.08042 | AE12: 178.09557 | AF12: 182.58983
A13: För uppvärmning lokaler | B13: Heating and hot water, non-residential premises | C13: =IF(Innehåll_Content!$E$2="Svenska",A13,B13) -> För uppvärmning lokaler | D13: 116 | E13: 108.03444 | F13: 125.35682 | G13: 132.62831 | H13: 132.19433 | I13: 130.64197 | J13: 132.84642 | K13: 134.16115 | L13: 138.17667 | M13: 140.81113 | N13: 139.96857 | O13: 141.60648 | P13: 147.32935 | Q13: 136.17328 | R13: 140.40918 | S13: 144.93968 | T13: 148.88418 | U13: 147.86955 | V13: 142.09018 | W13: 142.17402 | X13: 150.82129 | Y13: 154.9975 | Z13: 156.56074 | AA13: 158.90203 | AB13: 161.91928 | AC13: 165.39797 | AD13: 163.58549 | AE13: 173.28882 | AF13: 169.95711
A16: Elanvändning, ej för uppvärmning och varmvatten, kWh/m2, 1995– | B16: Electricity usage for non heating and hot water purposes, kWh/m2, 1995– | C16: =IF(Innehåll_Content!$E$2="Svenska",A16,B16) -> Elanvändning, ej för uppvärmning och varmvatten, kWh/m2, 1995–
D17: 2023 | E17: 2022 | F17: 2021 | G17: 2020 | H17: 2019 | I17: 2018 | J17: 2017 | K17: 2016 | L17: 2015 | M17: 2014 | N17: 2013 | O17: 2012 | P17: 2011 | Q17: 2010 | R17: 2009 | S17: 2008 | T17: 2007 | U17: 2006 | V17: 2005 | W17: 2004 | X17: 2003 | Y17: 2002 | Z17: 2001 | AA17: 2000 | AB17: 1999 | AC17: 1998 | AD17: 1997 | AE17: 1996 | AF17: 1995
A18: Småhus, hushållsel | B18: Non heating and hot water, one- and two-dwelling buildings | C18: =IF(Innehåll_Content!$E$2="Svenska",A18,B18) -> Småhus, hushållsel | D18: 28 | E18: 30.252788 | F18: 40.280672 | G18: 34.733012 | H18: 36.143142 | I18: 37.228958 | J18: 38.906724 | K18: 34.952577 | L18: 36.135782 | M18: 33.185109 | N18: 35.225589 | O18: 37.80137 | P18: 34.4375 | Q18: 41.126761 | R18: 37.043321 | S18: 46.452101 | T18: 43.999232 | U18: 41.906941 | V18: 41.390703 | W18: 39.665539 | X18: 41.175387 | Y18: 39.477817 | Z18: 43.687327 | AA18: 40.855365 | AB18: 38.010878 | AC18: 31.853696 | AD18: 23.944134 | AE18: 29.370107 | AF18: 31.885918
A19: Flerbostadshus, fastighetsel/hushållsel | B19: Non heating and hot water, multi-dwelling buildings | C19: =IF(Innehåll_Content!$E$2="Svenska",A19,B19) -> Flerbostadshus, fastighetsel/hushållsel | D19: 46 | E19: 48.849956 | F19: 51.82755 | G19: 51.353644 | H19: 53.0135 | I19: 54.873649 | J19: 65.002587 | K19: 61.34681 | L19: 68.554223 | M19: 64.309844 | N19: 69.219101 | O19: 68.428571 | P19: 74.302469 | Q19: 68.820359 | R19: 67.988757 | S19: 64.957576 | T19: 63.860072 | U19: 62.176579 | V19: 62.387606 | W19: 67.346059 | X19: 67.770352 | Y19: 69.921592 | Z19: 68.831169 | AA19: 62.36342 | AB19: 63.916717 | AC19: 61.741974 | AD19: 60.586826 | AE19: 62.299336 | AF19: 60.199035
A20: Lokaler, fastighetsel/verksamhetsel | B20: Non heating and hot water, non-residential premises | C20: =IF(Innehåll_Content!$E$2="Svenska",A20,B20) -> Lokaler, fastighetsel/verksamhetsel | D20: 137 | E20: 135.96688 | F20: 132.50288 | G20: 126.98395 | H20: 129.69539 | I20: 128.03573 | J20: 116.52357 | K20: 118.67045 | L20: 124.23077 | M20: 120.86391 | N20: 117.98276 | O20: 134.40764 | P20: 140.79605 | Q20: 148.90968 | R20: 151.3015 | S20: 150.57049 | T20: 136.77379 | U20: 134.32345 | V20: 126.46667 | W20: 113.87585 | X20: 117.07439 | Y20: 125.02604 | Z20: 122.70833 | AA20: 107.85272 | AB20: 116.67413 | AC20: 118.79045 | AD20: 113.70779 | AE20: 105.08738 | AF20: 111.96705
A23: Temperaturkorrigerad energianvändning, uppvärmning av småhus, flerbostadshus och lokaler inklusive uppskattad upptagen energi från värmepumpar, 1995–, kWh/m2 | B23: Temperature corrected energy usage for heating in dwellings, multi-dwelling and non-residential premises including the energy arised from heating pumps, 1995–, kWh/m2 | C23: =IF(Innehåll_Content!$E$2="Svenska",A23,B23) -> Temperaturkorrigerad energianvändning, uppvärmning av småhus, flerbostadshus och lokaler inklusive uppskattad upptagen energi från värmepumpar, 1995–, kWh/m2
D24: 2023 | E24: 2022 | F24: 2021 | G24: 2020 | H24: 2019 | I24: 2018 | J24: 2017 | K24: 2016 | L24: 2015 | M24: 2014 | N24: 2013 | O24: 2012 | P24: 2011 | Q24: 2010 | R24: 2009 | S24: 2008 | T24: 2007 | U24: 2006 | V24: 2005 | W24: 2004 | X24: 2003 | Y24: 2002 | Z24: 2001 | AA24: 2000 | AB24: 1999 | AC24: 1998 | AD24: 1997 | AE24: 1996 | AF24: 1995
A25: Uppvärmning, köpt energi (kWh/m2) | B25: Heating, purchased energy | C25: =IF(Innehåll_Content!$E$2="Svenska",A25,B25) -> Uppvärmning, köpt energi (kWh/m2) | D25: 111 | E25: 108.6411 | F25: 117.9859 | G25: 122.96733 | H25: 121.46054 | I25: 123.08118 | J25: 125.61151 | K25: 125.71246 | L25: 129.84289 | M25: 133.19142 | N25: 129.34266 | O25: 130.82914 | P25: 138.85626 | Q25: 130.00358 | R25: 139.16492 | S25: 142.91646 | T25: 145.6652 | U25: 148.20037 | V25: 151.46452 | W25: 153.68351 | X25: 155.26508 | Y25: 162.98632 | Z25: 165.00719 | AA25: 171.74233 | AB25: 171.36 | AC25: 176.84616 | AD25: 173.01984 | AE25: 170.30883 | AF25: 170.67252
A26: Uppvärmning, köpt energi inklusive uppskattad upptagen energi från värmepumpar (kWh/m2) | B26: Heating, purchased energy including energy from heating pumps | C26: =IF(Innehåll_Content!$E$2="Svenska",A26,B26) -> Uppvärmning, köpt energi inklusive uppskattad upptagen energi från värmepumpar (kWh/m2) | D26: 135 | E26: 132.71685 | F26: 141.78838 | G26: 146.94575 | H26: 145.55499 | I26: 145.49447 | J26: 147.1595 | K26: 147.06382 | L26: 149.09262 | M26: 152.44116 | N26: 148.67575 | O26: 150.2315 | P26: 158.12112 | Q26: 148.5085 | R26: 155.98545 | S26: 156.65246 | T26: 161.2275 | U26: 160.29513 | V26: 157.77928 | W26: 158.65128 | X26: 159.39166 | Y26: 166.7435 | Z26: 168.23536 | AA26: 171.74233 | AB26: 171.36 | AC26: 176.84616 | AD26: 173.01984 | AE26: 170.30883 | AF26: 170.67252
A28: Källa: Energimyndigheten och SCB | B28: Source: The Swedish Energy Agency and Statistics Sweden | C28: =IF(Innehåll_Content!$E$2="Svenska",A28,B28) -> Källa: Energimyndigheten och SCB
A30: Energianvändning per boende i småhus och flerbostadshus 2012- (kWh/person) | B30: Energy use per person in dwellings and multi dwelling buildings 2012- (kWh/person) | C30: =IF(Innehåll_Content!$E$2="Svenska",A30,B30) -> Energianvändning per boende i småhus och flerbostadshus 2012- (kWh/person)
D31: 2023 | E31: 2022 | F31: 2021 | G31: 2020 | H31: 2019 | I31: 2018 | J31: 2017 | K31: 2016 | L31: 2015 | M31: 2014 | N31: 2013 | O31: 2012
A32: Total energi småhus | B32: Total energy dwellings | C32: =IF(Innehåll_Content!$E$2="Svenska",A32,B32) -> Total energi småhus | D32: 7177 | E32: 7151.3745 | F32: 8197.3472 | G32: 7378.6657 | H32: 7688.6607 | I32: 7795.6797 | J32: 8162.789 | K32: 7988.6938 | L32: 8017.6014 | M32: 7836.4724 | N32: 8319.2629 | O32: 8484.7191
A33: Total energi flerbostadshus | B33: Total energy multi dwelling buildings | C33: =IF(Innehåll_Content!$E$2="Svenska",A33,B33) -> Total energi flerbostadshus | D33: 6731 | E33: 6540.0049 | F33: 6965.7917 | G33: 6564.1104 | H33: 6835.1655 | I33: 7111.1738 | J33: 7234.326 | K33: 7398.5341 | L33: 7113.579 | M33: 7254.5176 | N33: 7765.7575 | O33: 8059.5666
A34: El småhus exkl elvärme | B34: Electricity dwellings, electricity for heating excluded. | C34: =IF(Innehåll_Content!$E$2="Svenska",A34,B34) -> El småhus exkl elvärme | D34: 1653 | E34: 1781.6348 | F34: 2328.8937 | G34: 1972.1003 | H34: 2044.4862 | I34: 2101.5758 | J34: 2185.6129 | K34: 1977.8362 | L34: 2019.8594 | M34: 1862.3879 | N34: 2016.499 | O34: 2126.6708
A35: El flerbostadshus exkl elvärme | B35: Electricity multi dwelling buildings, electricity for heating excluded. | C35: =IF(Innehåll_Content!$E$2="Svenska",A35,B35) -> El flerbostadshus exkl elvärme | D35: 569 | E35: 653.11443 | F35: 887.40298 | G35: 847.38829 | H35: 869.75807 | I35: 879.23751 | J35: 941.54648 | K35: 1116.6172 | L35: 1153.7396 | M35: 1199.2158 | N35: 1295.3713 | O35: 1401.6063
A38: Källa: Energimyndigheten och SCB | B38: Source: The Swedish Energy Agency and Statistics Sweden | C38: =IF(Innehåll_Content!$E$2="Svenska",A38,B38) -> Källa: Energimyndigheten och SCB

Sheet 11
A1: Tillbaka till innehåll | B1: Back to content | C1: =IF(Innehåll_Content!$E$2="Svenska",A1,B1) -> Tillbaka till innehåll
A2: 11. Kraftvärme | B2: 11. Combined heat and power (CHP) | C2: =IF(Innehåll_Content!$E$2="Svenska",A2,B2) -> 11. Kraftvärme
A4: El- och värmeproduktion i kraftvärmeverk, procent, 1983– | B4: Combined heat and power generation, percent, 1983– | C4: =IF(Innehåll_Content!$E$2="Svenska",A4,B4) -> El- och värmeproduktion i kraftvärmeverk, procent, 1983–
D5: 2023 | E5: 2022 | F5: 2021 | G5: 2020 | H5: 2019 | I5: 2018 | J5: 2017 | K5: 2016 | L5: 2015 | M5: 2014 | N5: 2013 | O5: 2012 | P5: 2011 | Q5: 2010 | R5: 2009 | S5: 2008 | T5: 2007 | U5: 2006 | V5: 2005 | W5: 2004 | X5: 2003 | Y5: 2002 | Z5: 2001 | AA5: 2000 | AB5: 1999 | AC5: 1998 | AD5: 1997 | AE5: 1996 | AF5: 1995 | AG5: 1994 | AH5: 1993 | AI5: 1992 | AJ5: 1991 | AK5: 1990 | AL5: 1989 | AM5: 1988 | AN5: 1987 | AO5: 1986 | AP5: 1985 | AQ5: 1984 | AR5: 1983
A6: Elproduktion i kraftvärmeverk i förhållande till total elanvändning (inkl. överföringsförluster) | B6: Electricity production in CHP plants (district heating and industry) in relation to total use of electricity (incl. transmission losses) | C6: =IF(Innehåll_Content!$E$2="Svenska",A6,B6) -> Elproduktion i kraftvärmeverk i förhållande till total elanvändning (inkl. överföringsförluster) | D6: 0.10289559 | E6: 0.11373953 | F6: 0.10874055 | G6: 0.097 | H6: 0.11399086 | I6: 0.10608089 | J6: 0.1056 | K6: 0.10385509 | L6: 0.097875822 | M6: 0.097494579 | N6: 0.10613747 | O6: 0.10815981 | P6: 0.12001895 | Q6: 0.12968247 | R6: 0.11409873 | S6: 0.098607474 | T6: 0.093294936 | U6: 0.087649917 | V6: 0.082098795 | W6: 0.087853493 | X6: 0.0868705 | Y6: 0.072839116 | Z6: 0.063522017 | AA6: 0.060156249 | AB6: 0.066240733 | AC6: 0.069638169 | AD6: 0.068554602 | AE6: 0.077892986 | AF6: 0.067495871 | AG6: 0.069928217 | AH6: 0.060789427 | AI6: 0.052592944 | AJ6: 0.046910381 | AK6: 0.035736335 | AL6: 0.037810184 | AM6: 0.041968983 | AN6: 0.043484809 | AO6: 0.048443579 | AP6: 0.042814234 | AQ6: 0.033441736 | AR6: 0.032939478
A7: Bränslebaserad värmeproduktion i kraftvärmeverk i förhållande till total fjärrvärmeanvändning (inkl. distributionsförluster) | B7: Fuel-based heat production in CHP plants in relation to total use of district heat (incl. distribution losses) | C7: =IF(Innehåll_Content!$E$2="Svenska",A7,B7) -> Bränslebaserad värmeproduktion i kraftvärmeverk i förhållande till total fjärrvärmeanvändning (inkl. distributionsförluster) | D7: 0.42236425 | E7: 0.45523043 | F7: 0.44789765 | G7: 0.40946116 | H7: 0.46946276 | I7: 0.44774416 | J7: 0.45459327 | K7: 0.44884679 | L7: 0.42213762 | M7: 0.39979852 | N7: 0.42106009 | O7: 0.42267361 | P7: 0.46513397 | Q7: 0.45571872 | R7: 0.41764721 | S7: 0.39212488 | T7: 0.38081202 | U7: 0.37974964 | V7: 0.34802207 | W7: 0.34048518 | X7: 0.32937527 | Y7: 0.29689395 | Z7: 0.27228561 | AA7: 0.28177427 | AB7: 0.30774582 | AC7: 0.33419766 | AD7: 0.33316382 | AE7: 0.34626523 | AF7: 0.3226452 | AG7: 0.31380728 | AH7: 0.28394779 | AI7: 0.25954118 | AJ7: 0.21791059 | AK7: 0.16322769 | AL7: 0.171146 | AM7: 0.18449924 | AN7: 0.18871582 | AO7: 0.2126924 | AP7: 0.19421528 | AQ7: 0.14351101 | AR7: 0.10794717
A9: Källa: SCB och Energimyndigheten | B9: Source: Statistics Sweden and Swedish Energy Agency | C9: =IF(Innehåll_Content!$E$2="Svenska",A9,B9) -> Källa: SCB och Energimyndigheten
A12: Insatt bränsle för el- och värmeproduktion i kraftvärmeverk, TWh, 1983– | B12: Fuel input for electricity and heat production in CHP plants, TWh, 1983– | C12: =IF(Innehåll_Content!$E$2="Svenska",A12,B12) -> Insatt bränsle för el- och värmeproduktion i kraftvärmeverk, TWh, 1983–
D13: 2023 | E13: 2022 | F13: 2021 | G13: 2020 | H13: 2019 | I13: 2018 | J13: 2017 | K13: 2016 | L13: 2015 | M13: 2014 | N13: 2013 | O13: 2012 | P13: 2011 | Q13: 2010 | R13: 2009 | S13: 2008 | T13: 2007 | U13: 2006 | V13: 2005 | W13: 2004 | X13: 2003 | Y13: 2002 | Z13: 2001 | AA13: 2000 | AB13: 1999 | AC13: 1998 | AD13: 1997 | AE13: 1996 | AF13: 1995 | AG13: 1994 | AH13: 1993 | AI13: 1992 | AJ13: 1991 | AK13: 1990 | AL13: 1989 | AM13: 1988 | AN13: 1987 | AO13: 1986 | AP13: 1985 | AQ13: 1984 | AR13: 1983
A14: Kol och koks exkl. restgaser | B14: Coal and coke excl. coke oven gas | C14: =IF(Innehåll_Content!$E$2="Svenska",A14,B14) -> Kol och koks exkl. restgaser | D14: 0.13407031 | E14: 0.023266982 | F14: 0.058533431 | G14: 0.0090255211 | H14: 1.5897943 | I14: 1.9372373 | J14: 1.9234444 | K14: 1.4695011 | L14: 2.5396265 | M14: 2.3051403 | N14: 3.5155769 | O14: 2.4876347 | P14: 3.1727117 | Q14: 3.9911049 | R14: 2.6469057 | S14: 3.2681461 | T14: 3.6460873 | U14: 4.62627 | V14: 4.0246345 | W14: 5.2 | X14: 5.8741667 | Y14: 5.0305556 | Z14: 4.1933333 | AA14: 4.4322222 | AB14: 5.2452778 | AC14: 5.7772222 | AD14: 5.6363889 | AE14: 7.7811111 | AF14: 6.3425 | AG14: 7.1211111 | AH14: 7.015 | AI14: 6.9244444 | AJ14: 7.3552778 | AK14: 6.2669444 | AL14: 6.6675 | AM14: 9.3586111 | AN14: 10.1675 | AO14: 10.076667 | AP14: 9.7366667 | AQ14: 7.5066667 | AR14: 6.2588889
A15: Restgaser | B15: Coke oven gas | C15: =IF(Innehåll_Content!$E$2="Svenska",A15,B15) -> Restgaser | D15: 1.9471459 | E15: 1.8759331 | F15: 2.0890946 | G15: 2.0927608 | H15: 1.45062 | I15: 2.0877778 | J15: 2.136 | K15: 1.7849909 | L15: 1.5806513 | M15: 1.8620819 | N15: 1.6502564 | O15: 1.9379209 | P15: 1.9803439 | Q15: 1.8722285 | R15: 1.5000387 | S15: 2.177965 | T15: 2.0783571 | U15: 2.1931744 | V15: 2.6736989 | W15: 2.4325 | X15: 2.3188889 | Y15: 1.9541667 | Z15: 2.0186111 | AA15: 1.5563889 | AB15: 1.8411111 | AC15: 2.0013889 | AD15: 1.7441667 | AE15: 2.1158333 | AF15: 1.4841667 | AG15: 1.4116667 | AH15: 1.4719444 | AI15: 1.5436111 | AJ15: 1.4519444 | AK15: 1.3130556 | AL15: 1.3236111 | AM15: 1.3386111 | AN15: 1.1069444 | AO15: 1.4005556 | AP15: 1.3316667 | AQ15: 1.2355556
A16: Naturgas | B16: Natural gas | C16: =IF(Innehåll_Content!$E$2="Svenska",A16,B16) -> Naturgas | D16: 0.71173495 | E16: 0.3656729 | F16: 0.88457741 | G16: 0.27440934 | H16: 1.3799899 | I16: 1.8804904 | J16: 1.3119444 | K16: 3.1806667 | L16: 2.2447222 | M16: 2.1375 | N16: 4.1561111 | O16: 4.1502778 | P16: 6.0061111 | Q16: 9.2283333 | R16: 6.1944444 | S16: 2.7116667 | T16: 3.3966667 | U16: 2.5886111 | V16: 2.6744444 | W16: 3.0086111 | X16: 3.2691667 | Y16: 2.8997222 | Z16: 2.2527778 | AA16: 2.3736111 | AB16: 2.58 | AC16: 2.9744444 | AD16: 2.7897222 | AE16: 2.7216667 | AF16: 3.0036111 | AG16: 3.2658333 | AH16: 3.3147222 | AI16: 3.1752778 | AJ16: 2.3002778 | AK16: 1.5980556 | AL16: 1.0258333 | AM16: 0.5075 | AN16: 0.33472222 | AO16: 0.12972222 | AP16: 0.053888889
A17: Biogent bränsle exkl. avfall (fr.om. 2005) | B17: Biomass fuels excl. waste (from 2005) | C17: =IF(Innehåll_Content!$E$2="Svenska",A17,B17) -> Biogent bränsle exkl. avfall (fr.om. 2005) | D17: 35.355707 | E17: 36.235333 | F17: 36.504957 | G17: 30.0755 | H17: 35.378315 | I17: 32.815258 | J17: 32.391611 | K17: 31.521006 | L17: 29.431556 | M17: 28.610444 | N17: 29.960667 | O17: 29.937278 | P17: 29.157056 | Q17: 31.376833 | R17: 28.521222 | S17: 25.307444 | T17: 23.269722 | U17: 22.8185 | V17: 21.740889 | W17: 18.998833 | X17: 17.947911 | Y17: 15.670605 | Z17: 14.265344 | AA17: 14.001898 | AB17: 12.067152 | AC17: 12.402627 | AD17: 11.823383 | AE17: 11.348414 | AF17: 9.5545386 | AG17: 7.3438051 | AH17: 6.1726111 | AI17: 5.313688 | AJ17: 4.5569139 | AK17: 3.9114474 | AL17: 3.9452304 | AM17: 3.5762939 | AN17: 3.4359477 | AO17: 3.3676759 | AP17: 3.0689167 | AQ17: 3.4784755 | AR17: 2.7168774
A18: Biogent avfall | B18: Biomass from waste | C18: =IF(Innehåll_Content!$E$2="Svenska",A18,B18) -> Biogent avfall | D18: 9.10927 | E18: 9.788 | F18: 10.064488 | G18: 10.252 | H18: 9.349 | I18: 8.879 | J18: 9.502 | K18: 8.925 | L18: 9.814 | M18: 9.409 | N18: 8.916 | O18: 8.303 | P18: 7.691 | Q18: 6.649 | R18: 5.631 | S18: 6.132 | T18: 5.1647578 | U18: 4.274 | V18: 4.113
A19: Övriga bränslen exkl. fossilt avfall | B19: Other fuels excl. fossil waste | C19: =IF(Innehåll_Content!$E$2="Svenska",A19,B19) -> Övriga bränslen exkl. fossilt avfall | D19: 0.33772346 | E19: 0.36944444 | F19: 0.71364886 | G19: 0.64473267 | H19: 1.3843889 | I19: 1.7177222 | J19: 1.3184405 | K19: 1.3042727 | L19: 1.2393302 | M19: 1.408825 | N19: 1.8803174 | O19: 2.1379929 | P19: 2.903876 | Q19: 3.6375531 | R19: 2.6843619 | S19: 2.8944481 | T19: 1.99232 | U19: 2.1578799 | V19: 2.3195489 | W19: 7.9139445 | X19: 6.4387555 | Y19: 5.5571727 | Z19: 5.307989 | AA19: 4.3769905 | AB19: 3.9328484 | AC19: 5.3632067 | AD19: 4.307173 | AE19: 4.3638078 | AF19: 4.5990725 | AG19: 3.7745282 | AH19: 3.7198889 | AI19: 3.3971453 | AJ19: 2.9297528 | AK19: 1.8221637 | AL19: 1.4625474 | AM19: 0.94787276 | AN19: 0.98349676 | AO19: 1.0053797 | AP19: 0.6644166 | AQ19: 0.70846898 | AR19: 0.49312262
A20: Fossilt avfall | B20: Fossil waste | C20: =IF(Innehåll_Content!$E$2="Svenska",A20,B20) -> Fossilt avfall | D20: 9.037096 | E20: 9.615 | F20: 9.5491289 | G20: 9.845 | H20: 9.067 | I20: 8.722 | J20: 9.0451706 | K20: 8.4956829 | L20: 6.8017809 | M20: 6.5550639 | N20: 6.2960715 | O20: 5.9247256 | P20: 5.4469574 | Q20: 4.6468913 | R20: 3.9133017 | S20: 4.2030519 | T20: 3.5835133 | U20: 3.2071201 | V20: 2.8815622
A21: Eldningsolja | B21: Fuel oil | C21: =IF(Innehåll_Content!$E$2="Svenska",A21,B21) -> Eldningsolja | D21: 0.78388792 | E21: 0.9023792 | F21: 0.803024 | G21: 0.43287611 | H21: 0.78194907 | I21: 1.0188311 | J21: 0.83138889 | K21: 1.3206599 | L21: 0.78555556 | M21: 0.96 | N21: 1.2533333 | O21: 1.9547222 | P21: 2.2291667 | Q21: 4.5225 | R21: 2.5213889 | S21: 1.5913889 | T21: 2.5205556 | U21: 4.0044444 | V21: 3.4180556 | W21: 4.5583333 | X21: 6.6430556 | Y21: 5.5786111 | Z21: 4.7358333 | AA21: 4.2666667 | AB21: 6.5491667 | AC21: 8.2577778 | AD21: 6.9555556 | AE21: 11.801389 | AF21: 8.8208333 | AG21: 9.6594444 | AH21: 6.9536111 | AI21: 5.6913889 | AJ21: 5.1594444 | AK21: 3.0241667 | AL21: 3.8983333 | AM21: 5.0127778 | AN21: 7.9352778 | AO21: 9.3430556 | AP21: 11.625278 | AQ21: 7.9380556 | AR21: 11.203333
A23: Källa: SCB och Energimyndigheten | B23: Source: Statistics Sweden and Swedish Energy Agency | C23: =IF(Innehåll_Content!$E$2="Svenska",A23,B23) -> Källa: SCB och Energimyndigheten
A25: Andel förnybart av elproduktion i kraftvärmeverk, procent, 1983– | B25: Share of renewables from electricity production in CHP plants, percent, 1983– | C25: =IF(Innehåll_Content!$E$2="Svenska",A25,B25) -> Andel förnybart av elproduktion i kraftvärmeverk, procent, 1983–
D26: 2023 | E26: 2022 | F26: 2021 | G26: 2020 | H26: 2019 | I26: 2018 | J26: 2017 | K26: 2016 | L26: 2015 | M26: 2014 | N26: 2013 | O26: 2012 | P26: 2011 | Q26: 2010 | R26: 2009 | S26: 2008 | T26: 2007 | U26: 2006 | V26: 2005 | W26: 2004 | X26: 2003 | Y26: 2002 | Z26: 2001 | AA26: 2000 | AB26: 1999 | AC26: 1998 | AD26: 1997 | AE26: 1996 | AF26: 1995 | AG26: 1994 | AH26: 1993 | AI26: 1992 | AJ26: 1991 | AK26: 1990 | AL26: 1989 | AM26: 1988 | AN26: 1987 | AO26: 1986 | AP26: 1985 | AQ26: 1984 | AR26: 1983
A27: Andel förnybart i kraftvärmeverk inom energisektorn (fjärrvärme) | B27: Share of renewables in CHP plants in the energy sector (district heating) | C27: =IF(Innehåll_Content!$E$2="Svenska",A27,B27) -> Andel förnybart i kraftvärmeverk inom energisektorn (fjärrvärme) | D27: 0.70789201 | E27: 0.72601772 | F27: 0.69969754 | G27: 0.66583702 | H27: 0.6948871 | I27: 0.61420534 | J27: 0.63655946 | K27: 0.58288458 | L27: 0.59419852 | M27: 0.58488604 | N27: 0.51852833 | O27: 0.52949109 | P27: 0.468718 | Q27: 0.41631363 | R27: 0.48414093 | S27: 0.5254054 | T27: 0.47665093 | U27: 0.47161602 | V27: 0.43840422 | W27: 0.35664863 | X27: 0.21060384 | Y27: 0.17990114 | Z27: 0.20712145 | AA27: 0.18760327 | AB27: 0.15919718 | AC27: 0.12706038 | AD27: 0.1508665 | AE27: 0.08634143 | AF27: 0.088679805 | AG27: 0.032319411 | AH27: 0.032407813 | AI27: 0.017547348 | AJ27: 0.021427339 | AK27: 0.042309542 | AL27: 0.073199786 | AM27: 0.021483291 | AN27: 0.022230077 | AO27: 0.020454187 | AP27: 0.014394646 | AQ27: 0.0094598324 | AR27: 0.0091815363
A28: Andel förnybart i kraftvärmeverk inom industrisektorn | B28: Share of renewables in CHP plants in the industry sector | C28: =IF(Innehåll_Content!$E$2="Svenska",A28,B28) -> Andel förnybart i kraftvärmeverk inom industrisektorn | D28: 0.93880233 | E28: 0.9447294 | F28: 0.9434298 | G28: 0.93643032 | H28: 0.90588626 | I28: 0.92110716 | J28: 0.90794073 | K28: 0.91598231 | L28: 0.88810595 | M28: 0.91981242 | N28: 0.9231108 | O28: 0.91586681 | P28: 0.85902039 | Q28: 0.80885999 | R28: 0.89737366 | S28: 0.80159008 | T28: 0.78422012 | U28: 0.73756604 | V28: 0.71061248 | W28: 0.62592949 | X28: 0.54165271 | Y28: 0.56872656 | Z28: 0.52632963 | AA28: 0.53084927 | AB28: 0.36921839 | AC28: 0.44579721 | AD28: 0.44386816 | AE28: 0.34038964 | AF28: 0.38656213 | AG28: 0.40084553 | AH28: 0.44611251 | AI28: 0.54790817 | AJ28: 0.47710693 | AK28: 0.59152487 | AL28: 0.58482481 | AM28: 0.69970516 | AN28: 0.56920993 | AO28: 0.56481133 | AP28: 0.61698597 | AQ28: 0.65676165 | AR28: 0.53201505
A29: Andel förnybart i samtliga kraftvärmeverk (industri-/energisektor) | B29: Share of renewables in all CHP plants (industry and energy sector) | C29: =IF(Innehåll_Content!$E$2="Svenska",A29,B29) -> Andel förnybart i samtliga kraftvärmeverk (industri-/energisektor) | D29: 0.82770999 | E29: 0.83339115 | F29: 0.81827787 | G29: 0.81433676 | H29: 0.79886104 | I29: 0.74992205 | J29: 0.75720612 | K29: 0.72112944 | L29: 0.72706968 | M29: 0.73094702 | N29: 0.6823487 | O29: 0.69161093 | P29: 0.61642075 | Q29: 0.56199468 | R29: 0.64618306 | S29: 0.64621295 | T29: 0.60467506 | U29: 0.57573 | V29: 0.55306512 | W29: 0.45985738 | X29: 0.33243623 | Y29: 0.34045571 | Z29: 0.33872741 | AA29: 0.36348217 | AB29: 0.24539419 | AC29: 0.2492211 | AD29: 0.27284485 | AE29: 0.1760969 | AF29: 0.21549719 | AG29: 0.17687306 | AH29: 0.20967136 | AI29: 0.25036596 | AJ29: 0.22778931 | AK29: 0.32911868 | AL29: 0.34678433 | AM29: 0.31261311 | AN29: 0.26790577 | AO29: 0.25624479 | AP29: 0.24807422 | AQ29: 0.4078995 | AR29: 0.31894273
A31: Källa: Energimyndigheten | B31: Source: Swedish Energy Agency | C31: =IF(Innehåll_Content!$E$2="Svenska",A31,B31) -> Källa: Energimyndigheten

Sheet 12
A1: Tillbaka till innehåll | B1: Back to content | C1: =IF(Innehåll_Content!$E$2="Svenska",A1,B1) -> Tillbaka till innehåll
A2: 12. Effektbalans | B2: 12. Load balance | C2: =IF(Innehåll_Content!$E$2="Svenska",A2,B2) -> 12. Effektbalans
A4: Installerad elproduktionskapacitet per kraftslag och maximalt uppmätt timeffektbehov i Sverige, MW, 1996– | B4: Installed capacity and peak hourly load in Sweden, MW, 1996– | C4: =IF(Innehåll_Content!$E$2="Svenska",A4,B4) -> Installerad elproduktionskapacitet per kraftslag och maximalt uppmätt timeffektbehov i Sverige, MW, 1996–
D5: 2024 | E5: 2023 | F5: 2022 | G5: 2021 | H5: 2020 | I5: 2019 | J5: 2018 | K5: 2017 | L5: 2016 | M5: 2015 | N5: 2014 | O5: 2013 | P5: 2012 | Q5: 2011 | R5: 2010 | S5: 2009 | T5: 2008 | U5: 2007 | V5: 2006 | W5: 2005 | X5: 2004 | Y5: 2003 | Z5: 2002 | AA5: 2001 | AB5: 2000 | AC5: 1999 | AD5: 1998 | AE5: 1997 | AF5: 1996
A6: Vattenkraft | B6: Hydropower | C6: =IF(Innehåll_Content!$E$2="Svenska",A6,B6) -> Vattenkraft | D6: 16274 | E6: 16416 | F6: 16302 | G6: 16286 | H6: 16335 | I6: 16328 | J6: 16315 | K6: 16301 | L6: 16181 | M6: 16184 | N6: 16155 | O6: 16150 | P6: 16203 | Q6: 16197 | R6: 16200 | S6: 16203 | T6: 16199 | U6: 16209 | V6: 16180 | W6: 16150 | X6: 16137 | Y6: 16143 | Z6: 16097 | AA6: 16239 | AB6: 16229 | AC6: 16192 | AD6: 16204 | AE6: 16246 | AF6: 16203
A7: Kärnkraft | B7: Nuclear power | C7: =IF(Innehåll_Content!$E$2="Svenska",A7,B7) -> Kärnkraft | D7: 6944 | E7: 6937 | F7: 6885 | G7: 6882 | H7: 6871 | I7: 7725 | J7: 8614 | K7: 8586 | L7: 9076 | M7: 9076 | N7: 9528 | O7: 9531 | P7: 9363 | Q7: 9363 | R7: 9151 | S7: 8938 | T7: 8938 | U7: 9074 | V7: 8965 | W7: 8961 | X7: 9471 | Y7: 9441 | Z7: 9424 | AA7: 9436 | AB7: 9439 | AC7: 9452 | AD7: 10052 | AE7: 10056 | AF7: 10055
A8: Kondenskraft | B8: Cold condensing power | C8: =IF(Innehåll_Content!$E$2="Svenska",A8,B8) -> Kondenskraft | D8: 662 | E8: 662 | F8: 662 | G8: 662 | H8: 905 | I8: 905 | J8: 905 | K8: 913 | L8: 1433 | M8: 1413 | N8: 1748 | O8: 1498 | P8: 1498 | Q8: 1623 | R8: 1801 | S8: 2271 | T8: 2271 | U8: 2298 | V8: 2298 | W8: 2298 | X8: 2298 | Y8: 2108 | Z8: 1356 | AA8: 1023 | AB8: 448 | AC8: 452 | AD8: 846 | AE8: 2777 | AF8: 2842
A9: Kraftvärme | B9: Combined heat and power | C9: =IF(Innehåll_Content!$E$2="Svenska",A9,B9) -> Kraftvärme | D9: 2775 | E9: 2842 | F9: 2835 | G9: 2875 | H9: 2879 | I9: 3100 | J9: 3048 | K9: 3078 | L9: 3591 | M9: 3525 | N9: 3681 | O9: 3631 | P9: 3571 | Q9: 3551 | R9: 3561 | S9: 3531 | T9: 2955 | U9: 2883 | V9: 2954 | W9: 2626 | X9: 2600 | Y9: 2572 | Z9: 2492 | AA9: 2340 | AB9: 2264 | AC9: 2248 | AD9: 2246 | AE9: 2354 | AF9: 2464
A10: Industriellt mottryck | B10: Industrial back-pressure power | C10: =IF(Innehåll_Content!$E$2="Svenska",A10,B10) -> Industriellt mottryck | D10: 1582 | E10: 1586 | F10: 1566 | G10: 1520 | H10: 1520 | I10: 1513 | J10: 1477 | K10: 1451 | L10: 1441 | M10: 1376 | N10: 1375 | O10: 1375 | P10: 1375 | Q10: 1240 | R10: 1216 | S10: 1199 | T10: 1194 | U10: 1224 | V10: 1299 | W10: 1029 | X10: 980 | Y10: 979 | Z10: 956 | AA10: 929 | AB10: 932 | AC10: 941 | AD10: 841 | AE10: 776 | AF10: 776
A11: Gasturbiner m.m. | B11: Gas turbines etc. | C11: =IF(Innehåll_Content!$E$2="Svenska",A11,B11) -> Gasturbiner m.m. | D11: 1543 | E11: 1543 | F11: 1543 | G11: 1534 | H11: 1583 | I11: 1573 | J11: 1579 | K11: 1577 | L11: 1577 | M11: 1606 | N11: 1563 | O11: 1575 | P11: 1574 | Q11: 1574 | R11: 1607 | S11: 1603 | T11: 1602 | U11: 1600 | V11: 1613 | W11: 1623 | X11: 1623 | Y11: 1719 | Z11: 1559 | AA11: 1461 | AB11: 1341 | AC11: 1485 | AD11: 1631 | AE11: 1713 | AF11: 1713
A12: Vindkraft | B12: Windpower | C12: =IF(Innehåll_Content!$E$2="Svenska",A12,B12) -> Vindkraft | D12: 17008 | E12: 16252 | F12: 14278 | G12: 12074 | H12: 10017 | I12: 8980 | J12: 7406 | K12: 6691 | L12: 6495 | M12: 6029 | N12: 5420 | O12: 4470 | P12: 3745 | Q12: 2899 | R12: 2163 | S12: 1560 | T12: 1021 | U12: 780 | V12: 580 | W12: 525 | X12: 442 | Y12: 399 | Z12: 339 | AA12: 293 | AB12: 241 | AC12: 215 | AD12: 174 | AE12: 122 | AF12: 105
A13: Solkraft | B13: Photovoltaics | C13: =IF(Innehåll_Content!$E$2="Svenska",A13,B13) -> Solkraft | D13: 4845 | E13: 3973 | F13: 2372 | G13: 1578 | H13: 1089 | I13: 698 | J13: 411 | K13: 231 | L13: 140 | M13: 104 | N13: 79 | O13: 43 | P13: 24 | Q13: 16
A14: Installerad elproduktionskapacitet | B14: Installed electricity production capacity | C14: =IF(Innehåll_Content!$E$2="Svenska",A14,B14) -> Installerad elproduktionskapacitet | D14: 51633 | E14: 50067.62 | F14: 46445.64 | G14: 43411 | H14: 41199 | I14: 40822 | J14: 39755 | K14: 38828 | L14: 39934 | M14: 39313 | N14: 39549 | O14: 38273 | P14: 37353 | Q14: 36463 | R14: 35699 | S14: 35305 | T14: 34180 | U14: 34068 | V14: 33889 | W14: 33212 | X14: 33551 | Y14: 33361 | Z14: 32223 | AA14: 31721 | AB14: 30894 | AC14: 30985 | AD14: 31994 | AE14: 34044 | AF14: 34158
A15: Maximalt uppmätt effektbehov under topplasttimmen | B15: Peak hourly load | C15: =IF(Innehåll_Content!$E$2="Svenska",A15,B15) -> Maximalt uppmätt effektbehov under topplasttimmen | D15: 22500 | E15: 25200 | F15: 23900 | G15: 25600 | H15: 25500 | I15: 23200 | J15: 25200 | K15: 26700 | L15: 25855 | M15: 26883 | N15: 23390 | O15: 24760 | P15: 26760 | Q15: 26035 | R15: 26700 | S15: 26200 | T15: 24900 | U15: 24500 | V15: 26200 | W15: 26300 | X15: 25800 | Y15: 26900 | Z15: 26400 | AA15: 25800 | AB15: 27000 | AC15: 26000 | AD15: 25800 | AE15: 24600 | AF15: 25000
A16: Bedömd tillgänglig elproduktionskapacitet | B16: Evaluted available electricity production capacity | C16: =IF(Innehåll_Content!$E$2="Svenska",A16,B16) -> Bedömd tillgänglig elproduktionskapacitet | D16: 25300 | E16: 25100 | F16: 25100 | G16: 25000 | H16: 24900 | I16: 25700 | J16: 26300 | K16: 26755 | L16: 27153 | M16: 28171 | N16: 27541 | O16: 27307 | P16: 27859 | Q16: 27776 | R16: 28255 | S16: 28010 | T16: 29200 | U16: 28770 | V16: 28555 | W16: 27870 | X16: 28820
A17: Bedömt maximalt effektbehov vid tioårsvinter | B17: Evaluted maximum load at a 10-year cold winter | C17: =IF(Innehåll_Content!$E$2="Svenska",A17,B17) -> Bedömt maximalt effektbehov vid tioårsvinter | D17: 27800 | E17: 27800 | F17: 27800 | G17: 27800 | H17: 27800 | I17: 27700 | J17: 27800 | K17: 27600 | L17: 27400 | M17: 27100 | N17: 27100 | O17: 27700 | P17: 27500 | Q17: 28100 | R17: 28200 | S17: 27600 | T17: 28900 | U17: 28900 | V17: 28900 | W17: 28800 | X17: 28800
A18: Bedömt maximalt effektbehov vid normalvinter | B18: Evaluted maximum load at a mean winter | C18: =IF(Innehåll_Content!$E$2="Svenska",A18,B18) -> Bedömt maximalt effektbehov vid normalvinter | D18: 26600 | E18: 26500 | F18: 26500 | G18: 26600 | H18: 26600 | I18: 26700 | J18: 26700 | K18: 26100 | L18: 25900 | M18: 25600 | N18: 25600 | O18: 26200 | P18: 26000 | Q18: 26500 | R18: 26700 | S18: 26100 | T18: 27200 | U18: 27200 | V18: 27200 | W18: 27000 | X18: 26800
A20: Källa: Energiföretagen Sverige, Svenska Kraftnät och Energimyndigheten | B20: Source: Swedenergy, Svenska Kraftnät and Swedish energy agency | C20: =IF(Innehåll_Content!$E$2="Svenska",A20,B20) -> Källa: Energiföretagen Sverige, Svenska Kraftnät och Energimyndigheten
A22: Anm.: I installerad kapacitet för kärnkraften 2015 är Oskarshamn 2 (638 MW) borträknad. | B22: Note: Oskarshamn 2 (638 MW) are not included in the installed capacity of nuclear power in 2015 | C22: =IF(Innehåll_Content!$E$2="Svenska",A22,B22) -> Anm.: I installerad kapacitet för kärnkraften 2015 är Oskarshamn 2 (638 MW) borträknad.

Sheet 13
A1: Tillbaka till innehåll | B1: Back to content | C1: =IF(Innehåll_Content!$E$2="Svenska",A1,B1) -> Tillbaka till innehåll
A2: 13. Elmarknadens struktur | B2: 13. Electricity market structure | C2: =IF(Innehåll_Content!$E$2="Svenska",A2,B2) -> 13. Elmarknadens struktur
A4: Marknadsandel för de tre största elproducenterna i förhållande till den totala svenska och nordiska elproduktionen 1996– | B4: Market share of the three largest electricity producers in relation to the total Swedish and Nordic electricity production, 1996– | C4: =IF(Innehåll_Content!$E$2="Svenska",A4,B4) -> Marknadsandel för de tre största elproducenterna i förhållande till den totala svenska och nordiska elproduktionen 1996–
D5: 2024 | E5: 2023 | F5: 2022 | G5: 2021 | H5: 2020 | I5: 2019 | J5: 2018 | K5: 2017 | L5: 2016 | M5: 2015 | N5: 2014 | O5: 2013 | P5: 2012 | Q5: 2011 | R5: 2010 | S5: 2009 | T5: 2008 | U5: 2007 | V5: 2006 | W5: 2005 | X5: 2004 | Y5: 2003 | Z5: 2002 | AA5: 2001 | AB5: 2000 | AC5: 1999 | AD5: 1998 | AE5: 1997 | AF5: 1996
A6: Andel av Sveriges elproduktion | B6: Share of Swedish electricity production | C6: =IF(Innehåll_Content!$E$2="Svenska",A6,B6) -> Andel av Sveriges elproduktion | D6: 0.58 | E6: 0.60797546 | F6: 0.62683932 | G6: 0.66049014 | H6: 0.66465839 | I6: 0.71513382 | J6: 0.73097792 | K6: 0.7184953 | L6: 0.72793149 | M6: 0.73324905 | N6: 0.76719577 | O6: 0.77613941 | P6: 0.79320988 | Q6: 0.78779661 | R6: 0.79931034 | S6: 0.79356769 | T6: 0.84726027 | U6: 0.84344828 | V6: 0.86111111 | W6: 0.86387097 | X6: 0.86223118 | Y6: 0.87320755 | Z6: 0.87718074 | AB6: 0.89852008 | AD6: 0.89494163 | AF6: 0.90661765
A7: Andel av Nordens elproduktion | B7: Share of Nordic electricity production | C7: =IF(Innehåll_Content!$E$2="Svenska",A7,B7) -> Andel av Nordens elproduktion | D7: 0.36 | E7: 0.37103966 | F7: 0.38316192 | G7: 0.41026247 | H7: 0.39473684 | I7: 0.42309512 | J7: 0.41080681 | K7: 0.40661527 | L7: 0.39206269 | M7: 0.39954683 | N7: 0.42772634 | O7: 0.42179353 | P7: 0.4261811 | Q7: 0.4054 | R7: 0.4275646 | S7: 0.4208243 | T7: 0.41584906 | U7: 0.39713063 | V7: 0.4133889 | W7: 0.40795138 | X7: 0.41033755 | Y7: 0.39641873 | Z7: 0.38662487 | AF7: 0.34512777
A9: Källa: Energiföretagen Sverige | B9: Source: Swedenergy | C9: =IF(Innehåll_Content!$E$2="Svenska",A9,B9) -> Källa: Energiföretagen Sverige

Sheet 14
A1: Tillbaka till innehåll | B1: Back to content | C1: =IF(Innehåll_Content!$E$2="Svenska",A1,B1) -> Tillbaka till innehåll
A2: 14. Trygg energiförsörjning | B2: 14. Security of supply | C2: =IF(Innehåll_Content!$E$2="Svenska",A2,B2) -> 14. Trygg energiförsörjning
A4: Antal abonnenter med strömavbrott längre än 24 timmar, 2007– | B4: Number of subscribers with power outages longer than 24 hours, 2007– | C4: =IF(Innehåll_Content!$E$2="Svenska",A4,B4) -> Antal abonnenter med strömavbrott längre än 24 timmar, 2007–
D5: 2025 | E5: 2024 | F5: 2023 | G5: 2022 | H5: 2021 | I5: 2020 | J5: 2019 | K5: 2018 | L5: 2017 | M5: 2016 | N5: 2015 | O5: 2014 | P5: 2013 | Q5: 2012 | R5: 2011 | S5: 2010 | T5: 2009 | U5: 2008 | V5: 2007
A6: Antal abonnenter | B6: Number of subscribers | C6: =IF(Innehåll_Content!$E$2="Svenska",A6,B6) -> Antal abonnenter | F6: 3824 | G6: 8401 | H6: 3576 | I6: 5991 | J6: 53329 | K6: 3490 | L6: 988 | M6: 6299 | N6: 37108 | O6: 6821 | P6: 72825 | Q6: 2856 | R6: 72318 | S6: 1581 | T6: 3602 | U6: 24411 | V6: 225001
A8: Källa: Energimarknadsinspektionen | B8: Source: Swedish Energy Markets Inspectorate | C8: =IF(Innehåll_Content!$E$2="Svenska",A8,B8) -> Källa: Energimarknadsinspektionen
A10: Upphandlad effektreserv vintarna 2011- | B10: Purchased power reserve during winters 2011 | C10: =IF(Innehåll_Content!$E$2="Svenska",A10,B10) -> Upphandlad effektreserv vintarna 2011-
D11: 2025 | E11: 2024 | F11: 2023 | G11: 2022 | H11: 2021 | I11: 2020 | J11: 2019 | K11: 2018 | L11: 2017 | M11: 2016 | N11: 2015 | O11: 2014 | P11: 2013 | Q11: 2012 | R11: 2011
A12: Produktionskapacitet | B12: Production capacity | C12: =IF(Innehåll_Content!$E$2="Svenska",A12,B12) -> Produktionskapacitet | D12: 562 | E12: 562 | F12: 562 | G12: 562 | H12: 562 | I12: 562 | J12: 562 | K12: 562 | L12: 660 | M12: 660 | N12: 874 | O12: 958 | P12: 1255 | Q12: 1364 | R12: 1309
A13: Efterfrågeflexibilitet | B13: Demand flexibility | C13: =IF(Innehåll_Content!$E$2="Svenska",A13,B13) -> Efterfrågeflexibilitet | D13: 0 | E13: 0 | F13: 0 | G13: 0 | H13: 0 | I13: 190 | J13: 205 | K13: 185 | L13: 334 | M13: 340 | N13: 626 | O13: 531 | P13: 464 | Q13: 362 | R13: 582.7
A15: Källa: SvK | B15: Source: Svenska Kraftnät | C15: =IF(Innehåll_Content!$E$2="Svenska",A15,B15) -> Källa: SvK
A17: Icke levererad energi och effekt på stamnätet, MWh respektive MW, 2004- | B17: Non delivered energy and power to the national transmission grid, MWh and MW 2004- | C17: =IF(Innehåll_Content!$E$2="Svenska",A17,B17) -> Icke levererad energi och effekt på stamnätet, MWh respektive MW, 2004-
D18: 2025 | E18: 2024 | F18: 2023 | G18: 2022 | H18: 2021 | I18: 2020 | J18: 2019 | K18: 2018 | L18: 2017 | M18: 2016 | N18: 2015 | O18: 2014 | P18: 2013 | Q18: 2012 | R18: 2011 | S18: 2010 | T18: 2009 | U18: 2008 | V18: 2007 | W18: 2006 | X18: 2005 | Y18: 2004
A19: Icke levererad energi [MWh] | B19: Non delivered energy (MWh) | C19: =IF(Innehåll_Content!$E$2="Svenska",A19,B19) -> Icke levererad energi [MWh] | E19: 9.3 | F19: 187 | G19: 249.3 | H19: 16.5 | I19: 14 | J19: 286.6 | K19: 290.1 | L19: 1.3 | M19: 1.1 | N19: 9.3 | O19: 10.6 | P19: 0.2 | Q19: 7 | R19: 42 | S19: 5 | T19: 5 | U19: 3 | V19: 13 | W19: 95 | X19: 4 | Y19: 25
A20: Icke levererad effekt [MW] | B20: Non-delivered power(MW) | C20: =IF(Innehåll_Content!$E$2="Svenska",A20,B20) -> Icke levererad effekt [MW] | E20: 99 | F20: 52 | G20: 279.4 | H20: 78.4 | I20: 80.6 | J20: 25.6 | K20: 261 | L20: 28.9 | M20: 34 | N20: 31 | O20: 84.3 | P20: 10 | Q20: 23 | R20: 235 | S20: 43 | T20: 37 | U20: 58 | V20: 37 | W20: 156
A22: Källa: SVK | B22: Source: Svenska kraftnät | C22: =IF(Innehåll_Content!$E$2="Svenska",A22,B22) -> Källa: SVK
A24: Antal laddbara fordon, 2015- | B24: Number of chargeable vehicles, 2015- | C24: =IF(Innehåll_Content!$E$2="Svenska",A24,B24) -> Antal laddbara fordon, 2015-
D25: 2025 | E25: 2024 | F25: 2023 | G25: 2022 | H25: 2021 | I25: 2020 | J25: 2019 | K25: 2018 | L25: 2017 | M25: 2016 | N25: 2015
A26: Laddhydbrider | B26: Passenger cars, hybrids | C26: =IF(Innehåll_Content!$E$2="Svenska",A26,B26) -> Laddhydbrider | E26: 303130 | F26: 271309 | G26: 237035 | H26: 187905 | I26: 122977 | J26: 66336 | K26: 49282 | L26: 32211 | M26: 18840 | N26: 9793
A27: Personbilar | B27: Battery electric passenger cars | C27: =IF(Innehåll_Content!$E$2="Svenska",A27,B27) -> Personbilar | E27: 356359 | F27: 290197 | G27: 195885 | H27: 109735 | I27: 56058 | J27: 30272 | K27: 16604 | L27: 11005 | M27: 7515 | N27: 4756
A28: Lätt lastbil | B28: Light truck | C28: =IF(Innehåll_Content!$E$2="Svenska",A28,B28) -> Lätt lastbil | E28: 28516 | F28: 21087 | G28: 13270 | H28: 8442 | I28: 5900 | J28: 3956 | K28: 2667 | L28: 1960 | M28: 1559 | N28: 1232
A30: Källa: Branschorganisationen Power Circle | B30: Source: Power circle organisation. | C30: =IF(Innehåll_Content!$E$2="Svenska",A30,B30) -> Källa: Branschorganisationen Power Circle

Sheet 15
A1: Tillbaka till innehåll | B1: Back to content | C1: =IF(Innehåll_Content!$E$2="Svenska",A1,B1) -> Tillbaka till innehåll
A2: 15. Drivmedelspriser | B2: 15. Fuel prices | C2: =IF(Innehåll_Content!$E$2="Svenska",A2,B2) -> 15. Drivmedelspriser
A4: Totalt genomsnittligt försäljningspris på bensin E5, diesel B7 och E85, kr/liter i 2024 års prisnivå, 1980– | B4: Fuel prices in 2024 price level, SEK/litre, 1980– | C4: =IF(Innehåll_Content!$E$2="Svenska",A4,B4) -> Totalt genomsnittligt försäljningspris på bensin E5, diesel B7 och E85, kr/liter i 2024 års prisnivå, 1980–
D5: 2024 | E5: 2023 | F5: 2022 | G5: 2021 | H5: 2020 | I5: 2019 | J5: 2018 | K5: 2017 | L5: 2016 | M5: 2015 | N5: 2014 | O5: 2013 | P5: 2012 | Q5: 2011 | R5: 2010 | S5: 2009 | T5: 2008 | U5: 2007 | V5: 2006 | W5: 2005 | X5: 2004 | Y5: 2003 | Z5: 2002 | AA5: 2001 | AB5: 2000 | AC5: 1999 | AD5: 1998 | AE5: 1997 | AF5: 1996 | AG5: 1995 | AH5: 1994 | AI5: 1993 | AJ5: 1992 | AK5: 1991 | AL5: 1990 | AM5: 1989 | AN5: 1988 | AO5: 1987 | AP5: 1986 | AQ5: 1985 | AR5: 1984 | AS5: 1983 | AT5: 1982 | AU5: 1981 | AV5: 1980
A6: Bensin | B6: Petrol | C6: =IF(Innehåll_Content!$E$2="Svenska",A6,B6) -> Bensin | D6: 18.1 | E6: 20.556969 | F6: 22.916914 | G6: 19.802458 | H6: 17.487415 | I6: 19.586297 | J6: 19.430132 | K6: 18.198497 | L6: 17.318143 | M6: 17.700348 | N6: 18.963756 | O6: 19.206933 | P6: 19.792957 | Q6: 18.782595 | R6: 17.743675 | S6: 16.707966 | T6: 17.318057 | U6: 16.6483 | V6: 16.870672 | W6: 16.478672 | X6: 14.943616 | Y6: 14.121967 | Z6: 14.259368 | AA6: 14.79681 | AB6: 15.271532 | AC6: 13.511275 | AD6: 13.084494 | AE6: 13.343531 | AF6: 12.762619 | AG6: 12.333931 | AH6: 12.563091 | AI6: 13.09293 | AJ6: 11.182612 | AK6: 11.785728 | AL6: 12.566379 | AM6: 10.130455 | AN6: 10.055699 | AO6: 9.9934311 | AP6: 10.385225 | AQ6: 12.335731 | AR6: 12.002242 | AS6: 12.742538 | AT6: 13.167453 | AU6: 12.887797 | AV6: 11.95632
A7: Diesel | B7: Diesel | C7: =IF(Innehåll_Content!$E$2="Svenska",A7,B7) -> Diesel | D7: 18.1 | E7: 23.888864 | F7: 27.292672 | G7: 20.637137 | H7: 17.88289 | I7: 19.996156 | J7: 19.607115 | K7: 17.850509 | L7: 16.753991 | M7: 17.157149 | N7: 18.791599 | O7: 19.140839 | P7: 19.555124 | Q7: 18.782595 | R7: 16.991244 | S7: 15.904432 | T7: 18.091431 | U7: 15.54794 | V7: 16.461686 | W7: 15.516305 | X7: 12.802441 | Y7: 11.823042 | Z7: 12.722339 | AA7: 13.506752 | AB7: 13.440222 | AC7: 10.712511 | AD7: 10.176829 | AE7: 10.729683 | AF7: 10.622002 | AG7: 11.079356 | AH7: 11.794604 | AI7: 10.276328 | AJ7: 8.7888898 | AK7: 9.4285827 | AL7: 9.5496487 | AM7: 7.1067677 | AN7: 6.2730645 | AO7: 6.3888353 | AP7: 5.9566126 | AQ7: 8.2328186 | AR7: 8.2624127 | AS7: 7.8897285 | AT7: 7.9482293 | AU7: 6.8142373 | AV7: 6.14422
A8: Etanol (bensin) | B8: Ethanol (petrol) | C8: =IF(Innehåll_Content!$E$2="Svenska",A8,B8) -> Etanol (bensin) | D8: 14.2 | E8: 16.124726 | F8: 19.545795 | G8: 16.209709 | H8: 14.904468 | I8: 15.264146 | J8: 13.614998 | K8: 14.563953 | L8: 14.392426 | M8: 13.81846 | N8: 12.633676 | O8: 13.337781 | P8: 13.648948 | Q8: 13.250461 | R8: 12.969162 | S8: 13.313727 | T8: 12.097781 | U8: 11.775278 | V8: 12.021267 | W8: 11.592812
A10: Källa: Energimyndigheten, SCB och Drivkraft Sverige | B10: Source: The Swedish Energy Agency, Statistics Sweden and Drivkraft Sverige | C10: =IF(Innehåll_Content!$E$2="Svenska",A10,B10) -> Källa: Energimyndigheten, SCB och Drivkraft Sverige
A12: Försäljningsprisets beståndsdelar för bensin E5 och diesel B7, kr/liter i 2024 års prisnivå, 2018- | B12: Separated diesel and petrol price, in 2024 price level, SEK/litre, 2018– | C12: =IF(Innehåll_Content!$E$2="Svenska",A12,B12) -> Försäljningsprisets beståndsdelar för bensin E5 och diesel B7, kr/liter i 2024 års prisnivå, 2018-
A13: Bensin | B13: Petrol | C13: =IF(Innehåll_Content!$E$2="Svenska",A13,B13) -> Bensin | D13: 2024 | E13: 2023 | F13: 2022 | G13: 2021 | H13: 2020 | I13: 2019 | J13: 2018
A14: Energi- och koldioxidskatt | B14: Energy and carbondioxide taxes | C14: =IF(Innehåll_Content!$E$2="Svenska",A14,B14) -> Energi- och koldioxidskatt | D14: 5.731226 | E14: 6.506978 | F14: 6.7928273 | G14: 8.181543 | H14: 8.2970747 | I14: 8.265064 | J14: 8.3511605
A15: Moms | B15: Value-added tax | C15: =IF(Innehåll_Content!$E$2="Svenska",A15,B15) -> Moms | D15: 3.6347967 | E15: 4.1268151 | F15: 4.6190757 | G15: 3.987959 | H15: 3.5093669 | I15: 3.9404095 | J15: 3.9133144
A16: Produkt | B16: Product | C16: =IF(Innehåll_Content!$E$2="Svenska",A16,B16) -> Produkt | D16: 8.8079607 | E16: 10.000282 | F16: 11.683475 | G16: 7.770293 | H16: 5.740393 | I16: 7.4965738 | J16: 7.3020972
A18: Diesel | B18: Diesel | C18: =IF(Innehåll_Content!$E$2="Svenska",A18,B18) -> Diesel | D18: 2024 | E18: 2023 | F18: 2022 | G18: 2021 | H18: 2020 | I18: 2019 | J18: 2018
A19: Energi- och koldioxidskatt | B19: Energy and carbondioxide taxes | C19: =IF(Innehåll_Content!$E$2="Svenska",A19,B19) -> Energi- och koldioxidskatt | D19: 4.2090105 | E19: 4.2006539 | F19: 4.5719282 | G19: 5.7542908 | H19: 5.8428708 | I19: 5.8242335 | J19: 6.6049021
A20: Moms | B20: Value-added tax | C20: =IF(Innehåll_Content!$E$2="Svenska",A20,B20) -> Moms | D20: 3.6295653 | E20: 4.7944377 | F20: 5.4819668 | G20: 4.1498757 | H20: 3.5870001 | I20: 4.0161274 | J20: 3.9463452
A21: Produkt | B21: Product | C21: =IF(Innehåll_Content!$E$2="Svenska",A21,B21) -> Produkt | D21: 10.309251 | E21: 14.977097 | F21: 17.355939 | G21: 10.845212 | H21: 8.5051298 | I21: 10.240276 | J21: 9.1804787
A23: Källa: Energimyndigheten, SCB och Drivkraft Sverige | B23: Source: The Swedish Energy Agency, Statistics Sweden and Drivkraft Sverige | C23: =IF(Innehåll_Content!$E$2="Svenska",A23,B23) -> Källa: Energimyndigheten, SCB och Drivkraft Sverige

Sheet 16
A1: Tillbaka till innehåll | B1: Back to content | C1: =IF(Innehåll_Content!$E$2="Svenska",A1,B1) -> Tillbaka till innehåll
A2: 16. Energipriser för näringslivet | B2: 16. Energy prices for industrial customers | C2: =IF(Innehåll_Content!$E$2="Svenska",A2,B2) -> 16. Energipriser för näringslivet
A4: El- och nätpris för industrikunder, öre/kWh, 1997–2024 (2023 års priser) | B4: Electricity price and distribution charge for industrial customers, öre/kWh, 1997–2024 (2023 prices) | C4: =IF(Innehåll_Content!$E$2="Svenska",A4,B4) -> El- och nätpris för industrikunder, öre/kWh, 1997–2024 (2023 års priser)
D5: H2 2024 | E5: H1 2024 | F5: H2 2023 | G5: H1 2023 | H5: H2 2022 | I5: H1 2022 | J5: H2 2021 | K5: H1 2021 | L5: H2 2020 | M5: H1 2020 | N5: H2 2019 | O5: H1 2019 | P5: H2 2018 | Q5: H1 2018 | R5: H2 2017 | S5: H1 2017 | T5: H2 2016 | U5: H1 2016 | V5: H2 2015 | W5: H1 2015 | X5: H2 2014 | Y5: H1 2014 | Z5: H2 2013 | AA5: H1 2013 | AB5: H2 2012 | AC5: H1 2012 | AD5: H2 2011 | AE5: H1 2011 | AF5: H2 2010 | AG5: H1 2010 | AH5: H2 2009 | AI5: H1 2009 | AJ5: H2 2008 | AK5: H1 2008 | AL5: H2 2007 | AM5: H1 2007 | AN5: 2007 | AO5: 2006 | AP5: 2005 | AQ5: 2004 | AR5: 2003 | AS5: 2002 | AT5: 2001 | AU5: 2000 | AV5: 1999 | AW5: 1998 | AX5: 1997
A6: 1,25 GWh | B6: 1,25 GWh | C6: =IF(Innehåll_Content!$E$2="Svenska",A6,B6) -> 1,25 GWh | AN6: 79.2 | AO6: 87.4 | AP6: 70 | AQ6: 78.1 | AR6: 106 | AS6: 64.2 | AT6: 68.5 | AU6: 61 | AV6: 62.9 | AW6: 66.4 | AX6: 72.4
A7: 10 GWh | B7: 10 GWh | C7: =IF(Innehåll_Content!$E$2="Svenska",A7,B7) -> 10 GWh | AN7: 66.7 | AO7: 73.6 | AP7: 56 | AQ7: 64.4 | AR7: 93.8 | AS7: 49.6 | AT7: 47.2 | AU7: 42.5 | AV7: 45 | AW7: 51.3 | AX7: 54.8
A8: 24 GWh | B8: 24 GWh | C8: =IF(Innehåll_Content!$E$2="Svenska",A8,B8) -> 24 GWh | AN8: 61.1 | AO8: 68.3 | AP8: 50.5 | AQ8: 58.9 | AR8: 88.1 | AS8: 44.8 | AT8: 41.4 | AU8: 37.7 | AV8: 39.2 | AW8: 44.9 | AX8: 48.8
A9: 0,5 - < 2 GWh | B9: 0,5 - < 2 GWh | C9: =IF(Innehåll_Content!$E$2="Svenska",A9,B9) -> 0,5 - < 2 GWh | D9: 95.180431 | E9: 104.32118 | F9: 104.7 | G9: 121.2 | H9: 178.5 | I9: 127.1 | J9: 117.4 | K9: 84.6 | L9: 83.3 | M9: 75.6 | N9: 85 | O9: 93.7 | P9: 95 | Q9: 85.3 | R9: 78.4 | S9: 77.9 | T9: 80.6 | U9: 73.1 | V9: 71.2 | W9: 74.9 | X9: 79.3 | Y9: 81.1 | Z9: 84.2 | AA9: 88.2 | AB9: 84.8 | AC9: 92.5 | AD9: 98.5 | AE9: 103.7 | AF9: 104.1 | AG9: 79 | AH9: 97.2 | AI9: 97.2 | AJ9: 102.1 | AK9: 87.3 | AL9: 84.8 | AM9: 79.2
A10: 2 - < 20 GWh | B10: 2 - < 20 GWh | C10: =IF(Innehåll_Content!$E$2="Svenska",A10,B10) -> 2 - < 20 GWh | D10: 80.92476 | E10: 92.671589 | F10: 90.5 | G10: 111.3 | H10: 157.6 | I10: 111.2 | J10: 105.7 | K10: 72.1 | L10: 68.8 | M10: 61.1 | N10: 72.3 | O10: 80 | P10: 81.1 | Q10: 70.6 | R10: 67.4 | S10: 66.5 | T10: 68.5 | U10: 63 | V10: 62.1 | W10: 65.6 | X10: 71.1 | Y10: 73.4 | Z10: 75.8 | AA10: 75.6 | AB10: 73.2 | AC10: 80.9 | AD10: 84.3 | AE10: 90.7 | AF10: 90.8 | AG10: 93.4 | AH10: 83.7 | AI10: 86.4 | AJ10: 91.4 | AK10: 77.9 | AL10: 75 | AM10: 66.7
A11: 20 - < 70 GWh | B11: 20 - < 70 GWh | C11: =IF(Innehåll_Content!$E$2="Svenska",A11,B11) -> 20 - < 70 GWh | D11: 66.707985 | E11: 80.312135 | F11: 83.8 | G11: 104 | H11: 150.6 | I11: 102.6 | J11: 95.7 | K11: 63.9 | L11: 59.2 | M11: 49.2 | N11: 60.7 | O11: 66.9 | P11: 73 | Q11: 60 | R11: 57.7 | S11: 55.9 | T11: 63.3 | U11: 54.9 | V11: 53.9 | W11: 57.6 | X11: 63.5 | Y11: 64.4 | Z11: 66.4 | AA11: 68.5 | AB11: 64.2 | AC11: 72 | AD11: 72.6 | AE11: 83 | AF11: 72.6 | AG11: 90.8 | AH11: 78.3 | AI11: 77 | AJ11: 81.9 | AK11: 69.9 | AL11: 68.1 | AM11: 61.1
A14: Gaspris för näringslivet inom EU-ETS, öre/kWh, 1996–2024 (2023 års priser) | B14: Gas price for industrial customers within EU-ETS, öre/kWh, 1996–2024 (2023 prices) | C14: =IF(Innehåll_Content!$E$2="Svenska",A14,B14) -> Gaspris för näringslivet inom EU-ETS, öre/kWh, 1996–2024 (2023 års priser)
D15: H2 2024 | E15: H1 2024 | F15: H2 2023 | G15: H1 2023 | H15: H2 2022 | I15: H1 2022 | J15: H2 2021 | K15: H1 2021 | L15: H2 2020 | M15: H1 2020 | N15: H2 2019 | O15: H1 2019 | P15: H2 2018 | Q15: H1 2018 | R15: H2 2017 | S15: H1 2017 | T15: H2 2016 | U15: H1 2016 | V15: H2 2015 | W15: H1 2015 | X15: H2 2014 | Y15: H1 2014 | Z15: H2 2013 | AA15: H1 2013 | AB15: H2 2012 | AC15: H1 2012 | AD15: H2 2011 | AE15: H1 2011 | AF15: H2 2010 | AG15: H1 2010 | AH15: H2 2009 | AI15: H1 2009 | AJ15: H2 2008 | AK15: H1 2008 | AL15: H2 2007 | AM15: H1 2007 | AN15: 2007 | AO15: 2006 | AP15: 2005 | AQ15: 2004 | AR15: 2003 | AS15: 2002 | AT15: 2001 | AU15: 2000 | AV15: 1999 | AW15: 1998 | AX15: 1997 | AY15: 1996
A16: Produkt | B16: Product | C16: =IF(Innehåll_Content!$E$2="Svenska",A16,B16) -> Produkt | AN16: 38.3 | AO16: 48.6 | AP16: 37.9 | AQ16: 29.7 | AR16: 32.6 | AS16: 29 | AT16: 38.3 | AU16: 24.3 | AV16: 17.2 | AW16: 22.6 | AX16: 23.5 | AY16: 20.1
A17: Koldioxidskatt | B17: Carbon dioxide tax | C17: =IF(Innehåll_Content!$E$2="Svenska",A17,B17) -> Koldioxidskatt | AN17: 5.3 | AO17: 5.4 | AP17: 5.4 | AQ17: 5.4 | AR17: 5.4 | AS17: 5.5 | AT17: 5.5 | AU17: 5.6 | AV17: 5.6 | AW17: 5.7 | AX17: 5.6 | AY17: 2.8
A18: Produkt | B18: Product | C18: =IF(Innehåll_Content!$E$2="Svenska",A18,B18) -> Produkt | D18: 71.093597 | E18: 62.439063 | F18: 122.6 | G18: 130.1 | H18: 181.6 | I18: 116.2 | J18: 100.1 | K18: 38.6 | L18: 24.3 | M18: . | N18: 29.8 | O18: 32.3 | P18: 41.7 | Q18: 47.2 | R18: 36.8 | S18: 29.8 | T18: 33.2 | U18: 30 | V18: 35.4 | W18: 39.9 | X18: 37.9 | Y18: 38.8 | Z18: 42.9 | AA18: 43.4 | AB18: 43.2 | AC18: 45.5 | AD18: 49.6 | AE18: 45.4 | AF18: 46.3 | AG18: 45.2 | AH18: 46.6 | AI18: 39.7 | AJ18: 50.4 | AK18: 50.8 | AL18: 43.4 | AM18: 38.3
A19: EUA-pris | B19: EUA-price | C19: =IF(Innehåll_Content!$E$2="Svenska",A19,B19) -> EUA-pris | D19: 15.154251 | E19: 15.154251 | F19: 20 | G19: 20 | H19: 19.2 | I19: 19.2 | J19: 13.1 | K19: 13.1 | L19: 6.4 | M19: 6.4 | N19: 6.5 | O19: 6.5 | P19: 3.8 | Q19: 3.8 | R19: 1.4 | S19: 1.4 | T19: 1.3 | U19: 1.3 | V19: 1.9 | W19: 1.9 | X19: 1.4 | Y19: 1.4 | Z19: 1 | AA19: 1 | AB19: 1.7 | AC19: 1.7 | AD19: 3.2 | AE19: 3.2 | AF19: 3.8 | AG19: 3.8 | AH19: 3.9 | AI19: 3.9 | AJ19: 5.9 | AK19: 5.9 | AL19: 0.6 | AM19: 0.6 | AN19: 0.6 | AO19: 4.9 | AP19: 5.4 | AQ19: 0
A20: Koldioxidskatt | B20: Carbon dioxide tax | C20: =IF(Innehåll_Content!$E$2="Svenska",A20,B20) -> Koldioxidskatt | D20: 0 | E20: 0 | F20: 0 | G20: 0 | H20: 0 | I20: 0 | J20: 0 | K20: 0 | L20: 0 | M20: 0 | N20: 0 | O20: 0 | P20: 0 | Q20: 0 | R20: 0 | S20: 0 | T20: 0 | U20: 0 | V20: 0 | W20: 0 | X20: 0 | Y20: 0 | Z20: 0 | AA20: 0 | AB20: 0 | AC20: 0 | AD20: 0 | AE20: 0 | AF20: 4.1 | AG20: 4.1 | AH20: 4.2 | AI20: 4.2 | AJ20: 4 | AK20: 4 | AL20: 5.3 | AM20: 5.3
A21: Energiskatt | B21: Energy tax | C21: =IF(Innehåll_Content!$E$2="Svenska",A21,B21) -> Energiskatt | D21: 10.746392 | E21: 10.746392 | F21: 10.1 | G21: 10.1 | H21: 10.1 | I21: 10.1 | J21: 3.2 | K21: 3.2 | L21: 3.3 | M21: 3.3 | N21: 3.2 | O21: 3.2 | P21: 3.2 | Q21: 3.2 | R21: 3.2 | S21: 3.2 | T21: 3.3 | U21: 3.3 | V21: 3.3 | W21: 3.3 | X21: 3.2 | Y21: 3.2 | Z21: 3.2 | AA21: 3.2 | AB21: 3.2 | AC21: 3.2 | AD21: 3.1 | AE21: 3.1 | AF21: 0 | AG21: 0 | AH21: 0 | AI21: 0 | AJ21: 0 | AK21: 0 | AL21: 0 | AM21: 0
A24: Gaspris för näringslivet utanför EU-ETS, öre/kWh, 1996–2024 (2023 års priser) | B24: Gas price for industrial customers not within EU-ETS, öre/kWh, 1996–2024 (2023 prices) | C24: =IF(Innehåll_Content!$E$2="Svenska",A24,B24) -> Gaspris för näringslivet utanför EU-ETS, öre/kWh, 1996–2024 (2023 års priser)
D25: H2 2024 | E25: H1 2024 | F25: H2 2023 | G25: H1 2023 | H25: H2 2022 | I25: H1 2022 | J25: H2 2021 | K25: H1 2021 | L25: H2 2020 | M25: H1 2020 | N25: H2 2019 | O25: H1 2019 | P25: H2 2018 | Q25: H1 2018 | R25: H2 2017 | S25: H1 2017 | T25: H2 2016 | U25: H1 2016 | V25: H2 2015 | W25: H1 2015 | X25: H2 2014 | Y25: H1 2014 | Z25: H2 2013 | AA25: H1 2013 | AB25: H2 2012 | AC25: H1 2012 | AD25: H2 2011 | AE25: H1 2011 | AF25: H2 2010 | AG25: H1 2010 | AH25: H2 2009 | AI25: H1 2009 | AJ25: H2 2008 | AK25: H1 2008 | AL25: H2 2007 | AM25: H1 2007 | AN25: 2007 | AO25: 2006 | AP25: 2005 | AQ25: 2004 | AR25: 2003 | AS25: 2002 | AT25: 2001 | AU25: 2000 | AV25: 1999 | AW25: 1998 | AX25: 1997 | AY25: 1996
A26: Produkt | B26: Product | C26: =IF(Innehåll_Content!$E$2="Svenska",A26,B26) -> Produkt | AN26: 38.3 | AO26: 48.6 | AP26: 37.9 | AQ26: 29.7 | AR26: 32.6 | AS26: 29 | AT26: 38.3 | AU26: 24.3 | AV26: 17.2 | AW26: 22.6 | AX26: 23.5 | AY26: 20.1
A27: Koldioxidskatt | B27: Carbon dioxide tax | C27: =IF(Innehåll_Content!$E$2="Svenska",A27,B27) -> Koldioxidskatt | AN27: 5.3 | AO27: 5.4 | AP27: 5.4 | AQ27: 5.4 | AR27: 5.4 | AS27: 5.5 | AT27: 5.5 | AU27: 5.6 | AV27: 5.6 | AW27: 5.7 | AX27: 5.6 | AY27: 2.8
A28: Produkt | B28: Product | C28: =IF(Innehåll_Content!$E$2="Svenska",A28,B28) -> Produkt | D28: 71.093597 | E28: 62.439063 | F28: 122.6 | G28: 130.1 | H28: 181.6 | I28: 116.2 | J28: 100.1 | K28: 38.6 | L28: 24.3 | M28: . | N28: 29.8 | O28: 32.3 | P28: 41.7 | Q28: 47.2 | R28: 36.8 | S28: 29.8 | T28: 33.2 | U28: 30 | V28: 35.4 | W28: 39.9 | X28: 37.9 | Y28: 38.8 | Z28: 42.9 | AA28: 43.4 | AB28: 43.2 | AC28: 45.5 | AD28: 49.6 | AE28: 45.4 | AF28: 46.3 | AG28: 45.2 | AH28: 46.6 | AI28: 39.7 | AJ28: 50.4 | AK28: 50.8 | AL28: 43.4 | AM28: 38.3
A29: Koldioxidskatt | B29: Carbon dioxide tax | C29: =IF(Innehåll_Content!$E$2="Svenska",A29,B29) -> Koldioxidskatt | D29: 27.590406 | E29: 27.590406 | F29: 26 | G29: 26 | H29: 25.9 | I29: 25.9 | J29: 27.7 | K29: 27.7 | L29: 28.1 | M29: 28.1 | N29: 27.8 | O29: 27.8 | P29: 27.7 | Q29: 27.7 | R29: 22.2 | S29: 22.2 | T29: 22.4 | U29: 22.4 | V29: 17 | W29: 17 | X29: 8.2 | Y29: 8.2 | Z29: 8.2 | AA29: 8.2 | AB29: 8.2 | AC29: 8.2 | AD29: 8 | AE29: 8 | AF29: 5.8 | AG29: 5.8 | AH29: 5.8 | AI29: 5.8 | AJ29: 5.6 | AK29: 5.6 | AL29: 5.3 | AM29: 5.3
A30: Energiskatt | B30: Energy tax | C30: =IF(Innehåll_Content!$E$2="Svenska",A30,B30) -> Energiskatt | D30: 10.746392 | E30: 10.746392 | F30: 10.1 | G30: 10.1 | H30: 10.1 | I30: 10.1 | J30: 3.2 | K30: 3.2 | L30: 3.3 | M30: 3.3 | N30: 3.2 | O30: 3.2 | P30: 3.2 | Q30: 3.2 | R30: 3.2 | S30: 3.2 | T30: 3.3 | U30: 3.3 | V30: 3.3 | W30: 3.3 | X30: 3.2 | Y30: 3.2 | Z30: 3.2 | AA30: 3.2 | AB30: 3.2 | AC30: 3.2 | AD30: 3.1 | AE30: 3.1 | AF30: 0 | AG30: 0 | AH30: 0 | AI30: 0 | AJ30: 0 | AK30: 0 | AL30: 0 | AM30: 0
A32: Källa: Energimyndigheten och SCB, "Energipriser på naturgas och el". Skatterna är beräknade utifrån skattesatsen med generell nedsättning för industrisektorn utanför ETS | B32: Source: The Swedish Energy Agency and Statistics Sweden, "Energy prices for natural gas and electricity" | C32: =IF(Innehåll_Content!$E$2="Svenska",A32,B32) -> Källa: Energimyndigheten och SCB, "Energipriser på naturgas och el". Skatterna är beräknade utifrån skattesatsen med generell nedsättning för industrisektorn utanför ETS
A33: Anm: Tidsseriebrott 2007. Ändrad insamlingsmetod, tidsperiod, kontraktstyp och typkundkategori. | B33: Note: Disrupted time series 2007. Changed collection method and typical customer category. | C33: =IF(Innehåll_Content!$E$2="Svenska",A33,B33) -> Anm: Tidsseriebrott 2007. Ändrad insamlingsmetod, tidsperiod, kontraktstyp och typkundkategori.
A36: Oljepris (EO1) för industrikunder inom EU-ETS, öre/kWh, 1995–2024 (2023 års priser) | B36: Gas oil price for industrial customers within EU-ETS, öre/kWh, 1995–2024 (2023 prices) | C36: =IF(Innehåll_Content!$E$2="Svenska",A36,B36) -> Oljepris (EO1) för industrikunder inom EU-ETS, öre/kWh, 1995–2024 (2023 års priser)
D37: 2024 | E37: 2023 | F37: 2022 | G37: 2021 | H37: 2020 | I37: 2019 | J37: 2018 | K37: 2017 | L37: 2016 | M37: 2015 | N37: 2014 | O37: 2013 | P37: 2012 | Q37: 2011 | R37: 2010 | S37: 2009 | T37: 2008 | U37: 2007 | V37: 2006 | W37: 2005 | X37: 2004 | Y37: 2003 | Z37: 2002 | AA37: 2001 | AB37: 2000 | AC37: 1999 | AD37: 1998 | AE37: 1997 | AF37: 1996 | AG37: 1995
A38: Produkt | B38: Product | C38: =IF(Innehåll_Content!$E$2="Svenska",A38,B38) -> Produkt | D38: 74.5 | E38: 87.1 | F38: 68 | G38: 57.2 | H38: 73.4 | I38: 63.8 | J38: 61.2 | K38: 61.1 | L38: 37.2 | M38: 54.8 | N38: 73.4 | O38: 74.7 | P38: 79.4 | Q38: 65.5 | R38: 61.8 | S38: 51 | T38: 71.6 | U38: 51.7 | V38: 58.4 | W38: 39.9 | X38: 34.2 | Y38: 32.5 | Z38: 33.9 | AA38: 39 | AB38: 30.5 | AC38: 19.1 | AD38: 27.1 | AE38: 31 | AF38: 26.8 | AG38: 30.9
A39: Koldioxidskatt | B39: Carbon dioxide tax | C39: =IF(Innehåll_Content!$E$2="Svenska",A39,B39) -> Koldioxidskatt | D39: 0 | E39: 0 | F39: 0 | G39: 0 | H39: 0 | I39: 0 | J39: 0 | K39: 0 | L39: 0 | M39: 0 | N39: 0 | O39: 0 | P39: 0 | Q39: 0 | R39: 6.1 | S39: 6.1 | T39: 5.8 | U39: 7.8 | V39: 7.9 | W39: 7.9 | X39: 7.9 | Y39: 7.9 | Z39: 8 | AA39: 8.1 | AB39: 8.2 | AC39: 8.2 | AD39: 8.3 | AE39: 8.3 | AF39: 4.2 | AG39: 3.9
A40: EUA-pris | B40: EUA-price | C40: =IF(Innehåll_Content!$E$2="Svenska",A40,B40) -> EUA-pris | D40: 19.812582 | E40: 26.2 | F40: 25 | G40: 17.1 | H40: 8.3 | I40: 8.5 | J40: 4.9 | K40: 1.9 | L40: 1.8 | M40: 2.5 | N40: 1.9 | O40: 1.3 | P40: 2.2 | Q40: 4.2 | R40: 4.9 | S40: 5.1 | T40: 7.8 | U40: 0.7 | V40: 6.4 | W40: 7.1 | X40: 0 | Y40: 0 | Z40: 0 | AA40: 0 | AB40: 0 | AC40: 0 | AD40: 0 | AE40: 0 | AF40: 0 | AG40: 0
A41: Energiskatt | B41: Energy tax | C41: =IF(Innehåll_Content!$E$2="Svenska",A41,B41) -> Energiskatt | D41: 2.9807837 | E41: 2.8 | F41: 10 | G41: 3.2 | H41: 3.3 | I41: 3.2 | J41: 3.2 | K41: 3.2 | L41: 3.3 | M41: 3.3 | N41: 3.2 | O41: 3.2 | P41: 3.2 | Q41: 3.1 | R41: 0 | S41: 0 | T41: 0 | U41: 0 | V41: 0 | W41: 0 | X41: 0 | Y41: 0 | Z41: 0 | AA41: 0 | AB41: 0 | AC41: 0 | AD41: 0 | AE41: 0 | AF41: 0 | AG41: 0
A43: Oljepris (EO1) för industrikunder utanför EU-ETS, öre/kWh, 1995–2024 (2023 års priser) | B43: Gas oil price for industrial customers not within EU-ETS, öre/kWh, 1995–2024 (2023 prices) | C43: =IF(Innehåll_Content!$E$2="Svenska",A43,B43) -> Oljepris (EO1) för industrikunder utanför EU-ETS, öre/kWh, 1995–2024 (2023 års priser)
D44: 2024 | E44: 2023 | F44: 2022 | G44: 2021 | H44: 2020 | I44: 2019 | J44: 2018 | K44: 2017 | L44: 2016 | M44: 2015 | N44: 2014 | O44: 2013 | P44: 2012 | Q44: 2011 | R44: 2010 | S44: 2009 | T44: 2008 | U44: 2007 | V44: 2006 | W44: 2005 | X44: 2004 | Y44: 2003 | Z44: 2002 | AA44: 2001 | AB44: 2000 | AC44: 1999 | AD44: 1998 | AE44: 1997 | AF44: 1996 | AG44: 1995
A45: Produkt | B45: Product | C45: =IF(Innehåll_Content!$E$2="Svenska",A45,B45) -> Produkt | D45: 74.50982 | E45: 87.1 | F45: 68 | G45: 57.2 | H45: 73.4 | I45: 63.8 | J45: 61.2 | K45: 61.1 | L45: 37.2 | M45: 54.8 | N45: 73.4 | O45: 74.7 | P45: 79.4 | Q45: 65.5 | R45: 61.8 | S45: 51 | T45: 71.6 | U45: 51.7 | V45: 58.4 | W45: 39.9 | X45: 34.2 | Y45: 32.5 | Z45: 33.9 | AA45: 39 | AB45: 30.5 | AC45: 19.1 | AD45: 27.1 | AE45: 31 | AF45: 26.8 | AG45: 30.9
A46: Koldioxidskatt | B46: Carbon dioxide tax | C46: =IF(Innehåll_Content!$E$2="Svenska",A46,B46) -> Koldioxidskatt | D46: 37.98789 | E46: 38.1 | F46: 38.1 | G46: 40.7 | H46: 41.3 | I46: 40.8 | J46: 40.7 | K46: 32.6 | L46: 32.9 | M46: 25 | N46: 12 | O46: 12 | P46: 12 | Q46: 11.8 | R46: 8.5 | S46: 8.6 | T46: 8.2 | U46: 7.8 | V46: 7.9 | W46: 7.9 | X46: 7.9 | Y46: 7.9 | Z46: 8 | AA46: 8.1 | AB46: 8.2 | AC46: 8.2 | AD46: 8.3 | AE46: 8.3 | AF46: 4.2 | AG46: 3.9
A47: Energiskatt | B47: Energy tax | C47: =IF(Innehåll_Content!$E$2="Svenska",A47,B47) -> Energiskatt | D47: 2.9807837 | E47: 2.8 | F47: 10 | G47: 3.2 | H47: 3.3 | I47: 3.2 | J47: 3.2 | K47: 3.2 | L47: 3.3 | M47: 3.3 | N47: 3.2 | O47: 3.2 | P47: 3.2 | Q47: 3.1 | R47: 0 | S47: 0 | T47: 0 | U47: 0 | V47: 0 | W47: 0 | X47: 0 | Y47: 0 | Z47: 0 | AA47: 0 | AB47: 0 | AC47: 0 | AD47: 0 | AE47: 0 | AF47: 0 | AG47: 0
A49: Oljepris (EO5) för industrikunder inom handlande sektor, öre/kWh, 1995–2024 (2023 års priser) | B49: Medium-heavy fuel oil price for industrial customers within the EU-ETS, öre/kWh, 1995–2023 (2024 prices) | C49: =IF(Innehåll_Content!$E$2="Svenska",A49,B49) -> Oljepris (EO5) för industrikunder inom handlande sektor, öre/kWh, 1995–2024 (2023 års priser)
D50: 2024 | E50: 2023 | F50: 2022 | G50: 2021 | H50: 2020 | I50: 2019 | J50: 2018 | K50: 2017 | L50: 2016 | M50: 2015 | N50: 2014 | O50: 2013 | P50: 2012 | Q50: 2011 | R50: 2010 | S50: 2009 | T50: 2008 | U50: 2007 | V50: 2006 | W50: 2005 | X50: 2004 | Y50: 2003 | Z50: 2002 | AA50: 2001 | AB50: 2000 | AC50: 1999 | AD50: 1998 | AE50: 1997 | AF50: 1996 | AG50: 1995
A51: Produkt | B51: Product | C51: =IF(Innehåll_Content!$E$2="Svenska",A51,B51) -> Produkt | D51: 57.46283 | E51: 58.6 | F51: 53.4 | G51: 40.4 | H51: 63.4 | I51: 44.7 | J51: 44.9 | K51: 44.2 | L51: 25.2 | M51: 39.5 | N51: 61.6 | O51: 60.7 | P51: 67.4 | Q51: 54.9 | R51: 52.6 | S51: 37.3 | T51: 46.9 | U51: 29.3 | V51: 38.2 | W51: 19.4 | X51: 21 | Y51: 23.8 | Z51: 20.1 | AA51: 29.8 | AB51: 21.1 | AC51: 10.4 | AD51: 14.5 | AE51: 15.8 | AF51: 15 | AG51: 20.8
A52: Koldioxidskatt | B52: Carbon dioxide tax | C52: =IF(Innehåll_Content!$E$2="Svenska",A52,B52) -> Koldioxidskatt | D52: 0 | E52: 0 | F52: 0 | G52: 0 | H52: 0 | I52: 0 | J52: 0 | K52: 0 | L52: 0 | M52: 0 | N52: 0 | O52: 0 | P52: 0 | Q52: 0 | R52: 5.6 | S52: 5.7 | T52: 5.4 | U52: 7.2 | V52: 7.3 | W52: 7.3 | X52: 7.3 | Y52: 7.3 | Z52: 7.4 | AA52: 7.5 | AB52: 7.6 | AC52: 7.6 | AD52: 7.7 | AE52: 7.6 | AF52: 3.9 | AG52: 3.6
A53: EUA-pris | B53: EUA-price | C53: =IF(Innehåll_Content!$E$2="Svenska",A53,B53) -> EUA-pris | D53: 20.330175 | E53: 26.9 | F53: 25.7 | G53: 17.5 | H53: 8.5 | I53: 8.7 | J53: 5 | K53: 1.9 | L53: 1.8 | M53: 2.6 | N53: 1.9 | O53: 1.4 | P53: 2.3 | Q53: 4.3 | R53: 5.1 | S53: 5.3 | T53: 8 | U53: 0.7 | V53: 6.6 | W53: 7.3 | X53: 0 | Y53: 0 | Z53: 0 | AA53: 0 | AB53: 0 | AC53: 0 | AD53: 0 | AE53: 0 | AF53: 0 | AG53: 0
